Workbook

Sheet Смета по ФСНБ 421+557прРИМ_1
A1: Наименование редакции сметных нормативов | F1: =IF(Source!CQ12 <> "", Source!CQ12, "") -> Приказ Минстроя России от 30.12.2021 г. № 1046/пр; Приказ Минстроя России от 04.08.2020 г. № 421/пр; Приказ Минстроя России от 21.12.2020 г. № 812/пр; Приказ Минстроя России от 11.12.2020 г. № 774/пр | CO1: =IF(Source!CQ12 <> "", Source!CQ12, "") -> Приказ Минстроя России от 30.12.2021 г. № 1046/пр; Приказ Минстроя России от 04.08.2020 г. № 421/пр; Приказ Минстроя России от 21.12.2020 г. № 812/пр; Приказ Минстроя России от 11.12.2020 г. № 774/пр
A3: Реквизиты приказа Минстроя России об утверждении дополнений и изменений к сметным нормативам | F3: =IF(Source!CV12 <> "", Source!CV12, "") -> Приказ Минстроя России от 18.05.2022 г. № 378/пр; Приказ Минстроя России от 26.08.2022 г. № 703/пр; Приказ Минстроя России от 26.10.2022 г. № 905/пр; Приказ Минстроя России от 27.12.2022 г. № 1133/пр; Приказ Минстроя России от 10.02.2023 г. № 84/пр; Приказ Минстроя России от 11.05.2023 г. № 335/пр; Приказ Минстроя России от 02.08.2023 г. № 551/пр; Приказ Минстроя России от 14.11.2023 г. № 817/пр; Приказ Минстроя России от 16.02.2024 г. № 102/пр; Приказ Минстроя России от 13.05.2024 г. № 323/пр; Приказ Минстроя России от 09.08.2024 г. № 524/пр; Приказ Минстроя России от 07.11.2024 г. № 747/пр; Приказ Минстроя России от 07.02.2025 г. № 69/пр; Приказ Минстроя России от 19.05.2025 г. № 299/пр; Приказ Минстроя России от 14.08.2025 г. № 490/пр; Приказ Минстроя России от 12.11.2025 г. № 696/пр; Приказ Минстроя России от 17.02.2026 г. № 91/пр; Приказ Минстроя России от 15.05.2026 г. № 301/пр; Приказ Минстроя России от 12.08.2026 г. № 527/пр; Приказ Минстроя России от 07.07.2022 г. № 557/пр; Приказ Минстроя России от 30.01.2024 г. № 55/пр; Приказ Минстроя России от 23.01.2025 г. № 30/пр; Приказ Минстроя России от 02.09.2021 г. № 636/пр; Приказ Минстроя России от 26.07.2022 г. № 611/пр; Приказ Минстроя России от 22.04.2022 г. № 317/пр | CO3: =IF(Source!CV12 <> "", Source!CV12, "") -> Приказ Минстроя России от 18.05.2022 г. № 378/пр; Приказ Минстроя России от 26.08.2022 г. № 703/пр; Приказ Минстроя России от 26.10.2022 г. № 905/пр; Приказ Минстроя России от 27.12.2022 г. № 1133/пр; Приказ Минстроя России от 10.02.2023 г. № 84/пр; Приказ Минстроя России от 11.05.2023 г. № 335/пр; Приказ Минстроя России от 02.08.2023 г. № 551/пр; Приказ Минстроя России от 14.11.2023 г. № 817/пр; Приказ Минстроя России от 16.02.2024 г. № 102/пр; Приказ Минстроя России от 13.05.2024 г. № 323/пр; Приказ Минстроя России от 09.08.2024 г. № 524/пр; Приказ Минстроя России от 07.11.2024 г. № 747/пр; Приказ Минстроя России от 07.02.2025 г. № 69/пр; Приказ Минстроя России от 19.05.2025 г. № 299/пр; Приказ Минстроя России от 14.08.2025 г. № 490/пр; Приказ Минстроя России от 12.11.2025 г. № 696/пр; Приказ Минстроя России от 17.02.2026 г. № 91/пр; Приказ Минстроя России от 15.05.2026 г. № 301/пр; Приказ Минстроя России от 12.08.2026 г. № 527/пр; Приказ Минстроя России от 07.07.2022 г. № 557/пр; Приказ Минстроя России от 30.01.2024 г. № 55/пр; Приказ Минстроя России от 23.01.2025 г. № 30/пр; Приказ Минстроя России от 02.09.2021 г. № 636/пр; Приказ Минстроя России от 26.07.2022 г. № 611/пр; Приказ Минстроя России от 22.04.2022 г. № 317/пр
A5: Реквизиты письма Минстроя России об индексах изменения сметной стоимости строительства, включаемые в федеральный реестр сметных нормативов и размещаемые в федеральной государственной информационной системе ценообразования в строительстве, подготовленного в соответствии с пунктом 85 Методики расчета индексов изменения сметной стоимости строительства, утвержденной приказом Министерства строительства и жилищно-коммунального хозяйства Российской Федерации от 5 июня 2019 г. N 326/пр | F5: Письмо Минстроя России от 24.08.2026 № 52419-ИФ/09
A7: Реквизиты нормативного правового акта об утверждении оплаты труда, утверждаемый в соответствии с пунктом 22(1) Правилами мониторинга цен, утвержденными постановлением Правительства Российской Федерации от 23 декабря 2016 г. N 1452 | F7: Приказ Министерства градостроительства и архитектуры Пензенской области от 06.03.2026 г. № 250/оп
A9: Обоснование принятых текущих цен на строительные ресурсы | F9: ФГИС ЦС, конъюнктурный анализ
A11: Наименование субъекта Российской Федерации | F11: Пензенская область
A12: Наименование зоны субъекта Российской Федерации | F12: Пензенская область
A14: Газопровод низкого давления к жилому дому,расположенному по адресу: Пензенская область,Лопатинский район,Старовершаутский сельсовет
A16: (наименование стройки)
A18: =IF(Source!G12<>"Новый объект", Source!G12, "") -> Газопровод низкого давления к жилому дому,расположенному по адресу: Пензенская область,Лопатинский район,Старовершаутский сельсовет | CN18: =IF(Source!G12<>"Новый объект", Source!G12, "") -> Газопровод низкого давления к жилому дому,расположенному по адресу: Пензенская область,Лопатинский район,Старовершаутский сельсовет
A19: (наименование объекта капитального строительства)
A21: ЛОКАЛЬНАЯ СМЕТА №ЛС-01-01-01
A22: =IF(Source!G20<>"Новая локальная смета", Source!G20, "") -> Газопровод низкого давленияя
A23: (наименование работ и затрат)
A24: Составлен | C24: Ресурсно-индексным | D24: методом
A26: Основание | C26: шифр 09/02-2026-ГСН
C27: (проектная и (или) иная техническая документация)
A28: Составлен(а) в текущем уровне цен на сентябрь 2026 года
A30: Сметная стоимость | C30: =C33+C34+C35+C36 -> 425.42 | E30: тыс. руб.
G31: Средства на оплату труда рабочих | K31: =ROUND(SUM(AR43:AR579)/1000, 2) -> 46.6 | L31: тыс. руб.
B32: в том числе: | G32: Средства на оплату труда машинистов | K32: =ROUND(SUM(AT43:AT579)/1000, 2) -> 12.6 | L32: тыс. руб.
B33: строительных работ | C33: =ROUND((Source!F149)/1000, 2) -> 394.08 | E33: тыс. руб. | G33: Нормативные затраты труда рабочих | K33: =Source!F154 -> 123.9438 | L33: чел.-ч.
B34: монтажных работ | C34: =ROUND((Source!F150)/1000, 2) -> 31.34 | E34: тыс. руб. | G34: Нормативные затраты труда машинистов | K34: =Source!F155 -> 26.642112 | L34: чел.-ч.
B35: оборудования | C35: =ROUND((Source!F141)/1000, 2) -> 0 | E35: тыс. руб.
B36: прочих затрат | C36: =ROUND((Source!F151)/1000, 2) -> 0 | E36: тыс. руб.
A37: № п/п | B37: Обоснование | C37: Наименование работ и затрат | D37: Единица измерения | E37: Количество | H37: Сметная стоимость, руб.
E41: на единицу измерения | F41: коэффициенты | G41: всего с учетом коэффициентов | H41: на единицу измерения в базисном уровне цен | I41: индекс | J41: на единицу измерения в текущем уровне цен | K41: коэффициенты | L41: всего в текущем уровне цен
A42: 1 | B42: 2 | C42: 3 | D42: 4 | E42: 5 | F42: 6 | G42: 7 | H42: 8 | I42: 9 | J42: 10 | K42: 11 | L42: 12
A44: Раздел: Земляные работы
A45: 1 | B45: ГЭСН 01-01-009-14 | C45: =Source!G28 -> Разработка грунта в траншеях экскаватором «обратная лопата» с ковшом вместимостью 0,5 (0,5-0,63) м3, в отвал группа грунтов: 2 | D45: =Source!H28 -> 1000 м3 | E45: =Source!K28 -> 0.262 | G45: =Source!I28 -> 0.262
C46: ="Объем: "&Source!I28&"=262/"&"1000" -> Объем: 0,262=262/1000
B47: 2 | C47: ЭМ | L47: =SUM(L48:L50)-SUMIF(CE48:CE50, 1, L48:L50) -> 9577.08
C48: ОТм(ЗТм) | D48: чел.-ч. | G48: =Source!V28 -> 6.681 | L48: =SUMIF(CE49:CE50, 1, L49:L50) -> 3591.97 | CE48: 1
B49: 91.01.05-085 | C49: Экскаваторы одноковшовые дизельные на гусеничном ходу, объем ковша 0,5 м3 | D49: маш.-ч | E49: 25.5 | G49: =SmtRes!CX2 -> 6.681 | H49: =SmtRes!CZ2 -> 1054.03 | I49: =SmtRes!AJ2 -> 1.36 | J49: =ROUND(H49*I49, 2) -> 1433.48 | L49: =SmtRes!DG2 -> 9577.08
B50: 4-100-060 | C50: ОТм(ЗТм) Средний разряд машинистов 6 | D50: чел.-ч. | E50: =SmtRes!DO2*SmtRes!AT2 -> 25.5 | G50: =ROUND(E50*G45, 7) -> 6.681 | J50: =ROUND(SmtRes!AG2/SmtRes!DO2, 2) -> 537.64 | L50: =SmtRes!DH2 -> 3591.97 | CE50: 1
C51: Итого прямые затраты | L51: =L47+L48 -> 13169.05
C52: ФОТ | L52: =SUM(AR45:AR55)+SUM(AS45:AS55)+SUM(AT45:AT55)+SUM(AU45:AU55)+SUM(AV45:AV55) -> 3591.97
B53: Пр/812-001.1-1 | C53: НР Земляные работы, выполняемые: механизированным способом | D53: % | E53: =Source!BZ28 -> 92 | G53: =Source!AT28 -> 92 | L53: =SUM(AZ45:AZ55) -> 3304.61
B54: Пр/774-001.1 | C54: СП Земляные работы, выполняемые: механизированным способом | D54: % | E54: =Source!CA28 -> 46 | G54: =Source!AU28 -> 46 | L54: =SUM(BA45:BA55) -> 1652.31
C55: Всего по позиции | I55: =IF(E45<>0,K55/E45, 0) -> 69183.092 | K55: =L47+L53+L54+L48 -> 18125.97 | AD55: =ROUND((Source!AT28/100)*((ROUND(SUMIF(SmtRes!AQ1:'SmtRes'!AQ2,"=1",SmtRes!AD1:'SmtRes'!AD2)*Source!I28, 2)+ROUND(SUMIF(SmtRes!AQ1:'SmtRes'!AQ2,"=1",SmtRes!AC1:'SmtRes'!AC2)*Source!I28, 2))), 2) -> 129.59 | AE55: =ROUND((Source!AU28/100)*((ROUND(SUMIF(SmtRes!AQ1:'SmtRes'!AQ2,"=1",SmtRes!AD1:'SmtRes'!AD2)*Source!I28, 2)+ROUND(SUMIF(SmtRes!AQ1:'SmtRes'!AQ2,"=1",SmtRes!AC1:'SmtRes'!AC2)*Source!I28, 2))), 2) -> 64.8 | AN55: =L47+L53+L54+L48 -> 18125.97 | AO55: =L47 -> 9577.08 | AQ55: = | AR55: =0 -> 0 | AT55: =L48 -> 3591.97 | AV55: = | AW55: =0 -> 0 | AZ55: =Source!X28 -> 3304.61 | BA55: =Source!Y28 -> 1652.31 | CD55: 1
A56: 2 | B56: ГЭСН 01-02-057-02 | C56: =Source!G29 -> Добор грунта вручную в траншеях глубиной до 2 м без креплений с откосами, группа грунтов: 2 | D56: =Source!H29 -> 100 м3 | E56: =Source!K29 -> 0.08 | G56: =Source!I29 -> 0.08
C57: ="Объем: "&Source!I29&"=8/"&"100" -> Объем: 0,08=8/100
B58: 1 | C58: ОТ (ЗТ) | D58: чел.-ч. | G58: =Source!U29 -> 12.32 | L58: =SUM(L59:L59)-SUMIF(CE59:CE59, 1, L59:L59) -> 4011.02
B59: 1-100-20 | C59: Средний разряд работы 2,0 | D59: чел.-ч. | E59: 154 | G59: =SmtRes!CX3 -> 12.32 | J59: =SmtRes!CZ3 -> 325.57 | L59: =SmtRes!DI3 -> 4011.02
C60: Итого прямые затраты | L60: =L58 -> 4011.02
C61: ФОТ | L61: =SUM(AR56:AR64)+SUM(AS56:AS64)+SUM(AT56:AT64)+SUM(AU56:AU64)+SUM(AV56:AV64) -> 4011.02
B62: Пр/812-001.2-1 | C62: НР Земляные работы, выполняемые: ручным способом | D62: % | E62: =Source!BZ29 -> 89 | G62: =Source!AT29 -> 89 | L62: =SUM(AZ56:AZ64) -> 3569.81
B63: Пр/774-001.2 | C63: СП Земляные работы, выполняемые: ручным способом | D63: % | E63: =Source!CA29 -> 40 | G63: =Source!AU29 -> 40 | L63: =SUM(BA56:BA64) -> 1604.41
C64: Всего по позиции | I64: =IF(E56<>0,K64/E56, 0) -> 114815.5 | K64: =L58+L62+L63 -> 9185.24 | AD64: =ROUND((Source!AT29/100)*((ROUND(SUMIF(SmtRes!AQ3:'SmtRes'!AQ3,"=1",SmtRes!AD3:'SmtRes'!AD3)*Source!I29, 2)+ROUND(SUMIF(SmtRes!AQ3:'SmtRes'!AQ3,"=1",SmtRes!AC3:'SmtRes'!AC3)*Source!I29, 2))), 2) -> 23.18 | AE64: =ROUND((Source!AU29/100)*((ROUND(SUMIF(SmtRes!AQ3:'SmtRes'!AQ3,"=1",SmtRes!AD3:'SmtRes'!AD3)*Source!I29, 2)+ROUND(SUMIF(SmtRes!AQ3:'SmtRes'!AQ3,"=1",SmtRes!AC3:'SmtRes'!AC3)*Source!I29, 2))), 2) -> 10.42 | AN64: =L58+L62+L63 -> 9185.24 | AO64: =0 -> 0 | AQ64: = | AR64: =L58 -> 4011.02 | AT64: =0 -> 0 | AV64: = | AW64: =0 -> 0 | AZ64: =Source!X29 -> 3569.81 | BA64: =Source!Y29 -> 1604.41 | CD64: 1
A65: 3 | B65: ГЭСН 23-01-001-01 | C65: =Source!G30 -> Устройство основания под трубопроводы: песчаного | D65: =Source!H30 -> 10 м3 | E65: =Source!K30 -> 3.23 | G65: =Source!I30 -> 3.23
C66: ="Объем: "&Source!I30&"=32,3/"&"10" -> Объем: 3,23=32,3/10
B67: 1 | C67: ОТ (ЗТ) | D67: чел.-ч. | G67: =Source!U30 -> 32.946 | L67: =SUM(L68:L68)-SUMIF(CE68:CE68, 1, L68:L68) -> 11218.44
B68: 1-100-25 | C68: Средний разряд работы 2,5 | D68: чел.-ч. | E68: 10.2 | G68: =SmtRes!CX4 -> 32.946 | J68: =SmtRes!CZ4 -> 340.51 | L68: =SmtRes!DI4 -> 11218.44
B69: 2 | C69: ЭМ | L69: =SUM(L70:L72)-SUMIF(CE70:CE72, 1, L70:L72) -> 1738.33
C70: ОТм(ЗТм) | D70: чел.-ч. | G70: =Source!V30 -> 1.0336 | L70: =SUMIF(CE71:CE72, 1, L71:L72) -> 475.44 | CE70: 1
B71: 91.06.05-011 | C71: Погрузчики одноковшовые универсальные фронтальные пневмоколесные, номинальная вместимость основного ковша 2,6 м3, грузоподъемность 5 т | D71: маш.-ч | E71: 0.32 | G71: =SmtRes!CX6 -> 1.0336 | J71: =SmtRes!CZ6 -> 1681.82 | L71: =SmtRes!DG6 -> 1738.33
B72: 4-100-050 | C72: ОТм(ЗТм) Средний разряд машинистов 5 | D72: чел.-ч. | E72: =SmtRes!DO6*SmtRes!AT6 -> 0.32 | G72: =ROUND(E72*G65, 7) -> 1.0336 | J72: =ROUND(SmtRes!AG6/SmtRes!DO6, 2) -> 459.98 | L72: =SmtRes!DH6 -> 475.44 | CE72: 1
B73: =EtalonRes!I7 -> 02.3.01.02 | C73: =EtalonRes!K7 -> Песок для строительных работ природный | D73: =EtalonRes!O7 -> м3 | E73: =EtalonRes!X7 -> 11 | G73: =ROUND(EtalonRes!AG7*Source!I30, 7) -> 35.53
C74: Итого прямые затраты | L74: =L67+L69+L70 -> 13432.21
A75: 3.1 | B75: =Source!F31 -> 02.3.01.02-1104 | C75: =Source!G31 -> Песок природный для строительных работ I класс, средний | D75: =Source!H31 -> м3 | E75: =SmtRes!AT7 -> 10 | G75: =Source!I31 -> 32.3 | H75: =Source!AL31+Source!AO31+Source!AM31+Source!AN31 -> 573.7 | I75: =IF(Source!BC31<> 0, Source!BC31, 1) -> 3.57 | J75: =ROUND(H75*I75, 2) -> 2048.11 | L75: =Source!P31 -> 66153.95 | AD75: =ROUND((Source!AT31/100)*((ROUND(ROUND(Source!AO31,2)*Source!I31, 2)+ROUND(ROUND(Source!AN31,2)*Source!I31, 2))), 2) -> 0 | AE75: =ROUND((Source!AU31/100)*((ROUND(ROUND(Source!AO31,2)*Source!I31, 2)+ROUND(ROUND(Source!AN31,2)*Source!I31, 2))), 2) -> 0 | AN75: =L75 -> 66153.95 | AW75: =L75 -> 66153.95 | AZ75: =Source!X31 -> 0 | BA75: =Source!Y31 -> 0 | CD75: 1
C76: ФОТ | L76: =SUM(AR65:AR79)+SUM(AS65:AS79)+SUM(AT65:AT79)+SUM(AU65:AU79)+SUM(AV65:AV79) -> 11693.88
B77: Пр/812-018.0-1 | C77: НР Наружные сети водопровода, канализации, теплоснабжения, газопроводы | D77: % | E77: =Source!BZ30 -> 117 | G77: =Source!AT30 -> 117 | L77: =SUM(AZ65:AZ79) -> 13681.84
B78: Пр/774-018.0 | C78: СП Наружные сети водопровода, канализации, теплоснабжения, газопроводы | D78: % | E78: =Source!CA30 -> 74 | G78: =Source!AU30 -> 74 | L78: =SUM(BA65:BA79) -> 8653.47
C79: Всего по позиции | I79: =IF(E65<>0,K79/E65, 0) -> 31554.635 | K79: =L67+L69+L77+L78+L70+SUM(L75:L75) -> 101921.47 | AD79: =ROUND((Source!AT30/100)*((ROUND(SUMIF(SmtRes!AQ4:'SmtRes'!AQ7,"=1",SmtRes!AD4:'SmtRes'!AD7)*Source!I30, 2)+ROUND(SUMIF(SmtRes!AQ4:'SmtRes'!AQ7,"=1",SmtRes!AC4:'SmtRes'!AC7)*Source!I30, 2))), 2) -> 3025.14 | AE79: =ROUND((Source!AU30/100)*((ROUND(SUMIF(SmtRes!AQ4:'SmtRes'!AQ7,"=1",SmtRes!AD4:'SmtRes'!AD7)*Source!I30, 2)+ROUND(SUMIF(SmtRes!AQ4:'SmtRes'!AQ7,"=1",SmtRes!AC4:'SmtRes'!AC7)*Source!I30, 2))), 2) -> 1913.34 | AN79: =L67+L69+L77+L78+L70 -> 35767.52 | AO79: =L69 -> 1738.33 | AQ79: = | AR79: =L67 -> 11218.44 | AT79: =L70 -> 475.44 | AV79: = | AW79: =0 -> 0 | AZ79: =Source!X30 -> 13681.84 | BA79: =Source!Y30 -> 8653.47 | CD79: 1
A80: 4 | B80: ГЭСН 01-01-033-02 | C80: =Source!G32 -> Засыпка траншей и котлованов с перемещением грунта до 5 м бульдозерами мощностью: 59 кВт (80 л.с.), группа грунтов 2 | D80: =Source!H32 -> 1000 м3 | E80: =Source!K32 -> 0.223 | G80: =Source!I32 -> 0.223
C81: ="Объем: "&Source!I32&"=223/"&"1000" -> Объем: 0,223=223/1000
B82: 2 | C82: ЭМ | L82: =SUM(L83:L85)-SUMIF(CE83:CE85, 1, L83:L85) -> 2098.82
C83: ОТм(ЗТм) | D83: чел.-ч. | G83: =Source!V32 -> 1.79738 | L83: =SUMIF(CE84:CE85, 1, L84:L85) -> 826.76 | CE83: 1
B84: 91.01.01-034 | C84: Бульдозеры, мощность 59 кВт (80 л.с.) | D84: маш.-ч | E84: 8.06 | G84: =SmtRes!CX9 -> 1.79738 | H84: =SmtRes!CZ9 -> 828.16 | I84: =SmtRes!AJ9 -> 1.41 | J84: =ROUND(H84*I84, 2) -> 1167.71 | L84: =SmtRes!DG9 -> 2098.82
B85: 4-100-050 | C85: ОТм(ЗТм) Средний разряд машинистов 5 | D85: чел.-ч. | E85: =SmtRes!DO9*SmtRes!AT9 -> 8.06 | G85: =ROUND(E85*G80, 7) -> 1.79738 | J85: =ROUND(SmtRes!AG9/SmtRes!DO9, 2) -> 459.98 | L85: =SmtRes!DH9 -> 826.76 | CE85: 1
C86: Итого прямые затраты | L86: =L82+L83 -> 2925.58
C87: ФОТ | L87: =SUM(AR80:AR90)+SUM(AS80:AS90)+SUM(AT80:AT90)+SUM(AU80:AU90)+SUM(AV80:AV90) -> 826.76
B88: Пр/812-001.1-1 | C88: НР Земляные работы, выполняемые: механизированным способом | D88: % | E88: =Source!BZ32 -> 92 | G88: =Source!AT32 -> 92 | L88: =SUM(AZ80:AZ90) -> 760.62
B89: Пр/774-001.1 | C89: СП Земляные работы, выполняемые: механизированным способом | D89: % | E89: =Source!CA32 -> 46 | G89: =Source!AU32 -> 46 | L89: =SUM(BA80:BA90) -> 380.31
C90: Всего по позиции | I90: =IF(E80<>0,K90/E80, 0) -> 18235.471 | K90: =L82+L88+L89+L83 -> 4066.51 | AD90: =ROUND((Source!AT32/100)*((ROUND(SUMIF(SmtRes!AQ8:'SmtRes'!AQ9,"=1",SmtRes!AD8:'SmtRes'!AD9)*Source!I32, 2)+ROUND(SUMIF(SmtRes!AQ8:'SmtRes'!AQ9,"=1",SmtRes!AC8:'SmtRes'!AC9)*Source!I32, 2))), 2) -> 94.37 | AE90: =ROUND((Source!AU32/100)*((ROUND(SUMIF(SmtRes!AQ8:'SmtRes'!AQ9,"=1",SmtRes!AD8:'SmtRes'!AD9)*Source!I32, 2)+ROUND(SUMIF(SmtRes!AQ8:'SmtRes'!AQ9,"=1",SmtRes!AC8:'SmtRes'!AC9)*Source!I32, 2))), 2) -> 47.19 | AN90: =L82+L88+L89+L83 -> 4066.51 | AO90: =L82 -> 2098.82 | AQ90: = | AR90: =0 -> 0 | AT90: =L83 -> 826.76 | AV90: = | AW90: =0 -> 0 | AZ90: =Source!X32 -> 760.62 | BA90: =Source!Y32 -> 380.31 | CD90: 1
A91: 5 | B91: ГЭСН 01-02-061-02 | C91: =Source!G33 -> Засыпка вручную траншей, пазух котлованов и ям, группа грунтов: 2 | D91: =Source!H33 -> 100 м3 | E91: =Source!K33 -> 0.07 | G91: =Source!I33 -> 0.07
C92: ="Объем: "&Source!I33&"=7/"&"100" -> Объем: 0,07=7/100
B93: 1 | C93: ОТ (ЗТ) | D93: чел.-ч. | G93: =Source!U33 -> 6.804 | L93: =SUM(L94:L94)-SUMIF(CE94:CE94, 1, L94:L94) -> 2123.73
B94: 1-100-15 | C94: Средний разряд работы 1,5 | D94: чел.-ч. | E94: 97.2 | G94: =SmtRes!CX10 -> 6.804 | J94: =SmtRes!CZ10 -> 312.13 | L94: =SmtRes!DI10 -> 2123.73
C95: Итого прямые затраты | L95: =L93 -> 2123.73
C96: ФОТ | L96: =SUM(AR91:AR99)+SUM(AS91:AS99)+SUM(AT91:AT99)+SUM(AU91:AU99)+SUM(AV91:AV99) -> 2123.73
B97: Пр/812-001.2-1 | C97: НР Земляные работы, выполняемые: ручным способом | D97: % | E97: =Source!BZ33 -> 89 | G97: =Source!AT33 -> 89 | L97: =SUM(AZ91:AZ99) -> 1890.12
B98: Пр/774-001.2 | C98: СП Земляные работы, выполняемые: ручным способом | D98: % | E98: =Source!CA33 -> 40 | G98: =Source!AU33 -> 40 | L98: =SUM(BA91:BA99) -> 849.49
C99: Всего по позиции | I99: =IF(E91<>0,K99/E91, 0) -> 69476.286 | K99: =L93+L97+L98 -> 4863.34 | AD99: =ROUND((Source!AT33/100)*((ROUND(SUMIF(SmtRes!AQ10:'SmtRes'!AQ10,"=1",SmtRes!AD10:'SmtRes'!AD10)*Source!I33, 2)+ROUND(SUMIF(SmtRes!AQ10:'SmtRes'!AQ10,"=1",SmtRes!AC10:'SmtRes'!AC10)*Source!I33, 2))), 2) -> 19.45 | AE99: =ROUND((Source!AU33/100)*((ROUND(SUMIF(SmtRes!AQ10:'SmtRes'!AQ10,"=1",SmtRes!AD10:'SmtRes'!AD10)*Source!I33, 2)+ROUND(SUMIF(SmtRes!AQ10:'SmtRes'!AQ10,"=1",SmtRes!AC10:'SmtRes'!AC10)*Source!I33, 2))), 2) -> 8.74 | AN99: =L93+L97+L98 -> 4863.34 | AO99: =0 -> 0 | AQ99: = | AR99: =L93 -> 2123.73 | AT99: =0 -> 0 | AV99: = | AW99: =0 -> 0 | AZ99: =Source!X33 -> 1890.12 | BA99: =Source!Y33 -> 849.49 | CD99: 1
C101: Итого прямые затраты по разделу | L101: =L103+L104+L110+L114 -> 101815.54
C102: в том числе
C103: оплата труда | L103: =SUM(AR44:AR99) -> 17353.19
C104: эксплуатация машин и механизмов | L104: =L106+L109+L108 -> 18308.4
C105: в том числе
C106: эксплуатация машин и механизмов | L106: =SUM(AO44:AO99) -> 13414.23
C107: в том числе
C108: оплата труда машинистов (ОТм) | L108: =SUM(AT44:AT99) -> 4894.17
C109: доплаты к оплате труда машинистов | L109: =SUM(AV44:AV99) -> 0
C110: материальные ресурсы | L110: =L112+L113 -> 66153.95
C111: в том числе
C112: материальные ресурсы без учета дополнительной перевозки | L112: =SUM(AW44:AW99)-SUM(BK44:BK99) -> 66153.95
C113: дополнительная перевозка материальных ресурсов | L113: =SUM(BC44:BC99) -> 0
C114: перевозка | L114: =SUM(BB44:BB99) -> 0
C115: Всего ФОТ (справочно) | L115: =SUM(AR44:AR99)+SUM(AT44:AT99)+SUM(AV44:AV99) -> 22247.36
C116: Всего накладные расходы | L116: =SUM(AZ44:AZ99) -> 23207
...

Sheet Source
A1: 0 | B1: Smeta.RU (495) 974-1589 | D1: _PS_ | F1: 0 | G1: 0 | H1: 0 | I1: Smeta.RU | K1: 1 | L1: 28180 | M1: 10 | N1: 12 | O1: 1 | P1: 0 | Q1: 5
A12: 1 | B12: 227 | C12: 0 | D12: =ROW(A162) -> 162 | E12: 0 | F12: Новый объект_(Копия)_(Копия)_(Копия)_(Копия)_(Копия)_(Копия) | G12: Газопровод низкого давления к жилому дому,расположенному по адресу: Пензенская область,Лопатинский район,Старовершаутский сельсовет | I12: 0 | K12: 0 | L12: 0 | M12: 523 | O12: 0 | P12: 0 | Q12: 7 | R12: 0 | T12: 4 | V12: 0 | BB12: 0 | BH12: Сметные нормы списания | BI12: Коды ценников | BJ12: 1 | BK12: 1 | BL12: 0 | BM12: 0 | BN12: 1 | BO12: 0 | BP12: 6 | BQ12: 2 | BR12: 1 | BS12: 1 | BT12: 0 | BU12: 0 | BV12: 0 | BW12: 0 | BX12: 0 | BY12: ФСНБ-2022_И19 | BZ12: Версия 1.19.0 для ФСНБ-2022 И19 | CA12: ФСНБ-2022 - Изменения И19 | CB12: ФСНБ-2022 - Изменения И19 | CC12: ФСНБ-2022 - Изменения И19 | CD12: ФСНБ-2022 - Изменения И19 | CE12: Поправки для ФСНБ-2022 от 21.08.2026 г И19 (55/пр) Строительство | CF12: 0 | CG12: 0 | CH12: 487096328 | CK12: 19 | CQ12: Приказ Минстроя России от 30.12.2021 г. № 1046/пр; Приказ Минстроя России от 04.08.2020 г. № 421/пр; Приказ Минстроя России от 21.12.2020 г. № 812/пр; Приказ Минстроя России от 11.12.2020 г. № 774/пр | CR12: ГСН | CS12: 46248 | CT12: 570 | CU12: 19 | CV12: Приказ Минстроя России от 18.05.2022 г. № 378/пр; Приказ Минстроя России от 26.08.2022 г. № 703/пр; Приказ Минстроя России от 26.10.2022 г. № 905/пр; Приказ Минстроя России от 27.12.2022 г. № 1133/пр; Приказ Минстроя России от 10.02.2023 г. № 84/пр; Приказ Минстроя России от 11.05.2023 г. № 335/пр; Приказ Минстроя России от 02.08.2023 г. № 551/пр; Приказ Минстроя России от 14.11.2023 г. № 817/пр; Приказ Минстроя России от 16.02.2024 г. № 102/пр; Приказ Минстроя России от 13.05.2024 г. № 323/пр; Приказ Минстроя России от 09.08.2024 г. № 524/пр; Приказ Минстроя России от 07.11.2024 г. № 747/пр; Приказ Минстроя России от 07.02.2025 г. № 69/пр; Приказ Минстроя России от 19.05.2025 г. № 299/пр; Приказ Минстроя России от 14.08.2025 г. № 490/пр; Приказ Минстроя России от 12.11.2025 г. № 696/пр; Приказ Минстроя России от 17.02.2026 г. № 91/пр; Приказ Минстроя России от 15.05.2026 г. № 301/пр; Приказ Минстроя России от 12.08.2026 г. № 527/пр; Приказ Минстроя России от 07.07.2022 г. № 557/пр; Приказ Минстроя России от 30.01.2024 г. № 55/пр; Приказ Минстроя России от 23.01.2025 г. № 30/пр; Приказ Минстроя России от 02.09.2021 г. № 636/пр; Приказ Минстроя России от 26.07.2022 г. № 611/пр; Приказ Минстроя России от 22.04.2022 г. № 317/пр | CY12: 0 | EC12: 0
A15: 15 | B15: 1
A18: 52 | B18: =B162 -> 227 | C18: =C162 -> 1 | D18: =D162 -> 12 | E18: =E162 -> 0 | F18: =F162 -> Новый объект_(Копия)_(Копия)_(Копия)_(Копия)_(Копия)_(Копия) | G18: =G162 -> Газопровод низкого давления к жилому дому,расположенному по адресу: Пензенская область,Лопатинский район,Старовершаутский сельсовет | O18: =O162 -> 320052.19 | P18: =P162 -> 228739.22 | Q18: =Q162 -> 32115.91 | R18: =R162 -> 12598.52 | S18: =S162 -> 46598.54 | T18: =T162 -> 0 | U18: =U162 -> 123.9438 | V18: =V162 -> 26.642112 | ... GX18: =GX162 -> 0
A20: 3 | B20: 1 | D20: =ROW(A132) -> 132 | F20: Новая локальная смета | G20: Газопровод низкого давленияя | I20: 0 | K20: -1 | L20: Новая локальная смета | S20: 0 | V20: 0 | BX20: 0 | CF20: 0 | CG20: 0
A22: 52 | B22: =B132 -> 1 | C22: =C132 -> 3 | D22: =D132 -> 20 | E22: =E132 -> 0 | F22: =F132 -> Новая локальная смета | G22: =G132 -> Газопровод низкого давленияя | O22: =O132 -> 320052.19 | P22: =P132 -> 228739.22 | Q22: =Q132 -> 32115.91 | R22: =R132 -> 12598.52 | S22: =S132 -> 46598.54 | T22: =T132 -> 0 | U22: =U132 -> 123.9438 | V22: =V132 -> 26.642112 | ... GX22: =GX132 -> 0
A24: 4 | B24: 1 | D24: =ROW(A35) -> 35 | F24: Новый раздел | G24: Земляные работы | I24: 0 | K24: -1 | S24: 0 | V24: 0 | BX24: 0 | CJ24: 0
A26: 52 | B26: =B35 -> 1 | C26: =C35 -> 4 | D26: =D35 -> 24 | E26: =E35 -> 0 | F26: =F35 -> Новый раздел | G26: =G35 -> Земляные работы | O26: =O35 -> 101815.54 | P26: =P35 -> 66153.95 | Q26: =Q35 -> 13414.23 | R26: =R35 -> 4894.17 | S26: =S35 -> 17353.19 | T26: =T35 -> 0 | U26: =U35 -> 52.07 | V26: =V35 -> 9.51198 | ... GX26: =GX35 -> 0
A28: 17 | B28: 1 | C28: =ROW(SmtRes!A2) -> 2 | D28: =ROW(EtalonRes!A2) -> 2 | E28: 1 | F28: 01-01-009-14 | G28: Разработка грунта в траншеях экскаватором «обратная лопата» с ковшом вместимостью 0,5 (0,5-0,63) м3, в отвал группа грунтов: 2 | H28: 1000 м3 | I28: =ROUND(262/1000,7) -> 0.262 | J28: 0 | K28: =ROUND(262/1000,7) -> 0.262 | O28: =ROUND(CP28,2) -> 13169.05 | P28: =SUMIF(SmtRes!AQ1:'SmtRes'!AQ2,"=1",SmtRes!DF1:'SmtRes'!DF2) -> 0 | Q28: =SUMIF(SmtRes!AQ1:'SmtRes'!AQ2,"=1",SmtRes!DG1:'SmtRes'!DG2) -> 9577.08 | R28: =SUMIF(SmtRes!AQ1:'SmtRes'!AQ2,"=1",SmtRes!DH1:'SmtRes'!DH2) -> 3591.97 | S28: =SUMIF(SmtRes!AQ1:'SmtRes'!AQ2,"=1",SmtRes!DI1:'SmtRes'!DI2) -> 0 | T28: =ROUND(CU28*I28,2) -> 0 | U28: =SUMIF(SmtRes!AQ1:'SmtRes'!AQ2,"=1",SmtRes!CV1:'SmtRes'!CV2) -> 0 | V28: =SUMIF(SmtRes!AQ1:'SmtRes'!AQ2,"=1",SmtRes!CW1:'SmtRes'!CW2) -> 6.681 | W28: =ROUND(CX28*I28,2) -> 0 | X28: =ROUND(CY28,2) -> 3304.61 | Y28: =ROUND(CZ28,2) -> 1652.31 | AA28: 73953415 | AB28: =ROUND((AC28+AD28+AF28),6) -> 26877.765 | AC28: =ROUND((0),6) -> 0 | AD28: =ROUND((((SUM(SmtRes!BR1:'SmtRes'!BR2))-(SUM(SmtRes!BS1:'SmtRes'!BS2)))+AE28),6) -> 26877.765 | AE28: =ROUND((SUM(SmtRes!BS1:'SmtRes'!BS2)),6) -> 13709.82 | AF28: =ROUND((0),6) -> 0 | AG28: =ROUND((AP28),6) -> 0 | AH28: =(0) -> 0 | AI28: =(SUM(SmtRes!BV1:'SmtRes'!BV2)) -> 25.5 | AJ28: =(AS28) -> 0 | AK28: 40587.585 | AL28: 0 | AM28: 26877.765 | AN28: 13709.82 | AO28: 0 | AP28: 0 | AQ28: 0 | AR28: 25.5 | AS28: 0 | AT28: 92 | AU28: 46 | AV28: 1 | AW28: 1 | AZ28: 1 | BA28: 1 | BB28: 1 | BC28: 1 | BH28: 0 | BI28: 1 | BJ28: ГЭСН-2022, 01-01-009-14, приказ Минстроя России от 18.05.2022 г. № 378/пр | BM28: 1001 | BN28: 0 | BP28: 0 | BQ28: 2 | BR28: 0 | BS28: 1 | BT28: 1 | BU28: 1 | BV28: 1 | BW28: 1 | BX28: 1 | BZ28: 92 | CA28: 46 | CE28: 0 | CF28: 0 | CG28: 0 | CM28: 0 | CO28: 0 | CP28: =(P28+Q28+S28+R28) -> 13169.05 | CQ28: =SUMIF(SmtRes!AQ1:'SmtRes'!AQ2,"=1",SmtRes!AA1:'SmtRes'!AA2) -> 0 | CR28: =SUMIF(SmtRes!AQ1:'SmtRes'!AQ2,"=1",SmtRes!AB1:'SmtRes'!AB2) -> 1433.48 | CS28: =SUMIF(SmtRes!AQ1:'SmtRes'!AQ2,"=1",SmtRes!AC1:'SmtRes'!AC2) -> 537.64 | CT28: =SUMIF(SmtRes!AQ1:'SmtRes'!AQ2,"=1",SmtRes!AD1:'SmtRes'!AD2) -> 0 | CU28: =AG28 -> 0 | CV28: =SUMIF(SmtRes!AQ1:'SmtRes'!AQ2,"=1",SmtRes!BU1:'SmtRes'!BU2) -> 0 | CW28: =SUMIF(SmtRes!AQ1:'SmtRes'!AQ2,"=1",SmtRes!BV1:'SmtRes'!BV2) -> 25.5 | CX28: =AJ28 -> 0 | CY28: =(((S28+R28)*AT28)/100) -> 3304.6124 | CZ28: =(((S28+R28)*AU28)/100) -> 1652.3062 | DN28: 0 | DO28: 0 | DP28: 1 | DQ28: 1 | DU28: 1007 | DV28: 1000 м3 | DW28: 1000 м3 | DX28: 1000 | EE28: 72340571 | EF28: 2 | EG28: Общестроительные работы | EH28: 1 | EI28: Земляные работы | EJ28: 1 | EK28: 1001 | EL28: Земляные работы, выполняемые: механизированным способом | EM28: ФЕР-01 | EQ28: 0 | ER28: 0 | ES28: 0 | ET28: 0 | EU28: 0 | EV28: 0 | EW28: 0 | EX28: 25.5 | EY28: 0 | FQ28: 0 | FR28: 0 | FS28: 0 | FX28: 92 | FY28: 46 | GD28: 1 | GF28: 1103103698 | GG28: 2 | GH28: 1 | GI28: -2 | GJ28: 0 | GK28: 0 | GL28: =ROUND(IF(AND(BH28=3,BI28=3,FS28<>0),P28,0),2) -> 0 | GM28: =ROUND(O28+X28+Y28,2)+GX28 -> 18125.97 | GN28: =IF(OR(BI28=0,BI28=1),GM28-GX28,0) -> 18125.97 | GO28: =IF(BI28=2,GM28-GX28,0) -> 0 | GP28: =IF(BI28=4,GM28-GX28,0) -> 0 | GR28: 0 | GS28: 3 | GT28: 0 | GV28: =ROUND((GT28),6) -> 0 | GW28: 1 | GX28: =ROUND(HC28*I28,2) -> 0 | HA28: 0 | HB28: 0 | HC28: =GV28*GW28 -> 0 | HN28: Пр/812-001.1-1 | HO28: Пр/774-001.1 | HP28: Земляные работы, выполняемые: механизированным способом | HQ28: Земляные работы, выполняемые: механизированным способом | HS28: 0 | IK28: 0
A29: 17 | B29: 1 | C29: =ROW(SmtRes!A3) -> 3 | D29: =ROW(EtalonRes!A3) -> 3 | E29: 2 | F29: 01-02-057-02 | G29: Добор грунта вручную в траншеях глубиной до 2 м без креплений с откосами, группа грунтов: 2 | H29: 100 м3 | I29: =ROUND(8/100,7) -> 0.08 | J29: 0 | K29: =ROUND(8/100,7) -> 0.08 | O29: =ROUND(CP29,2) -> 4011.02 | P29: =SUMIF(SmtRes!AQ3:'SmtRes'!AQ3,"=1",SmtRes!DF3:'SmtRes'!DF3) -> 0 | Q29: =SUMIF(SmtRes!AQ3:'SmtRes'!AQ3,"=1",SmtRes!DG3:'SmtRes'!DG3) -> 0 | R29: =SUMIF(SmtRes!AQ3:'SmtRes'!AQ3,"=1",SmtRes!DH3:'SmtRes'!DH3) -> 0 | S29: =SUMIF(SmtRes!AQ3:'SmtRes'!AQ3,"=1",SmtRes!DI3:'SmtRes'!DI3) -> 4011.02 | T29: =ROUND(CU29*I29,2) -> 0 | U29: =SUMIF(SmtRes!AQ3:'SmtRes'!AQ3,"=1",SmtRes!CV3:'SmtRes'!CV3) -> 12.32 | V29: =SUMIF(SmtRes!AQ3:'SmtRes'!AQ3,"=1",SmtRes!CW3:'SmtRes'!CW3) -> 0 | W29: =ROUND(CX29*I29,2) -> 0 | X29: =ROUND(CY29,2) -> 3569.81 | Y29: =ROUND(CZ29,2) -> 1604.41 | AA29: 73953415 | AB29: =ROUND((AC29+AD29+AF29),6) -> 50137.78 | AC29: =ROUND((0),6) -> 0 | AD29: =ROUND((((0)-(0))+AE29),6) -> 0 | AE29: =ROUND((0),6) -> 0 | AF29: =ROUND((SUM(SmtRes!BT3:'SmtRes'!BT3)),6) -> 50137.78 | AG29: =ROUND((AP29),6) -> 0 | AH29: =(SUM(SmtRes!BU3:'SmtRes'!BU3)) -> 154 | AI29: =(0) -> 0 | AJ29: =(AS29) -> 0 | AK29: 50137.78 | AL29: 0 | AM29: 0 | AN29: 0 | AO29: 50137.78 | AP29: 0 | AQ29: 154 | AR29: 0 | AS29: 0 | AT29: 89 | AU29: 40 | AV29: 1 | AW29: 1 | AZ29: 1 | BA29: 1 | BB29: 1 | BC29: 1 | BH29: 0 | BI29: 1 | BJ29: ГЭСН-2022, 01-02-057-02, приказ Минстроя России от 18.05.2022 г. № 378/пр | BM29: 1003 | BN29: 0 | BP29: 0 | BQ29: 2 | BR29: 0 | BS29: 1 | BT29: 1 | BU29: 1 | BV29: 1 | BW29: 1 | BX29: 1 | BZ29: 89 | CA29: 40 | CE29: 0 | CF29: 0 | CG29: 0 | CM29: 0 | CO29: 0 | CP29: =(P29+Q29+S29+R29) -> 4011.02 | CQ29: =SUMIF(SmtRes!AQ3:'SmtRes'!AQ3,"=1",SmtRes!AA3:'SmtRes'!AA3) -> 0 | CR29: =SUMIF(SmtRes!AQ3:'SmtRes'!AQ3,"=1",SmtRes!AB3:'SmtRes'!AB3) -> 0 | CS29: =SUMIF(SmtRes!AQ3:'SmtRes'!AQ3,"=1",SmtRes!AC3:'SmtRes'!AC3) -> 0 | CT29: =SUMIF(SmtRes!AQ3:'SmtRes'!AQ3,"=1",SmtRes!AD3:'SmtRes'!AD3) -> 325.57 | CU29: =AG29 -> 0 | CV29: =SUMIF(SmtRes!AQ3:'SmtRes'!AQ3,"=1",SmtRes!BU3:'SmtRes'!BU3) -> 154 | CW29: =SUMIF(SmtRes!AQ3:'SmtRes'!AQ3,"=1",SmtRes!BV3:'SmtRes'!BV3) -> 0 | CX29: =AJ29 -> 0 | CY29: =(((S29+R29)*AT29)/100) -> 3569.8078 | CZ29: =(((S29+R29)*AU29)/100) -> 1604.408 | DN29: 0 | DO29: 0 | DP29: 1 | DQ29: 1 | DU29: 1007 | DV29: 100 м3 | DW29: 100 м3 | DX29: 100 | EE29: 72340573 | EF29: 2 | EG29: Общестроительные работы | EH29: 1 | EI29: Земляные работы | EJ29: 1 | EK29: 1003 | EL29: Земляные работы, выполняемые: ручным способом | EM29: ФЕР-01 | EQ29: 0 | ER29: 0 | ES29: 0 | ET29: 0 | EU29: 0 | EV29: 0 | EW29: 154 | EX29: 0 | EY29: 0 | FQ29: 0 | FR29: 0 | FS29: 0 | FX29: 89 | FY29: 40 | GD29: 1 | GF29: 1750746771 | GG29: 2 | GH29: 1 | GI29: -2 | GJ29: 0 | GK29: 0 | GL29: =ROUND(IF(AND(BH29=3,BI29=3,FS29<>0),P29,0),2) -> 0 | GM29: =ROUND(O29+X29+Y29,2)+GX29 -> 9185.24 | GN29: =IF(OR(BI29=0,BI29=1),GM29-GX29,0) -> 9185.24 | GO29: =IF(BI29=2,GM29-GX29,0) -> 0 | GP29: =IF(BI29=4,GM29-GX29,0) -> 0 | GR29: 0 | GS29: 3 | GT29: 0 | GV29: =ROUND((GT29),6) -> 0 | GW29: 1 | GX29: =ROUND(HC29*I29,2) -> 0 | HA29: 0 | HB29: 0 | HC29: =GV29*GW29 -> 0 | HN29: Пр/812-001.2-1 | HO29: Пр/774-001.2 | HP29: Земляные работы, выполняемые: ручным способом | HQ29: Земляные работы, выполняемые: ручным способом | HS29: 0 | IK29: 0
A30: 17 | B30: 1 | C30: =ROW(SmtRes!A7) -> 7 | D30: =ROW(EtalonRes!A7) -> 7 | E30: 3 | F30: 23-01-001-01 | G30: Устройство основания под трубопроводы: песчаного | H30: 10 м3 | I30: =ROUND(32.3/10,7) -> 3.23 | J30: 0 | K30: =ROUND(32.3/10,7) -> 3.23 | O30: =ROUND(CP30,2) -> 13432.21 | P30: =SUMIF(SmtRes!AQ4:'SmtRes'!AQ7,"=1",SmtRes!DF4:'SmtRes'!DF7) -> 0 | Q30: =SUMIF(SmtRes!AQ4:'SmtRes'!AQ7,"=1",SmtRes!DG4:'SmtRes'!DG7) -> 1738.33 | R30: =SUMIF(SmtRes!AQ4:'SmtRes'!AQ7,"=1",SmtRes!DH4:'SmtRes'!DH7) -> 475.44 | S30: =SUMIF(SmtRes!AQ4:'SmtRes'!AQ7,"=1",SmtRes!DI4:'SmtRes'!DI7) -> 11218.44 | T30: =ROUND(CU30*I30,2) -> 0 | U30: =SUMIF(SmtRes!AQ4:'SmtRes'!AQ7,"=1",SmtRes!CV4:'SmtRes'!CV7) -> 32.946 | V30: =SUMIF(SmtRes!AQ4:'SmtRes'!AQ7,"=1",SmtRes!CW4:'SmtRes'!CW7) -> 1.0336 | W30: =ROUND(CX30*I30,2) -> 0 | X30: =ROUND(CY30,2) -> 13681.84 | Y30: =ROUND(CZ30,2) -> 8653.47 | AA30: 73953415 | AB30: =ROUND((AC30+AD30+AF30),6) -> 4011.3844 | AC30: =ROUND((0),6) -> 0 | AD30: =ROUND((((SUM(SmtRes!BR4:'SmtRes'!BR7))-(SUM(SmtRes!BS4:'SmtRes'!BS7)))+AE30),6) -> 538.1824 | AE30: =ROUND((SUM(SmtRes!BS4:'SmtRes'!BS7)),6) -> 147.1936 | AF30: =ROUND((SUM(SmtRes!BT4:'SmtRes'!BT7)),6) -> 3473.202 | AG30: =ROUND((AP30),6) -> 0 | AH30: =(SUM(SmtRes!BU4:'SmtRes'!BU7)) -> 10.2 | AI30: =(SUM(SmtRes!BV4:'SmtRes'!BV7)) -> 0.32 | AJ30: =(AS30) -> 0 | AK30: 4158.578 | AL30: 0 | AM30: 538.1824 | AN30: 147.1936 | AO30: 3473.202 | AP30: 0 | AQ30: 10.2 | AR30: 0.32 | AS30: 0 | AT30: 117 | AU30: 74 | AV30: 1 | AW30: 1 | AZ30: 1 | BA30: 1 | BB30: 1 | BC30: 1 | BH30: 0 | BI30: 1 | BJ30: ГЭСН-2022 доп.18, 23-01-001-01, приказ Минстроя России от 15.05.2026 г. № 301/пр | BM30: 23001 | BN30: 0 | BP30: 0 | BQ30: 2 | BR30: 0 | BS30: 1 | BT30: 1 | BU30: 1 | BV30: 1 | BW30: 1 | BX30: 1 | BZ30: 117 | CA30: 74 | CE30: 0 | CF30: 0 | CG30: 0 | CM30: 0 | CO30: 0 | CP30: =(P30+Q30+S30+R30) -> 13432.21 | CQ30: =SUMIF(SmtRes!AQ4:'SmtRes'!AQ7,"=1",SmtRes!AA4:'SmtRes'!AA7) -> 0 | CR30: =SUMIF(SmtRes!AQ4:'SmtRes'!AQ7,"=1",SmtRes!AB4:'SmtRes'!AB7) -> 1681.82 | CS30: =SUMIF(SmtRes!AQ4:'SmtRes'!AQ7,"=1",SmtRes!AC4:'SmtRes'!AC7) -> 459.98 | CT30: =SUMIF(SmtRes!AQ4:'SmtRes'!AQ7,"=1",SmtRes!AD4:'SmtRes'!AD7) -> 340.51 | CU30: =AG30 -> 0 | CV30: =SUMIF(SmtRes!AQ4:'SmtRes'!AQ7,"=1",SmtRes!BU4:'SmtRes'!BU7) -> 10.2 | CW30: =SUMIF(SmtRes!AQ4:'SmtRes'!AQ7,"=1",SmtRes!BV4:'SmtRes'!BV7) -> 0.32 | CX30: =AJ30 -> 0 | CY30: =(((S30+R30)*AT30)/100) -> 13681.84 | CZ30: =(((S30+R30)*AU30)/100) -> 8653.4712 | DN30: 0 | DO30: 0 | DP30: 1 | DQ30: 1 | DU30: 1007 | DV30: 10 м3 | DW30: 10 м3 | DX30: 10 | EE30: 72340631 | EF30: 2 | EG30: Общестроительные работы | EH30: 18 | EI30: Наружные сети водопровода, канализации, теплоснабжения, газопроводы | EJ30: 1 | EK30: 23001 | EL30: Наружные сети водопровода, канализации, теплоснабжения, газопроводы | EM30: ФЕР-23 | EQ30: 0 | ER30: 0 | ES30: 0 | ET30: 0 | EU30: 0 | EV30: 0 | EW30: 10.2 | EX30: 0.32 | EY30: 0 | FQ30: 0 | FR30: 0 | FS30: 0 | FX30: 117 | FY30: 74 | GD30: 1 | GF30: 1295446289 | GG30: 2 | GH30: 1 | GI30: -2 | GJ30: 0 | GK30: 0 | GL30: =ROUND(IF(AND(BH30=3,BI30=3,FS30<>0),P30,0),2) -> 0 | GM30: =ROUND(O30+X30+Y30,2)+GX30 -> 35767.52 | GN30: =IF(OR(BI30=0,BI30=1),GM30-GX30,0) -> 35767.52 | GO30: =IF(BI30=2,GM30-GX30,0) -> 0 | GP30: =IF(BI30=4,GM30-GX30,0) -> 0 | GR30: 0 | GS30: 3 | GT30: 0 | GV30: =ROUND((GT30),6) -> 0 | GW30: 1 | GX30: =ROUND(HC30*I30,2) -> 0 | HA30: 0 | HB30: 0 | HC30: =GV30*GW30 -> 0 | HN30: Пр/812-018.0-1 | HO30: Пр/774-018.0 | HP30: Наружные сети водопровода, канализации, теплоснабжения, газопроводы | HQ30: Наружные сети водопровода, канализации, теплоснабжения, газопроводы | HS30: 0 | IK30: 0
A31: 18 | B31: 1 | C31: 7 | E31: 3,1 | F31: 02.3.01.02-1104 | G31: Песок природный для строительных работ I класс, средний | H31: м3 | I31: =I30*J31 -> 32.3 | J31: 10 | K31: 10 | O31: =ROUND(CP31,2) -> 66153.95 | P31: =ROUND(CQ31*I31,2) -> 66153.95 | Q31: =ROUND(CR31*I31,2) -> 0 | R31: =ROUND(CS31*I31,2) -> 0 | S31: =ROUND(CT31*I31,2) -> 0 | T31: =ROUND(CU31*I31,2) -> 0 | U31: =ROUND(CV31*I31,7) -> 0 | V31: =ROUND(CW31*I31,7) -> 0 | W31: =ROUND(CX31*I31,2) -> 0 | X31: =ROUND(CY31,2) -> 0 | Y31: =ROUND(CZ31,2) -> 0 | AA31: 73953415 | AB31: =ROUND((AC31+AD31+AF31),6) -> 573.7 | AC31: =ROUND((ES31),6) -> 573.7 | AD31: =ROUND((((ET31)-(EU31))+AE31),6) -> 0 | AE31: =ROUND((EU31),6) -> 0 | AF31: =ROUND((EV31),6) -> 0 | AG31: =ROUND((AP31),6) -> 0 | AH31: =(EW31) -> 0 | AI31: =(EX31) -> 0 | AJ31: =(AS31) -> 0 | AK31: 573.7 | AL31: 573.7 | AM31: 0 | AN31: 0 | AO31: 0 | AP31: 0 | AQ31: 0 | AR31: 0 | AS31: 0 | AT31: 117 | AU31: 74 | AV31: 1 | AW31: 1 | AZ31: 1 | BA31: 1 | BB31: 1 | BC31: 3.57 | BH31: 3 | BI31: 1 | BJ31: ФСБЦ-2022, 02.3.01.02-1104, приказ Минстроя России от 18.05.2022 г. № 378/пр | BM31: 23001 | BN31: 0 | BO31: 02.3.01.02-1104 | BP31: 1 | BQ31: 2 | BR31: 0 | BS31: 1 | BT31: 1 | BU31: 1 | BV31: 1 | BW31: 1 | BX31: 1 | BZ31: 117 | CA31: 74 | CE31: 0 | CF31: 0 | CG31: 0 | CM31: 0 | CO31: 0 | CP31: =(P31+Q31+S31+R31) -> 66153.95 | CQ31: =ROUND(AL31*BC31,2) -> 2048.11 | CR31: =ROUND(AM31*BB31,2) -> 0 | CS31: =ROUND(AN31*BS31,2) -> 0 | CT31: =ROUND(AO31*BA31,2) -> 0 | CU31: =AG31 -> 0 | CV31: =AH31 -> 0 | CW31: =AI31 -> 0 | CX31: =AJ31 -> 0 | CY31: =(((S31+R31)*AT31)/100) -> 0 | CZ31: =(((S31+R31)*AU31)/100) -> 0 | DN31: 0 | DO31: 0 | DP31: 1 | DQ31: 1 | DU31: 1007 | DV31: м3 | DW31: м3 | DX31: 1 | EE31: 72340631 | EF31: 2 | EG31: Общестроительные работы | EH31: 18 | EI31: Наружные сети водопровода, канализации, теплоснабжения, газопроводы | EJ31: 1 | EK31: 23001 | EL31: Наружные сети водопровода, канализации, теплоснабжения, газопроводы | EM31: ФЕР-23 | EQ31: 0 | ER31: 573.7 | ES31: 573.7 | ET31: 0 | EU31: 0 | EV31: 0 | EW31: 0 | EX31: 0 | FQ31: 0 | FR31: 0 | FS31: 0 | FX31: 117 | FY31: 74 | GD31: 1 | GF31: -1170073795 | GG31: 2 | GH31: 1 | GI31: 2 | GJ31: 0 | GK31: 0 | GL31: =ROUND(IF(AND(BH31=3,BI31=3,FS31<>0),P31,0),2) -> 0 | GM31: =ROUND(O31+X31+Y31,2)+GX31 -> 66153.95 | GN31: =IF(OR(BI31=0,BI31=1),GM31-GX31,0) -> 66153.95 | GO31: =IF(BI31=2,GM31-GX31,0) -> 0 | GP31: =IF(BI31=4,GM31-GX31,0) -> 0 | GR31: 0 | GS31: 3 | GT31: 0 | GV31: =ROUND((GT31),6) -> 0 | GW31: 1 | GX31: =ROUND(HC31*I31,2) -> 0 | HA31: 0 | HB31: 0 | HC31: =GV31*GW31 -> 0 | HN31: Пр/812-018.0-1 | HO31: Пр/774-018.0 | HP31: Наружные сети водопровода, канализации, теплоснабжения, газопроводы | HQ31: Наружные сети водопровода, канализации, теплоснабжения, газопроводы | HS31: 0 | IK31: 0
A32: 17 | B32: 1 | C32: =ROW(SmtRes!A9) -> 9 | D32: =ROW(EtalonRes!A9) -> 9 | E32: 4 | F32: 01-01-033-02 | G32: Засыпка траншей и котлованов с перемещением грунта до 5 м бульдозерами мощностью: 59 кВт (80 л.с.), группа грунтов 2 | H32: 1000 м3 | I32: =ROUND(223/1000,7) -> 0.223 | J32: 0 | K32: =ROUND(223/1000,7) -> 0.223 | O32: =ROUND(CP32,2) -> 2925.58 | P32: =SUMIF(SmtRes!AQ8:'SmtRes'!AQ9,"=1",SmtRes!DF8:'SmtRes'!DF9) -> 0 | Q32: =SUMIF(SmtRes!AQ8:'SmtRes'!AQ9,"=1",SmtRes!DG8:'SmtRes'!DG9) -> 2098.82 | R32: =SUMIF(SmtRes!AQ8:'SmtRes'!AQ9,"=1",SmtRes!DH8:'SmtRes'!DH9) -> 826.76 | S32: =SUMIF(SmtRes!AQ8:'SmtRes'!AQ9,"=1",SmtRes!DI8:'SmtRes'!DI9) -> 0 | T32: =ROUND(CU32*I32,2) -> 0 | U32: =SUMIF(SmtRes!AQ8:'SmtRes'!AQ9,"=1",SmtRes!CV8:'SmtRes'!CV9) -> 0 | V32: =SUMIF(SmtRes!AQ8:'SmtRes'!AQ9,"=1",SmtRes!CW8:'SmtRes'!CW9) -> 1.79738 | W32: =ROUND(CX32*I32,2) -> 0 | X32: =ROUND(CY32,2) -> 760.62 | Y32: =ROUND(CZ32,2) -> 380.31 | AA32: 73953415 | AB32: =ROUND((AC32+AD32+AF32),6) -> 6674.9696 | AC32: =ROUND((0),6) -> 0 | AD32: =ROUND((((SUM(SmtRes!BR8:'SmtRes'!BR9))-(SUM(SmtRes!BS8:'SmtRes'!BS9)))+AE32),6) -> 6674.9696 | AE32: =ROUND((SUM(SmtRes!BS8:'SmtRes'!BS9)),6) -> 3707.4388 | AF32: =ROUND((0),6) -> 0 | AG32: =ROUND((AP32),6) -> 0 | AH32: =(0) -> 0 | AI32: =(SUM(SmtRes!BV8:'SmtRes'!BV9)) -> 8.06 | AJ32: =(AS32) -> 0 | AK32: 10382.408 | AL32: 0 | AM32: 6674.9696 | AN32: 3707.4388 | AO32: 0 | AP32: 0 | AQ32: 0 | AR32: 8.06 | AS32: 0 | AT32: 92 | AU32: 46 | AV32: 1 | AW32: 1 | AZ32: 1 | BA32: 1 | BB32: 1 | BC32: 1 | BH32: 0 | BI32: 1 | BJ32: ГЭСН-2022, 01-01-033-02, приказ Минстроя России от 18.05.2022 г. № 378/пр | BM32: 1001 | BN32: 0 | BP32: 0 | BQ32: 2 | BR32: 0 | BS32: 1 | BT32: 1 | BU32: 1 | BV32: 1 | BW32: 1 | BX32: 1 | BZ32: 92 | CA32: 46 | CE32: 0 | CF32: 0 | CG32: 0 | CM32: 0 | CO32: 0 | CP32: =(P32+Q32+S32+R32) -> 2925.58 | CQ32: =SUMIF(SmtRes!AQ8:'SmtRes'!AQ9,"=1",SmtRes!AA8:'SmtRes'!AA9) -> 0 | CR32: =SUMIF(SmtRes!AQ8:'SmtRes'!AQ9,"=1",SmtRes!AB8:'SmtRes'!AB9) -> 1167.71 | CS32: =SUMIF(SmtRes!AQ8:'SmtRes'!AQ9,"=1",SmtRes!AC8:'SmtRes'!AC9) -> 459.98 | CT32: =SUMIF(SmtRes!AQ8:'SmtRes'!AQ9,"=1",SmtRes!AD8:'SmtRes'!AD9) -> 0 | CU32: =AG32 -> 0 | CV32: =SUMIF(SmtRes!AQ8:'SmtRes'!AQ9,"=1",SmtRes!BU8:'SmtRes'!BU9) -> 0 | CW32: =SUMIF(SmtRes!AQ8:'SmtRes'!AQ9,"=1",SmtRes!BV8:'SmtRes'!BV9) -> 8.06 | CX32: =AJ32 -> 0 | CY32: =(((S32+R32)*AT32)/100) -> 760.6192 | CZ32: =(((S32+R32)*AU32)/100) -> 380.3096 | DN32: 0 | DO32: 0 | DP32: 1 | DQ32: 1 | DU32: 1007 | DV32: 1000 м3 | DW32: 1000 м3 | DX32: 1000 | EE32: 72340571 | EF32: 2 | EG32: Общестроительные работы | EH32: 1 | EI32: Земляные работы | EJ32: 1 | EK32: 1001 | EL32: Земляные работы, выполняемые: механизированным способом | EM32: ФЕР-01 | EQ32: 0 | ER32: 0 | ES32: 0 | ET32: 0 | EU32: 0 | EV32: 0 | EW32: 0 | EX32: 8.06 | EY32: 0 | FQ32: 0 | FR32: 0 | FS32: 0 | FX32: 92 | FY32: 46 | GD32: 1 | GF32: 2021498894 | GG32: 2 | GH32: 1 | GI32: -2 | GJ32: 0 | GK32: 0 | GL32: =ROUND(IF(AND(BH32=3,BI32=3,FS32<>0),P32,0),2) -> 0 | GM32: =ROUND(O32+X32+Y32,2)+GX32 -> 4066.51 | GN32: =IF(OR(BI32=0,BI32=1),GM32-GX32,0) -> 4066.51 | GO32: =IF(BI32=2,GM32-GX32,0) -> 0 | GP32: =IF(BI32=4,GM32-GX32,0) -> 0 | GR32: 0 | GS32: 3 | GT32: 0 | GV32: =ROUND((GT32),6) -> 0 | GW32: 1 | GX32: =ROUND(HC32*I32,2) -> 0 | HA32: 0 | HB32: 0 | HC32: =GV32*GW32 -> 0 | HN32: Пр/812-001.1-1 | HO32: Пр/774-001.1 | HP32: Земляные работы, выполняемые: механизированным способом | HQ32: Земляные работы, выполняемые: механизированным способом | HS32: 0 | IK32: 0
A33: 17 | B33: 1 | C33: =ROW(SmtRes!A10) -> 10 | D33: =ROW(EtalonRes!A10) -> 10 | E33: 5 | F33: 01-02-061-02 | G33: Засыпка вручную траншей, пазух котлованов и ям, группа грунтов: 2 | H33: 100 м3 | I33: =ROUND(7/100,7) -> 0.07 | J33: 0 | K33: =ROUND(7/100,7) -> 0.07 | O33: =ROUND(CP33,2) -> 2123.73 | P33: =SUMIF(SmtRes!AQ10:'SmtRes'!AQ10,"=1",SmtRes!DF10:'SmtRes'!DF10) -> 0 | Q33: =SUMIF(SmtRes!AQ10:'SmtRes'!AQ10,"=1",SmtRes!DG10:'SmtRes'!DG10) -> 0 | R33: =SUMIF(SmtRes!AQ10:'SmtRes'!AQ10,"=1",SmtRes!DH10:'SmtRes'!DH10) -> 0 | S33: =SUMIF(SmtRes!AQ10:'SmtRes'!AQ10,"=1",SmtRes!DI10:'SmtRes'!DI10) -> 2123.73 | T33: =ROUND(CU33*I33,2) -> 0 | U33: =SUMIF(SmtRes!AQ10:'SmtRes'!AQ10,"=1",SmtRes!CV10:'SmtRes'!CV10) -> 6.804 | V33: =SUMIF(SmtRes!AQ10:'SmtRes'!AQ10,"=1",SmtRes!CW10:'SmtRes'!CW10) -> 0 | W33: =ROUND(CX33*I33,2) -> 0 | X33: =ROUND(CY33,2) -> 1890.12 | Y33: =ROUND(CZ33,2) -> 849.49 | AA33: 73953415 | AB33: =ROUND((AC33+AD33+AF33),6) -> 30339.036 | AC33: =ROUND((0),6) -> 0 | AD33: =ROUND((((0)-(0))+AE33),6) -> 0 | AE33: =ROUND((0),6) -> 0 | AF33: =ROUND((SUM(SmtRes!BT10:'SmtRes'!BT10)),6) -> 30339.036 | AG33: =ROUND((AP33),6) -> 0 | AH33: =(SUM(SmtRes!BU10:'SmtRes'!BU10)) -> 97.2 | AI33: =(0) -> 0 | AJ33: =(AS33) -> 0 | AK33: 30339.036 | AL33: 0 | AM33: 0 | AN33: 0 | AO33: 30339.036 | AP33: 0 | AQ33: 97.2 | AR33: 0 | AS33: 0 | AT33: 89 | AU33: 40 | AV33: 1 | AW33: 1 | AZ33: 1 | BA33: 1 | BB33: 1 | BC33: 1 | BH33: 0 | BI33: 1 | BJ33: ГЭСН-2022, 01-02-061-02, приказ Минстроя России от 18.05.2022 г. № 378/пр | BM33: 1003 | BN33: 0 | BP33: 0 | BQ33: 2 | BR33: 0 | BS33: 1 | BT33: 1 | BU33: 1 | BV33: 1 | BW33: 1 | BX33: 1 | BZ33: 89 | CA33: 40 | CE33: 0 | CF33: 0 | CG33: 0 | CM33: 0 | CO33: 0 | CP33: =(P33+Q33+S33+R33) -> 2123.73 | CQ33: =SUMIF(SmtRes!AQ10:'SmtRes'!AQ10,"=1",SmtRes!AA10:'SmtRes'!AA10) -> 0 | CR33: =SUMIF(SmtRes!AQ10:'SmtRes'!AQ10,"=1",SmtRes!AB10:'SmtRes'!AB10) -> 0 | CS33: =SUMIF(SmtRes!AQ10:'SmtRes'!AQ10,"=1",SmtRes!AC10:'SmtRes'!AC10) -> 0 | CT33: =SUMIF(SmtRes!AQ10:'SmtRes'!AQ10,"=1",SmtRes!AD10:'SmtRes'!AD10) -> 312.13 | CU33: =AG33 -> 0 | CV33: =SUMIF(SmtRes!AQ10:'SmtRes'!AQ10,"=1",SmtRes!BU10:'SmtRes'!BU10) -> 97.2 | CW33: =SUMIF(SmtRes!AQ10:'SmtRes'!AQ10,"=1",SmtRes!BV10:'SmtRes'!BV10) -> 0 | CX33: =AJ33 -> 0 | CY33: =(((S33+R33)*AT33)/100) -> 1890.1197 | CZ33: =(((S33+R33)*AU33)/100) -> 849.492 | DN33: 0 | DO33: 0 | DP33: 1 | DQ33: 1 | DU33: 1007 | DV33: 100 м3 | DW33: 100 м3 | DX33: 100 | EE33: 72340573 | EF33: 2 | EG33: Общестроительные работы | EH33: 1 | EI33: Земляные работы | EJ33: 1 | EK33: 1003 | EL33: Земляные работы, выполняемые: ручным способом | EM33: ФЕР-01 | EQ33: 0 | ER33: 0 | ES33: 0 | ET33: 0 | EU33: 0 | EV33: 0 | EW33: 97.2 | EX33: 0 | EY33: 0 | FQ33: 0 | FR33: 0 | FS33: 0 | FX33: 89 | FY33: 40 | GD33: 1 | GF33: -1063570572 | GG33: 2 | GH33: 1 | GI33: -2 | GJ33: 0 | GK33: 0 | GL33: =ROUND(IF(AND(BH33=3,BI33=3,FS33<>0),P33,0),2) -> 0 | GM33: =ROUND(O33+X33+Y33,2)+GX33 -> 4863.34 | GN33: =IF(OR(BI33=0,BI33=1),GM33-GX33,0) -> 4863.34 | GO33: =IF(BI33=2,GM33-GX33,0) -> 0 | GP33: =IF(BI33=4,GM33-GX33,0) -> 0 | GR33: 0 | GS33: 3 | GT33: 0 | GV33: =ROUND((GT33),6) -> 0 | GW33: 1 | GX33: =ROUND(HC33*I33,2) -> 0 | HA33: 0 | HB33: 0 | HC33: =GV33*GW33 -> 0 | HN33: Пр/812-001.2-1 | HO33: Пр/774-001.2 | HP33: Земляные работы, выполняемые: ручным способом | HQ33: Земляные работы, выполняемые: ручным способом | HS33: 0 | IK33: 0
A35: 51 | B35: =B24 -> 1 | C35: =A24 -> 4 | D35: =ROW(A24) -> 24 | F35: =IF(F24<>"",F24,"") -> Новый раздел | G35: =IF(G24<>"",G24,"") -> Земляные работы | H35: 0 | O35: =ROUND(AB35,2) -> 101815.54 | P35: =ROUND(AC35,2) -> 66153.95 | Q35: =ROUND(AD35,2) -> 13414.23 | R35: =ROUND(AE35,2) -> 4894.17 | S35: =ROUND(AF35,2) -> 17353.19 | T35: =ROUND(AG35,2) -> 0 | U35: =AH35 -> 52.07 | V35: =AI35 -> 9.51198 | W35: =ROUND(AJ35,2) -> 0 | X35: =ROUND(AK35,2) -> 23207 | Y35: =ROUND(AL35,2) -> 13139.99 | AB35: =ROUND(SUMIF(AA28:AA33,"=73953415",O28:O33),2) -> 101815.54 | AC35: =ROUND(SUMIF(AA28:AA33,"=73953415",P28:P33),2) -> 66153.95 | AD35: =ROUND(SUMIF(AA28:AA33,"=73953415",Q28:Q33),2) -> 13414.23 | AE35: =ROUND(SUMIF(AA28:AA33,"=73953415",R28:R33),2) -> 4894.17 | AF35: =ROUND(SUMIF(AA28:AA33,"=73953415",S28:S33),2) -> 17353.19 | AG35: =ROUND(SUMIF(AA28:AA33,"=73953415",T28:T33),2) -> 0 | AH35: =SUMIF(AA28:AA33,"=73953415",U28:U33) -> 52.07 | AI35: =SUMIF(AA28:AA33,"=73953415",V28:V33) -> 9.51198 | AJ35: =ROUND(SUMIF(AA28:AA33,"=73953415",W28:W33),2) -> 0 | AK35: =ROUND(SUMIF(AA28:AA33,"=73953415",X28:X33),2) -> 23207 | AL35: =ROUND(SUMIF(AA28:AA33,"=73953415",Y28:Y33),2) -> 13139.99 | AO35: =ROUND(BX35,2) -> 0 | AP35: =ROUND(BY35,2) -> 0 | AQ35: =ROUND(BZ35,2) -> 0 | AR35: =ROUND(CA35,2) -> 138162.53 | AS35: =ROUND(CB35,2) -> 138162.53 | AT35: =ROUND(CC35,2) -> 0 | AU35: =ROUND(CD35,2) -> 0 | AV35: =ROUND(CE35,2) -> 66153.95 | ... BD35: =ROUND(CM35,2) -> 0 | BX35: =ROUND(SUMIF(AA28:AA33,"=73953415",FQ28:FQ33),2) -> 0 | BY35: =ROUND(SUMIF(AA28:AA33,"=73953415",FR28:FR33),2) -> 0 | BZ35: =ROUND(SUMIF(AA28:AA33,"=73953415",GL28:GL33),2) -> 0 | CA35: =ROUND(SUMIF(AA28:AA33,"=73953415",GM28:GM33),2) -> 138162.53 | CB35: =ROUND(SUMIF(AA28:AA33,"=73953415",GN28:GN33),2) -> 138162.53 | CC35: =ROUND(SUMIF(AA28:AA33,"=73953415",GO28:GO33),2) -> 0 | CD35: =ROUND(SUMIF(AA28:AA33,"=73953415",GP28:GP33),2) -> 0 | CE35: =AC35-BX35 -> 66153.95 | CF35: =AC35-BY35 -> 66153.95 | CG35: =BX35-BZ35 -> 0 | CH35: =AC35-BX35-BY35+BZ35 -> 66153.95 | CI35: =BY35-BZ35 -> 0 | CJ35: =ROUND(SUMIF(AA28:AA33,"=73953415",GX28:GX33),2) -> 0 | CK35: =ROUND(SUMIF(AA28:AA33,"=73953415",GY28:GY33),2) -> 0 | CL35: =ROUND(SUMIF(AA28:AA33,"=73953415",GZ28:GZ33),2) -> 0 | CM35: =ROUND(SUMIF(AA28:AA33,"=73953415",HD28:HD33),2) -> 0 | GX35: 0
A37: 50 | B37: 0 | C37: 0 | D37: 1 | E37: 201 | F37: =ROUND(Source!O35,O37) -> 101815.54 | G37: ПЗ | H37: Прямые затраты | K37: 201 | L37: 1 | M37: 3 | O37: 2 | W37: 101815.54 | X37: 1 | Y37: 101815.54
A38: 50 | B38: 0 | C38: 0 | D38: 1 | E38: 202 | F38: =ROUND(Source!P35,O38) -> 66153.95 | G38: СтМатОб | H38: Стоимость материальных ресурсов (всего) | K38: 202 | L38: 2 | M38: 3 | O38: 2 | W38: 66153.95 | X38: 1 | Y38: 66153.95
A39: 50 | B39: 0 | C39: 0 | D39: 1 | E39: 222 | F39: =ROUND(Source!AO35,O39) -> 0 | G39: СтМатОбЗак | H39: Стоимость материалов и оборудования заказчика | K39: 222 | L39: 3 | M39: 3 | O39: 2 | W39: 0 | X39: 1 | Y39: 0
A40: 50 | B40: 0 | C40: 0 | D40: 1 | E40: 225 | F40: =ROUND(Source!AV35,O40) -> 66153.95 | G40: СтМатОбПод | H40: Стоимость материалов и оборудования подрядчика | K40: 225 | L40: 4 | M40: 3 | O40: 2 | W40: 66153.95 | X40: 1 | Y40: 66153.95
A41: 50 | B41: 0 | C41: 0 | D41: 1 | E41: 226 | F41: =ROUND(Source!AW35,O41) -> 66153.95 | G41: СтМат | H41: Стоимость материалов (всего) | K41: 226 | L41: 5 | M41: 3 | O41: 2 | W41: 66153.95 | X41: 1 | Y41: 66153.95
A42: 50 | B42: 0 | C42: 0 | D42: 1 | E42: 227 | F42: =ROUND(Source!AX35,O42) -> 0 | G42: СтМатЗак | H42: Стоимость материалов заказчика | K42: 227 | L42: 6 | M42: 3 | O42: 2 | W42: 0 | X42: 1 | Y42: 0
A43: 50 | B43: 0 | C43: 0 | D43: 1 | E43: 228 | F43: =ROUND(Source!AY35,O43) -> 66153.95 | G43: СтМатПод | H43: Стоимость материалов подрядчика | K43: 228 | L43: 7 | M43: 3 | O43: 2 | W43: 66153.95 | X43: 1 | Y43: 66153.95
A44: 50 | B44: 0 | C44: 0 | D44: 1 | E44: 216 | F44: =ROUND(Source!AP35,O44) -> 0 | G44: Оборуд | H44: Стоимость оборудования (всего) | K44: 216 | L44: 8 | M44: 3 | O44: 2 | W44: 0 | X44: 1 | Y44: 0
A45: 50 | B45: 0 | C45: 0 | D45: 1 | E45: 223 | F45: =ROUND(Source!AQ35,O45) -> 0 | G45: ОборудЗак | H45: Стоимость оборудования заказчика | K45: 223 | L45: 9 | M45: 3 | O45: 2 | W45: 0 | X45: 1 | Y45: 0
A46: 50 | B46: 0 | C46: 0 | D46: 1 | E46: 229 | F46: =ROUND(Source!AZ35,O46) -> 0 | G46: ОборудПод | H46: Стоимость оборудования подрядчика | K46: 229 | L46: 10 | M46: 3 | O46: 2 | W46: 0 | X46: 1 | Y46: 0
A47: 50 | B47: 0 | C47: 0 | D47: 1 | E47: 203 | F47: =ROUND(Source!Q35,O47) -> 13414.23 | G47: ЭММ | H47: Эксплуатация машин | K47: 203 | L47: 11 | M47: 3 | O47: 2 | W47: 13414.23 | X47: 1 | Y47: 13414.23
A48: 50 | B48: 0 | C48: 0 | D48: 1 | E48: 231 | F48: =ROUND(Source!BB35,O48) -> 0 | G48: ЭММсНРиСП | H48: Эксплуатация машин по ТСН-2001.16 | K48: 231 | L48: 12 | M48: 3 | O48: 2 | W48: 0 | X48: 1 | Y48: 0
A49: 50 | B49: 0 | C49: 0 | D49: 1 | E49: 204 | F49: =ROUND(Source!R35,O49) -> 4894.17 | G49: ЗПМ | H49: ЗП машинистов | K49: 204 | L49: 13 | M49: 3 | O49: 2 | W49: 4894.17 | X49: 1 | Y49: 4894.17
A50: 50 | B50: 0 | C50: 0 | D50: 1 | E50: 205 | F50: =ROUND(Source!S35,O50) -> 17353.19 | G50: ОЗП | H50: Основная ЗП рабочих | K50: 205 | L50: 14 | M50: 3 | O50: 2 | W50: 17353.19 | X50: 1 | Y50: 17353.19
A51: 50 | B51: 0 | C51: 0 | D51: 1 | E51: 232 | F51: =ROUND(Source!BC35,O51) -> 0 | G51: ОЗПсНРиСП | H51: Основная ЗП рабочих по ТСН-2001.16 | K51: 232 | L51: 15 | M51: 3 | O51: 2 | W51: 0 | X51: 1 | Y51: 0
A52: 50 | B52: 0 | C52: 0 | D52: 1 | E52: 214 | F52: =ROUND(Source!AS35,O52) -> 138162.53 | G52: Строит | H52: Строительные работы с НР и СП | K52: 214 | L52: 16 | M52: 3 | O52: 2 | W52: 138162.53 | X52: 1 | Y52: 138162.53
A53: 50 | B53: 0 | C53: 0 | D53: 1 | E53: 215 | F53: =ROUND(Source!AT35,O53) -> 0 | G53: Монтаж | H53: Монтажные работы с НР и СП | K53: 215 | L53: 17 | M53: 3 | O53: 2 | W53: 0 | X53: 1 | Y53: 0
A54: 50 | B54: 0 | C54: 0 | D54: 1 | E54: 217 | F54: =ROUND(Source!AU35,O54) -> 0 | G54: Прочие | H54: Прочие работы с НР и СП | K54: 217 | L54: 18 | M54: 3 | O54: 2 | W54: 0 | X54: 1 | Y54: 0
A55: 50 | B55: 0 | C55: 0 | D55: 1 | E55: 230 | F55: =ROUND(Source!BA35,O55) -> 0 | G55: ПрочиеЗатр | H55: Прочие затраты по ТСН-2001.16 | K55: 230 | L55: 19 | M55: 3 | O55: 2 | W55: 0 | X55: 1 | Y55: 0
A56: 50 | B56: 0 | C56: 0 | D56: 1 | E56: 206 | F56: =ROUND(Source!T35,O56) -> 0 | G56: ВозврМат | H56: Возврат материалов | K56: 206 | L56: 20 | M56: 3 | O56: 2 | W56: 0 | X56: 1 | Y56: 0
A57: 50 | B57: 0 | C57: 0 | D57: 1 | E57: 207 | F57: =ROUND(Source!U35,O57) -> 52.07 | G57: ТрудСтр | H57: Трудозатраты строителей | K57: 207 | L57: 21 | M57: 3 | O57: 7 | W57: 52.07 | X57: 1 | Y57: 52.07
A58: 50 | B58: 0 | C58: 0 | D58: 1 | E58: 208 | F58: =ROUND(Source!V35,O58) -> 9.51198 | G58: ТрудМаш | H58: Трудозатраты машинистов | K58: 208 | L58: 22 | M58: 3 | O58: 7 | W58: 9.51198 | X58: 1 | Y58: 9.51198
A59: 50 | B59: 0 | C59: 0 | D59: 1 | E59: 209 | F59: =ROUND(Source!W35,O59) -> 0 | G59: ТранспМат | H59: Транспорт материалов | K59: 209 | L59: 23 | M59: 3 | O59: 2 | W59: 0 | X59: 1 | Y59: 0
A60: 50 | B60: 0 | C60: 0 | D60: 1 | E60: 233 | F60: =ROUND(Source!BD35,O60) -> 0 | G60: Перевозка | H60: Перевозка грузов | K60: 233 | L60: 24 | M60: 3 | O60: 2 | W60: 0 | X60: 1 | Y60: 0
A61: 50 | B61: 0 | C61: 0 | D61: 1 | E61: 210 | F61: =ROUND(Source!X35,O61) -> 23207 | G61: НР | H61: Накладные расходы | K61: 210 | L61: 25 | M61: 3 | O61: 2 | W61: 23207 | X61: 1 | Y61: 23207
A62: 50 | B62: 0 | C62: 0 | D62: 1 | E62: 211 | F62: =ROUND(Source!Y35,O62) -> 13139.99 | G62: СмПриб | H62: Сметная прибыль | K62: 211 | L62: 26 | M62: 3 | O62: 2 | W62: 13139.99 | X62: 1 | Y62: 13139.99
A63: 50 | B63: 0 | C63: 0 | D63: 1 | E63: 224 | F63: =ROUND(Source!AR35,O63) -> 138162.53 | G63: Всего | H63: Всего с НР и СП | K63: 224 | L63: 27 | M63: 3 | O63: 2 | W63: 138162.53 | X63: 1 | Y63: 138162.53
A65: 4 | B65: 1 | D65: =ROW(A102) -> 102 | F65: Новый раздел | G65: Укладка трубы | I65: 0 | K65: 0 | S65: 0 | V65: 0 | BX65: 0 | CJ65: 0
A67: 52 | B67: =B102 -> 1 | C67: =C102 -> 4 | D67: =D102 -> 65 | E67: =E102 -> 0 | F67: =F102 -> Новый раздел | G67: =G102 -> Укладка трубы | O67: =O102 -> 218236.65 | P67: =P102 -> 162585.27 | Q67: =Q102 -> 18701.68 | R67: =R102 -> 7704.35 | S67: =S102 -> 29245.35 | T67: =T102 -> 0 | U67: =U102 -> 71.8738 | V67: =V102 -> 17.130132 | ... GX67: =GX102 -> 0
A69: 17 | B69: 1 | C69: =ROW(SmtRes!A14) -> 14 | D69: =ROW(EtalonRes!A15) -> 15 | E69: 6 | F69: 24-02-031-01 | G69: Укладка полиэтиленовых труб газопроводов в траншею со стационарно установленного барабана, диаметр труб: до 63 мм | H69: 100 м | I69: =ROUND(220/100,7) -> 2.2 | J69: 0 | K69: =ROUND(220/100,7) -> 2.2 | O69: =ROUND(CP69,2) -> 6525.57 | P69: =SUMIF(SmtRes!AQ11:'SmtRes'!AQ14,"=1",SmtRes!DF11:'SmtRes'!DF14) -> 0 | Q69: =SUMIF(SmtRes!AQ11:'SmtRes'!AQ14,"=1",SmtRes!DG11:'SmtRes'!DG14) -> 982.14 | R69: =SUMIF(SmtRes!AQ11:'SmtRes'!AQ14,"=1",SmtRes!DH11:'SmtRes'!DH14) -> 0 | S69: =SUMIF(SmtRes!AQ11:'SmtRes'!AQ14,"=1",SmtRes!DI11:'SmtRes'!DI14) -> 5543.43 | T69: =ROUND(CU69*I69,2) -> 0 | U69: =SUMIF(SmtRes!AQ11:'SmtRes'!AQ14,"=1",SmtRes!CV11:'SmtRes'!CV14) -> 12.54 | V69: =SUMIF(SmtRes!AQ11:'SmtRes'!AQ14,"=1",SmtRes!CW11:'SmtRes'!CW14) -> 0 | W69: =ROUND(CX69*I69,2) -> 0 | X69: =ROUND(CY69,2) -> 6485.81 | Y69: =ROUND(CZ69,2) -> 4102.14 | AA69: 73953415 | AB69: =ROUND((AC69+AD69+AF69),6) -> 2844.0744 | AC69: =ROUND((0),6) -> 0 | AD69: =ROUND((((SUM(SmtRes!BR11:'SmtRes'!BR14))-(0))+AE69),6) -> 324.3324 | AE69: =ROUND((0),6) -> 0 | AF69: =ROUND((SUM(SmtRes!BT11:'SmtRes'!BT14)),6) -> 2519.742 | AG69: =ROUND((AP69),6) -> 0 | AH69: =(SUM(SmtRes!BU11:'SmtRes'!BU14)) -> 5.7 | AI69: =(0) -> 0 | AJ69: =(AS69) -> 0 | AK69: 2844.0744 | AL69: 0 | AM69: 324.3324 | AN69: 0 | AO69: 2519.742 | AP69: 0 | AQ69: 5.7 | AR69: 0 | AS69: 0 | AT69: 117 | AU69: 74 | AV69: 1 | AW69: 1 | AZ69: 1 | BA69: 1 | BB69: 1 | BC69: 1 | BH69: 0 | BI69: 1 | BJ69: ГЭСН-2022, 24-02-031-01, приказ Минстроя России от 18.05.2022 г. № 378/пр | BM69: 24001 | BN69: 0 | BP69: 0 | BQ69: 2 | BR69: 0 | BS69: 1 | BT69: 1 | BU69: 1 | BV69: 1 | BW69: 1 | BX69: 1 | BZ69: 117 | CA69: 74 | CE69: 0 | CF69: 0 | CG69: 0 | CM69: 0 | CO69: 0 | CP69: =(P69+Q69+S69+R69) -> 6525.57 | CQ69: =SUMIF(SmtRes!AQ11:'SmtRes'!AQ14,"=1",SmtRes!AA11:'SmtRes'!AA14) -> 0 | CR69: =SUMIF(SmtRes!AQ11:'SmtRes'!AQ14,"=1",SmtRes!AB11:'SmtRes'!AB14) -> 518.44 | CS69: =SUMIF(SmtRes!AQ11:'SmtRes'!AQ14,"=1",SmtRes!AC11:'SmtRes'!AC14) -> 0 | CT69: =SUMIF(SmtRes!AQ11:'SmtRes'!AQ14,"=1",SmtRes!AD11:'SmtRes'!AD14) -> 442.06 | CU69: =AG69 -> 0 | CV69: =SUMIF(SmtRes!AQ11:'SmtRes'!AQ14,"=1",SmtRes!BU11:'SmtRes'!BU14) -> 5.7 | CW69: =SUMIF(SmtRes!AQ11:'SmtRes'!AQ14,"=1",SmtRes!BV11:'SmtRes'!BV14) -> 0 | CX69: =AJ69 -> 0 | CY69: =(((S69+R69)*AT69)/100) -> 6485.8131 | CZ69: =(((S69+R69)*AU69)/100) -> 4102.1382 | DN69: 0 | DO69: 0 | DP69: 1 | DQ69: 1 | DU69: 1003 | DV69: 100 м | DW69: 100 м | DX69: 100 | EE69: 72340632 | EF69: 2 | EG69: Общестроительные работы | EH69: 18 | EI69: Наружные сети водопровода, канализации, теплоснабжения, газопроводы | EJ69: 1 | EK69: 24001 | EL69: Наружные сети водопровода, канализации, теплоснабжения, газопроводы | EM69: ФЕР-24 | EQ69: 0 | ER69: 0 | ES69: 0 | ET69: 0 | EU69: 0 | EV69: 0 | EW69: 5.7 | EX69: 0 | EY69: 0 | FQ69: 0 | FR69: 0 | FS69: 0 | FX69: 117 | FY69: 74 | GD69: 1 | GF69: -705619183 | GG69: 2 | GH69: 1 | GI69: -2 | GJ69: 0 | GK69: 0 | GL69: =ROUND(IF(AND(BH69=3,BI69=3,FS69<>0),P69,0),2) -> 0 | GM69: =ROUND(O69+X69+Y69,2)+GX69 -> 17113.52 | GN69: =IF(OR(BI69=0,BI69=1),GM69-GX69,0) -> 17113.52 | GO69: =IF(BI69=2,GM69-GX69,0) -> 0 | GP69: =IF(BI69=4,GM69-GX69,0) -> 0 | GR69: 0 | GS69: 3 | GT69: 0 | GV69: =ROUND((GT69),6) -> 0 | GW69: 1 | GX69: =ROUND(HC69*I69,2) -> 0 | HA69: 0 | HB69: 0 | HC69: =GV69*GW69 -> 0 | HN69: Пр/812-018.0-1 | HO69: Пр/774-018.0 | HP69: Наружные сети водопровода, канализации, теплоснабжения, газопроводы | HQ69: Наружные сети водопровода, канализации, теплоснабжения, газопроводы | HS69: 0 | IK69: 0
A70: 17 | B70: 1 | E70: 7 | F70: 24.3.03.11-0071 | G70: Трубы напорные полиэтиленовые газопроводные с защитным покрытием ПЭ100, стандартное размерное отношение SDR11, номинальный наружный диаметр 63 мм, толщина стенки 5,8 мм | H70: м | I70: 220 | J70: 0 | K70: 220 | O70: =ROUND(CP70,2) -> 98111.2 | P70: =ROUND(CQ70*I70,2) -> 98111.2 | Q70: =ROUND(CR70*I70,2) -> 0 | R70: =ROUND(CS70*I70,2) -> 0 | S70: =ROUND(CT70*I70,2) -> 0 | T70: =ROUND(CU70*I70,2) -> 0 | U70: =ROUND(CV70*I70,7) -> 0 | V70: =ROUND(CW70*I70,7) -> 0 | W70: =ROUND(CX70*I70,2) -> 0 | X70: =ROUND(CY70,2) -> 0 | Y70: =ROUND(CZ70,2) -> 0 | AA70: 73953415 | AB70: =ROUND((AC70+AD70+AF70),6) -> 445.96 | AC70: =ROUND((ES70),6) -> 445.96 | AD70: =ROUND((((ET70)-(EU70))+AE70),6) -> 0 | AE70: =ROUND((EU70),6) -> 0 | AF70: =ROUND((EV70),6) -> 0 | AG70: =ROUND((AP70),6) -> 0 | AH70: =(EW70) -> 0 | AI70: =(EX70) -> 0 | AJ70: =(AS70) -> 0 | AK70: 445.96 | AL70: 445.96 | AM70: 0 | AN70: 0 | AO70: 0 | AP70: 0 | AQ70: 0 | AR70: 0 | AS70: 0 | AT70: 0 | AU70: 0 | AV70: 1 | AW70: 1 | AZ70: 1 | BA70: 1 | BB70: 1 | BC70: 1 | BH70: 3 | BI70: 1 | BJ70: ФСБЦ-2022, 24.3.03.11-0071, приказ Минстроя России от 18.05.2022 г. № 378/пр | BM70: 500001 | BN70: 0 | BP70: 0 | BQ70: 8 | BR70: 0 | BS70: 1 | BT70: 1 | BU70: 1 | BV70: 1 | BW70: 1 | BX70: 1 | BZ70: 0 | CA70: 0 | CE70: 0 | CF70: 0 | CG70: 0 | CM70: 0 | CO70: 0 | CP70: =(P70+Q70+S70+R70) -> 98111.2 | CQ70: =ROUND(AL70*BC70,2) -> 445.96 | CR70: =ROUND(AM70*BB70,2) -> 0 | CS70: =ROUND(AN70*BS70,2) -> 0 | CT70: =ROUND(AO70*BA70,2) -> 0 | CU70: =AG70 -> 0 | CV70: =AH70 -> 0 | CW70: =AI70 -> 0 | CX70: =AJ70 -> 0 | CY70: =0 -> 0 | CZ70: =0 -> 0 | DN70: 0 | DO70: 0 | DP70: 1 | DQ70: 1 | DU70: 1003 | DV70: м | DW70: м | DX70: 1 | EE70: 72340530 | EF70: 8 | EG70: Материалы строительные | EH70: 0 | EJ70: 1 | EK70: 500001 | EL70: Материалы и конструкции ( строительные ) по ценникам и каталогом | EM70: ФССЦст | EQ70: 0 | ER70: 445.96 | ES70: 445.96 | ET70: 0 | EU70: 0 | EV70: 0 | EW70: 0 | EX70: 0 | EY70: 0 | FQ70: 0 | FR70: 0 | FS70: 0 | FX70: 0 | FY70: 0 | GD70: 1 | GE70: 356.47 | GF70: -1478815123 | GG70: 2 | GH70: 1 | GI70: -2 | GJ70: 0 | GK70: 0 | GL70: =ROUND(IF(AND(BH70=3,BI70=3,FS70<>0),P70,0),2) -> 0 | GM70: =ROUND(O70+X70+Y70,2)+GX70 -> 98111.2 | GN70: =IF(OR(BI70=0,BI70=1),GM70-GX70,0) -> 98111.2 | GO70: =IF(BI70=2,GM70-GX70,0) -> 0 | GP70: =IF(BI70=4,GM70-GX70,0) -> 0 | GR70: 3 | GS70: 3 | GT70: 0 | GV70: =ROUND((GT70),6) -> 0 | GW70: 1 | GX70: =ROUND(HC70*I70,2) -> 0 | HA70: 0 | HB70: 0 | HC70: =GV70*GW70 -> 0 | HS70: 0 | IK70: 0
A71: 17 | B71: 1 | E71: 8 | F71: 24.3.05.02-0133 | G71: Заглушка полиэтиленовая электросварная для газо- и водоснабжения, ПЭ100, стандартное размерное отношение SDR11, диаметр 63 мм | H71: ШТ | I71: 1 | J71: 0 | K71: 1 | O71: =ROUND(CP71,2) -> 1058.28 | P71: =ROUND(CQ71*I71,2) -> 1058.28 | Q71: =ROUND(CR71*I71,2) -> 0 | R71: =ROUND(CS71*I71,2) -> 0 | S71: =ROUND(CT71*I71,2) -> 0 | T71: =ROUND(CU71*I71,2) -> 0 | U71: =ROUND(CV71*I71,7) -> 0 | V71: =ROUND(CW71*I71,7) -> 0 | W71: =ROUND(CX71*I71,2) -> 0 | X71: =ROUND(CY71,2) -> 0 | Y71: =ROUND(CZ71,2) -> 0 | AA71: 73953415 | AB71: =ROUND((AC71+AD71+AF71),6) -> 1027.46 | AC71: =ROUND((ES71),6) -> 1027.46 | AD71: =ROUND((((ET71)-(EU71))+AE71),6) -> 0 | AE71: =ROUND((EU71),6) -> 0 | AF71: =ROUND((EV71),6) -> 0 | AG71: =ROUND((AP71),6) -> 0 | AH71: =(EW71) -> 0 | AI71: =(EX71) -> 0 | AJ71: =(AS71) -> 0 | AK71: 1027.46 | AL71: 1027.46 | AM71: 0 | AN71: 0 | AO71: 0 | AP71: 0 | AQ71: 0 | AR71: 0 | AS71: 0 | AT71: 0 | AU71: 0 | AV71: 1 | AW71: 1 | AZ71: 1 | BA71: 1 | BB71: 1 | BC71: 1.03 | BH71: 3 | BI71: 1 | BJ71: ФСБЦ-2022, 24.3.05.02-0133, приказ Минстроя России от 18.05.2022 г. № 378/пр | BM71: 500001 | BN71: 0 | BO71: 24.3.05.02-0133 | BP71: 1 | BQ71: 8 | BR71: 0 | BS71: 1 | BT71: 1 | BU71: 1 | BV71: 1 | BW71: 1 | BX71: 1 | BZ71: 0 | CA71: 0 | CE71: 0 | CF71: 0 | CG71: 0 | CM71: 0 | CO71: 0 | CP71: =(P71+Q71+S71+R71) -> 1058.28 | CQ71: =ROUND(AL71*BC71,2) -> 1058.28 | CR71: =ROUND(AM71*BB71,2) -> 0 | CS71: =ROUND(AN71*BS71,2) -> 0 | CT71: =ROUND(AO71*BA71,2) -> 0 | CU71: =AG71 -> 0 | CV71: =AH71 -> 0 | CW71: =AI71 -> 0 | CX71: =AJ71 -> 0 | CY71: =0 -> 0 | CZ71: =0 -> 0 | DN71: 0 | DO71: 0 | DP71: 1 | DQ71: 1 | DU71: 1013 | DV71: ШТ | DW71: ШТ | DX71: 1 | EE71: 72340530 | EF71: 8 | EG71: Материалы строительные | EH71: 0 | EJ71: 1 | EK71: 500001 | EL71: Материалы и конструкции ( строительные ) по ценникам и каталогом | EM71: ФССЦст | EQ71: 0 | ER71: 1027.46 | ES71: 1027.46 | ET71: 0 | EU71: 0 | EV71: 0 | EW71: 0 | EX71: 0 | EY71: 0 | FQ71: 0 | FR71: 0 | FS71: 0 | FX71: 0 | FY71: 0 | GD71: 1 | GF71: 1160847145 | GG71: 2 | GH71: 1 | GI71: 2 | GJ71: 0 | GK71: 0 | GL71: =ROUND(IF(AND(BH71=3,BI71=3,FS71<>0),P71,0),2) -> 0 | GM71: =ROUND(O71+X71+Y71,2)+GX71 -> 1058.28 | GN71: =IF(OR(BI71=0,BI71=1),GM71-GX71,0) -> 1058.28 | GO71: =IF(BI71=2,GM71-GX71,0) -> 0 | GP71: =IF(BI71=4,GM71-GX71,0) -> 0 | GR71: 0 | GS71: 3 | GT71: 0 | GV71: =ROUND((GT71),6) -> 0 | GW71: 1 | GX71: =ROUND(HC71*I71,2) -> 0 | HA71: 0 | HB71: 0 | HC71: =GV71*GW71 -> 0 | HS71: 0 | IK71: 0
A72: 17 | B72: 1 | C72: =ROW(SmtRes!A29) -> 29 | D72: =ROW(EtalonRes!A30) -> 30 | E72: 9 | F72: 24-02-041-01 | G72: Надземная прокладка стальных газопроводов, диаметр газопровода: 50 мм | H72: 100 м | I72: =ROUND(17/100,7) -> 0.17 | J72: 0 | K72: =ROUND(17/100,7) -> 0.17 | O72: =ROUND(CP72,2) -> 4892.7 | P72: =SUMIF(SmtRes!AQ15:'SmtRes'!AQ29,"=1",SmtRes!DF15:'SmtRes'!DF29) -> 326.95 | Q72: =SUMIF(SmtRes!AQ15:'SmtRes'!AQ29,"=1",SmtRes!DG15:'SmtRes'!DG29) -> 2334.01 | R72: =SUMIF(SmtRes!AQ15:'SmtRes'!AQ29,"=1",SmtRes!DH15:'SmtRes'!DH29) -> 929.95 | S72: =SUMIF(SmtRes!AQ15:'SmtRes'!AQ29,"=1",SmtRes!DI15:'SmtRes'!DI29) -> 1301.79 | T72: =ROUND(CU72*I72,2) -> 0 | U72: =SUMIF(SmtRes!AQ15:'SmtRes'!AQ29,"=1",SmtRes!CV15:'SmtRes'!CV29) -> 3.4867 | V72: =SUMIF(SmtRes!AQ15:'SmtRes'!AQ29,"=1",SmtRes!CW15:'SmtRes'!CW29) -> 2.0332 | W72: =ROUND(CX72*I72,2) -> 0 | X72: =ROUND(CY72,2) -> 2611.14 | Y72: =ROUND(CZ72,2) -> 1651.49 | AA72: 73953415 | AB72: =ROUND((AC72+AD72+AF72),6) -> 20759.783 | AC72: =ROUND((SUM(SmtRes!BQ15:'SmtRes'!BQ29)),6) -> 1420.631 | AD72: =ROUND((((SUM(SmtRes!BR15:'SmtRes'!BR29))-(SUM(SmtRes!BS15:'SmtRes'!BS29)))+AE72),6) -> 11681.538 | AE72: =ROUND((SUM(SmtRes!BS15:'SmtRes'!BS29)),6) -> 5470.296 | AF72: =ROUND((SUM(SmtRes!BT15:'SmtRes'!BT29)),6) -> 7657.6136 | AG72: =ROUND((AP72),6) -> 0 | AH72: =(SUM(SmtRes!BU15:'SmtRes'!BU29)) -> 20.51 | AI72: =(SUM(SmtRes!BV15:'SmtRes'!BV29)) -> 11.96 | AJ72: =(AS72) -> 0 | AK72: 26230.079 | AL72: 1420.631 | AM72: 11681.538 | AN72: 5470.296 | AO72: 7657.6136 | AP72: 0 | AQ72: 20.51 | AR72: 11.96 | AS72: 0 | AT72: 117 | AU72: 74 | AV72: 1 | AW72: 1 | AZ72: 1 | BA72: 1 | BB72: 1 | BC72: 1 | BH72: 0 | BI72: 1 | BJ72: ГЭСН-2022 доп.4, 24-02-041-01, приказ Минстроя России от 27.12.2022 г. № 1133/пр | BM72: 24001 | BN72: 0 | BP72: 0 | BQ72: 2 | BR72: 0 | BS72: 1 | BT72: 1 | BU72: 1 | BV72: 1 | BW72: 1 | BX72: 1 | BZ72: 117 | CA72: 74 | CE72: 0 | CF72: 0 | CG72: 0 | CM72: 0 | CO72: 0 | CP72: =(P72+Q72+S72+R72) -> 4892.7 | CQ72: =SUMIF(SmtRes!AQ15:'SmtRes'!AQ29,"=1",SmtRes!AA15:'SmtRes'!AA29) -> 867589.44 | CR72: =SUMIF(SmtRes!AQ15:'SmtRes'!AQ29,"=1",SmtRes!AB15:'SmtRes'!AB29) -> 1640.61 | CS72: =SUMIF(SmtRes!AQ15:'SmtRes'!AQ29,"=1",SmtRes!AC15:'SmtRes'!AC29) -> 860.22 | CT72: =SUMIF(SmtRes!AQ15:'SmtRes'!AQ29,"=1",SmtRes!AD15:'SmtRes'!AD29) -> 373.36 | CU72: =AG72 -> 0 | CV72: =SUMIF(SmtRes!AQ15:'SmtRes'!AQ29,"=1",SmtRes!BU15:'SmtRes'!BU29) -> 20.51 | CW72: =SUMIF(SmtRes!AQ15:'SmtRes'!AQ29,"=1",SmtRes!BV15:'SmtRes'!BV29) -> 11.96 | CX72: =AJ72 -> 0 | CY72: =(((S72+R72)*AT72)/100) -> 2611.1358 | CZ72: =(((S72+R72)*AU72)/100) -> 1651.4876 | DN72: 0 | DO72: 0 | DP72: 1 | DQ72: 1 | DU72: 1003 | DV72: 100 м | DW72: 100 м | DX72: 100 | EE72: 72340632 | EF72: 2 | EG72: Общестроительные работы | EH72: 18 | EI72: Наружные сети водопровода, канализации, теплоснабжения, газопроводы | EJ72: 1 | EK72: 24001 | EL72: Наружные сети водопровода, канализации, теплоснабжения, газопроводы | EM72: ФЕР-24 | EQ72: 0 | ER72: 0 | ES72: 0 | ET72: 0 | EU72: 0 | EV72: 0 | EW72: 20.51 | EX72: 11.96 | EY72: 0 | FQ72: 0 | FR72: 0 | FS72: 0 | FX72: 117 | FY72: 74 | GD72: 1 | GF72: -46601497 | GG72: 2 | GH72: 1 | GI72: -2 | GJ72: 0 | GK72: 0 | GL72: =ROUND(IF(AND(BH72=3,BI72=3,FS72<>0),P72,0),2) -> 0 | GM72: =ROUND(O72+X72+Y72,2)+GX72 -> 9155.33 | GN72: =IF(OR(BI72=0,BI72=1),GM72-GX72,0) -> 9155.33 | GO72: =IF(BI72=2,GM72-GX72,0) -> 0 | GP72: =IF(BI72=4,GM72-GX72,0) -> 0 | GR72: 0 | GS72: 3 | GT72: 0 | GV72: =ROUND((GT72),6) -> 0 | GW72: 1 | GX72: =ROUND(HC72*I72,2) -> 0 | HA72: 0 | HB72: 0 | HC72: =GV72*GW72 -> 0 | HN72: Пр/812-018.0-1 | HO72: Пр/774-018.0 | HP72: Наружные сети водопровода, канализации, теплоснабжения, газопроводы | HQ72: Наружные сети водопровода, канализации, теплоснабжения, газопроводы | HS72: 0 | IK72: 0
A73: 18 | B73: 1 | C73: 29 | E73: 9,1 | F73: 23.5.02.02-0033 | G73: Трубы стальные электросварные прямошовные из стали марок Ст2, 10, наружный диаметр 57 мм, толщина стенки 3 мм | H73: м | I73: =I72*J73 -> 17 | J73: 100 | K73: 100 | O73: =ROUND(CP73,2) -> 3417.85 | P73: =ROUND(CQ73*I73,2) -> 3417.85 | Q73: =ROUND(CR73*I73,2) -> 0 | R73: =ROUND(CS73*I73,2) -> 0 | S73: =ROUND(CT73*I73,2) -> 0 | T73: =ROUND(CU73*I73,2) -> 0 | U73: =ROUND(CV73*I73,7) -> 0 | V73: =ROUND(CW73*I73,7) -> 0 | W73: =ROUND(CX73*I73,2) -> 0 | X73: =ROUND(CY73,2) -> 0 | Y73: =ROUND(CZ73,2) -> 0 | AA73: 73953415 | AB73: =ROUND((AC73+AD73+AF73),6) -> 201.05 | AC73: =ROUND((ES73),6) -> 201.05 | AD73: =ROUND((((ET73)-(EU73))+AE73),6) -> 0 | AE73: =ROUND((EU73),6) -> 0 | AF73: =ROUND((EV73),6) -> 0 | AG73: =ROUND((AP73),6) -> 0 | AH73: =(EW73) -> 0 | AI73: =(EX73) -> 0 | AJ73: =(AS73) -> 0 | AK73: 201.05 | AL73: 201.05 | AM73: 0 | AN73: 0 | AO73: 0 | AP73: 0 | AQ73: 0 | AR73: 0 | AS73: 0 | AT73: 117 | AU73: 74 | AV73: 1 | AW73: 1 | AZ73: 1 | BA73: 1 | BB73: 1 | BC73: 1 | BH73: 3 | BI73: 1 | BJ73: ФСБЦ-2022, 23.5.02.02-0033, приказ Минстроя России от 18.05.2022 г. № 378/пр | BM73: 24001 | BN73: 0 | BP73: 0 | BQ73: 2 | BR73: 0 | BS73: 1 | BT73: 1 | BU73: 1 | BV73: 1 | BW73: 1 | BX73: 1 | BZ73: 117 | CA73: 74 | CE73: 0 | CF73: 0 | CG73: 0 | CM73: 0 | CO73: 0 | CP73: =(P73+Q73+S73+R73) -> 3417.85 | CQ73: =ROUND(AL73*BC73,2) -> 201.05 | CR73: =ROUND(AM73*BB73,2) -> 0 | CS73: =ROUND(AN73*BS73,2) -> 0 | CT73: =ROUND(AO73*BA73,2) -> 0 | CU73: =AG73 -> 0 | CV73: =AH73 -> 0 | CW73: =AI73 -> 0 | CX73: =AJ73 -> 0 | CY73: =(((S73+R73)*AT73)/100) -> 0 | CZ73: =(((S73+R73)*AU73)/100) -> 0 | DN73: 0 | DO73: 0 | DP73: 1 | DQ73: 1 | DU73: 1003 | DV73: м | DW73: м | DX73: 1 | EE73: 72340632 | EF73: 2 | EG73: Общестроительные работы | EH73: 18 | EI73: Наружные сети водопровода, канализации, теплоснабжения, газопроводы | EJ73: 1 | EK73: 24001 | EL73: Наружные сети водопровода, канализации, теплоснабжения, газопроводы | EM73: ФЕР-24 | EQ73: 0 | ER73: 201.05 | ES73: 201.05 | ET73: 0 | EU73: 0 | EV73: 0 | EW73: 0 | EX73: 0 | FQ73: 0 | FR73: 0 | FS73: 0 | FX73: 117 | FY73: 74 | GD73: 1 | GE73: 225.92 | GF73: 918212004 | GG73: 2 | GH73: 1 | GI73: -2 | GJ73: 0 | GK73: 0 | GL73: =ROUND(IF(AND(BH73=3,BI73=3,FS73<>0),P73,0),2) -> 0 | GM73: =ROUND(O73+X73+Y73,2)+GX73 -> 3417.85 | GN73: =IF(OR(BI73=0,BI73=1),GM73-GX73,0) -> 3417.85 | GO73: =IF(BI73=2,GM73-GX73,0) -> 0 | GP73: =IF(BI73=4,GM73-GX73,0) -> 0 | GR73: 3 | GS73: 3 | GT73: 0 | GV73: =ROUND((GT73),6) -> 0 | GW73: 1 | GX73: =ROUND(HC73*I73,2) -> 0 | HA73: 0 | HB73: 0 | HC73: =GV73*GW73 -> 0 | HN73: Пр/812-018.0-1 | HO73: Пр/774-018.0 | HP73: Наружные сети водопровода, канализации, теплоснабжения, газопроводы | HQ73: Наружные сети водопровода, канализации, теплоснабжения, газопроводы | HS73: 0 | IK73: 0
A74: 17 | B74: 1 | C74: =ROW(SmtRes!A47) -> 47 | D74: =ROW(EtalonRes!A48) -> 48 | E74: 10 | F74: 24-02-040-09 | G74: Монтаж металлических опор высотой: свыше 1 до 2,2 м для надземной прокладки стальных газопроводов диаметром 50 мм | H74: 100 м | I74: =ROUND(17/100,7) -> 0.17 | J74: 0 | K74: =ROUND(17/100,7) -> 0.17 | O74: =ROUND(CP74,2) -> 3504.89 | P74: =SUMIF(SmtRes!AQ30:'SmtRes'!AQ47,"=1",SmtRes!DF30:'SmtRes'!DF47) -> 274.39 | Q74: =SUMIF(SmtRes!AQ30:'SmtRes'!AQ47,"=1",SmtRes!DG30:'SmtRes'!DG47) -> 1745.02 | R74: =SUMIF(SmtRes!AQ30:'SmtRes'!AQ47,"=1",SmtRes!DH30:'SmtRes'!DH47) -> 393.93 | S74: =SUMIF(SmtRes!AQ30:'SmtRes'!AQ47,"=1",SmtRes!DI30:'SmtRes'!DI47) -> 1091.55 | T74: =ROUND(CU74*I74,2) -> 0 | U74: =SUMIF(SmtRes!AQ30:'SmtRes'!AQ47,"=1",SmtRes!CV30:'SmtRes'!CV47) -> 2.7897 | V74: =SUMIF(SmtRes!AQ30:'SmtRes'!AQ47,"=1",SmtRes!CW30:'SmtRes'!CW47) -> 0.7854 | W74: =ROUND(CX74*I74,2) -> 0 | X74: =ROUND(CY74,2) -> 1738.01 | Y74: =ROUND(CZ74,2) -> 1099.26 | AA74: 73953415 | AB74: =ROUND((AC74+AD74+AF74),6) -> 16831.119 | AC74: =ROUND((SUM(SmtRes!BQ30:'SmtRes'!BQ47)),6) -> 1555.26 | AD74: =ROUND((((SUM(SmtRes!BR30:'SmtRes'!BR47))-(SUM(SmtRes!BS30:'SmtRes'!BS47)))+AE74),6) -> 8854.9542 | AE74: =ROUND((SUM(SmtRes!BS30:'SmtRes'!BS47)),6) -> 2317.2262 | AF74: =ROUND((SUM(SmtRes!BT30:'SmtRes'!BT47)),6) -> 6420.9048 | AG74: =ROUND((AP74),6) -> 0 | AH74: =(SUM(SmtRes!BU30:'SmtRes'!BU47)) -> 16.41 | AI74: =(SUM(SmtRes!BV30:'SmtRes'!BV47)) -> 4.62 | AJ74: =(AS74) -> 0 | AK74: 19148.345 | AL74: 1555.26 | AM74: 8854.9542 | AN74: 2317.2262 | AO74: 6420.9048 | AP74: 0 | AQ74: 16.41 | AR74: 4.62 | AS74: 0 | AT74: 117 | AU74: 74 | AV74: 1 | AW74: 1 | AZ74: 1 | BA74: 1 | BB74: 1 | BC74: 1 | BH74: 0 | BI74: 1 | BJ74: ГЭСН-2022 доп.17, 24-02-040-09, приказ Минстроя России от 17.02.2026 г. № 91/пр | BM74: 24001 | BN74: 0 | BP74: 0 | BQ74: 2 | BR74: 0 | BS74: 1 | BT74: 1 | BU74: 1 | BV74: 1 | BW74: 1 | BX74: 1 | BZ74: 117 | CA74: 74 | CE74: 0 | CF74: 0 | CG74: 0 | CM74: 0 | CO74: 0 | CP74: =(P74+Q74+S74+R74) -> 3504.89 | CQ74: =SUMIF(SmtRes!AQ30:'SmtRes'!AQ47,"=1",SmtRes!AA30:'SmtRes'!AA47) -> 47955.1 | CR74: =SUMIF(SmtRes!AQ30:'SmtRes'!AQ47,"=1",SmtRes!AB30:'SmtRes'!AB47) -> 5650.11 | CS74: =SUMIF(SmtRes!AQ30:'SmtRes'!AQ47,"=1",SmtRes!AC30:'SmtRes'!AC47) -> 1397.86 | CT74: =SUMIF(SmtRes!AQ30:'SmtRes'!AQ47,"=1",SmtRes!AD30:'SmtRes'!AD47) -> 391.28 | CU74: =AG74 -> 0 | CV74: =SUMIF(SmtRes!AQ30:'SmtRes'!AQ47,"=1",SmtRes!BU30:'SmtRes'!BU47) -> 16.41 | CW74: =SUMIF(SmtRes!AQ30:'SmtRes'!AQ47,"=1",SmtRes!BV30:'SmtRes'!BV47) -> 4.62 | CX74: =AJ74 -> 0 | CY74: =(((S74+R74)*AT74)/100) -> 1738.0116 | CZ74: =(((S74+R74)*AU74)/100) -> 1099.2552 | DN74: 0 | DO74: 0 | DP74: 1 | DQ74: 1 | DU74: 1003 | DV74: 100 м | DW74: 100 м | DX74: 100 | EE74: 72340632 | EF74: 2 | EG74: Общестроительные работы | EH74: 18 | EI74: Наружные сети водопровода, канализации, теплоснабжения, газопроводы | EJ74: 1 | EK74: 24001 | EL74: Наружные сети водопровода, канализации, теплоснабжения, газопроводы | EM74: ФЕР-24 | EQ74: 0 | ER74: 0 | ES74: 0 | ET74: 0 | EU74: 0 | EV74: 0 | EW74: 16.41 | EX74: 4.62 | EY74: 0 | FQ74: 0 | FR74: 0 | FS74: 0 | FX74: 117 | FY74: 74 | GD74: 1 | GF74: -1528835578 | GG74: 2 | GH74: 1 | GI74: -2 | GJ74: 0 | GK74: 0 | GL74: =ROUND(IF(AND(BH74=3,BI74=3,FS74<>0),P74,0),2) -> 0 | GM74: =ROUND(O74+X74+Y74,2)+GX74 -> 6342.16 | GN74: =IF(OR(BI74=0,BI74=1),GM74-GX74,0) -> 6342.16 | GO74: =IF(BI74=2,GM74-GX74,0) -> 0 | GP74: =IF(BI74=4,GM74-GX74,0) -> 0 | GR74: 0 | GS74: 3 | GT74: 0 | GV74: =ROUND((GT74),6) -> 0 | GW74: 1 | GX74: =ROUND(HC74*I74,2) -> 0 | HA74: 0 | HB74: 0 | HC74: =GV74*GW74 -> 0 | HN74: Пр/812-018.0-1 | HO74: Пр/774-018.0 | HP74: Наружные сети водопровода, канализации, теплоснабжения, газопроводы | HQ74: Наружные сети водопровода, канализации, теплоснабжения, газопроводы | HS74: 0 | IK74: 0
A75: 18 | B75: 1 | C75: 44 | E75: 10,1 | F75: 04.1.02.05-0264 | G75: Смеси бетонные тяжелого бетона (БСТ) на щебне из гравия, класс В15, F(1)200, W6 | H75: м3 | I75: =I74*J75 -> 0.0986 | J75: 0.58 | K75: 0.58 | O75: =ROUND(CP75,2) -> 681.77 | P75: =ROUND(CQ75*I75,2) -> 681.77 | Q75: =ROUND(CR75*I75,2) -> 0 | R75: =ROUND(CS75*I75,2) -> 0 | S75: =ROUND(CT75*I75,2) -> 0 | T75: =ROUND(CU75*I75,2) -> 0 | U75: =ROUND(CV75*I75,7) -> 0 | V75: =ROUND(CW75*I75,7) -> 0 | W75: =ROUND(CX75*I75,2) -> 0 | X75: =ROUND(CY75,2) -> 0 | Y75: =ROUND(CZ75,2) -> 0 | AA75: 73953415 | AB75: =ROUND((AC75+AD75+AF75),6) -> 4768.61 | AC75: =ROUND((ES75),6) -> 4768.61 | AD75: =ROUND((((ET75)-(EU75))+AE75),6) -> 0 | AE75: =ROUND((EU75),6) -> 0 | AF75: =ROUND((EV75),6) -> 0 | AG75: =ROUND((AP75),6) -> 0 | AH75: =(EW75) -> 0 | AI75: =(EX75) -> 0 | AJ75: =(AS75) -> 0 | AK75: 4768.61 | AL75: 4768.61 | AM75: 0 | AN75: 0 | AO75: 0 | AP75: 0 | AQ75: 0 | AR75: 0 | AS75: 0 | AT75: 117 | AU75: 74 | AV75: 1 | AW75: 1 | AZ75: 1 | BA75: 1 | BB75: 1 | BC75: 1.45 | BH75: 3 | BI75: 1 | BJ75: ФСБЦ-2022 доп.14, 04.1.02.05-0264, приказ Минстроя России от 19.05.2025 г. № 299/пр | BM75: 24001 | BN75: 0 | BO75: 04.1.02.05-0264 | BP75: 1 | BQ75: 2 | BR75: 0 | BS75: 1 | BT75: 1 | BU75: 1 | BV75: 1 | BW75: 1 | BX75: 1 | BZ75: 117 | CA75: 74 | CE75: 0 | CF75: 0 | CG75: 0 | CM75: 0 | CO75: 0 | CP75: =(P75+Q75+S75+R75) -> 681.77 | CQ75: =ROUND(AL75*BC75,2) -> 6914.48 | CR75: =ROUND(AM75*BB75,2) -> 0 | CS75: =ROUND(AN75*BS75,2) -> 0 | CT75: =ROUND(AO75*BA75,2) -> 0 | CU75: =AG75 -> 0 | CV75: =AH75 -> 0 | CW75: =AI75 -> 0 | CX75: =AJ75 -> 0 | CY75: =(((S75+R75)*AT75)/100) -> 0 | CZ75: =(((S75+R75)*AU75)/100) -> 0 | DN75: 0 | DO75: 0 | DP75: 1 | DQ75: 1 | DU75: 1007 | DV75: м3 | DW75: м3 | DX75: 1 | EE75: 72340632 | EF75: 2 | EG75: Общестроительные работы | EH75: 18 | EI75: Наружные сети водопровода, канализации, теплоснабжения, газопроводы | EJ75: 1 | EK75: 24001 | EL75: Наружные сети водопровода, канализации, теплоснабжения, газопроводы | EM75: ФЕР-24 | EQ75: 0 | ER75: 4768.61 | ES75: 4768.61 | ET75: 0 | EU75: 0 | EV75: 0 | EW75: 0 | EX75: 0 | FQ75: 0 | FR75: 0 | FS75: 0 | FX75: 117 | FY75: 74 | GD75: 1 | GF75: 1140672670 | GG75: 2 | GH75: 1 | GI75: 2 | GJ75: 0 | GK75: 0 | GL75: =ROUND(IF(AND(BH75=3,BI75=3,FS75<>0),P75,0),2) -> 0 | GM75: =ROUND(O75+X75+Y75,2)+GX75 -> 681.77 | GN75: =IF(OR(BI75=0,BI75=1),GM75-GX75,0) -> 681.77 | GO75: =IF(BI75=2,GM75-GX75,0) -> 0 | GP75: =IF(BI75=4,GM75-GX75,0) -> 0 | GR75: 0 | GS75: 3 | GT75: 0 | GV75: =ROUND((GT75),6) -> 0 | GW75: 1 | GX75: =ROUND(HC75*I75,2) -> 0 | HA75: 0 | HB75: 0 | HC75: =GV75*GW75 -> 0 | HN75: Пр/812-018.0-1 | HO75: Пр/774-018.0 | HP75: Наружные сети водопровода, канализации, теплоснабжения, газопроводы | HQ75: Наружные сети водопровода, канализации, теплоснабжения, газопроводы | HS75: 0 | IK75: 0
A76: 18 | B76: 1 | C76: 47 | E76: 10,2 | F76: 23.5.02.02-0029 | G76: Трубы стальные электросварные прямошовные из стали марок Ст2, 10, наружный диаметр 40 мм, толщина стенки 3 мм | H76: м | I76: =I74*J76 -> 9 | J76: 52.941176 | K76: 52.941176 | O76: =ROUND(CP76,2) -> 1196.19 | P76: =ROUND(CQ76*I76,2) -> 1196.19 | Q76: =ROUND(CR76*I76,2) -> 0 | R76: =ROUND(CS76*I76,2) -> 0 | S76: =ROUND(CT76*I76,2) -> 0 | T76: =ROUND(CU76*I76,2) -> 0 | U76: =ROUND(CV76*I76,7) -> 0 | V76: =ROUND(CW76*I76,7) -> 0 | W76: =ROUND(CX76*I76,2) -> 0 | X76: =ROUND(CY76,2) -> 0 | Y76: =ROUND(CZ76,2) -> 0 | AA76: 73953415 | AB76: =ROUND((AC76+AD76+AF76),6) -> 151.03 | AC76: =ROUND((ES76),6) -> 151.03 | AD76: =ROUND((((ET76)-(EU76))+AE76),6) -> 0 | AE76: =ROUND((EU76),6) -> 0 | AF76: =ROUND((EV76),6) -> 0 | AG76: =ROUND((AP76),6) -> 0 | AH76: =(EW76) -> 0 | AI76: =(EX76) -> 0 | AJ76: =(AS76) -> 0 | AK76: 151.03 | AL76: 151.03 | AM76: 0 | AN76: 0 | AO76: 0 | AP76: 0 | AQ76: 0 | AR76: 0 | AS76: 0 | AT76: 117 | AU76: 74 | AV76: 1 | AW76: 1 | AZ76: 1 | BA76: 1 | BB76: 1 | BC76: 0.88 | BH76: 3 | BI76: 1 | BJ76: ФСБЦ-2022, 23.5.02.02-0029, приказ Минстроя России от 18.05.2022 г. № 378/пр | BM76: 24001 | BN76: 0 | BO76: 23.5.02.02-0029 | BP76: 1 | BQ76: 2 | BR76: 0 | BS76: 1 | BT76: 1 | BU76: 1 | BV76: 1 | BW76: 1 | BX76: 1 | BZ76: 117 | CA76: 74 | CE76: 0 | CF76: 0 | CG76: 0 | CM76: 0 | CO76: 0 | CP76: =(P76+Q76+S76+R76) -> 1196.19 | CQ76: =ROUND(AL76*BC76,2) -> 132.91 | CR76: =ROUND(AM76*BB76,2) -> 0 | CS76: =ROUND(AN76*BS76,2) -> 0 | CT76: =ROUND(AO76*BA76,2) -> 0 | CU76: =AG76 -> 0 | CV76: =AH76 -> 0 | CW76: =AI76 -> 0 | CX76: =AJ76 -> 0 | CY76: =(((S76+R76)*AT76)/100) -> 0 | CZ76: =(((S76+R76)*AU76)/100) -> 0 | DN76: 0 | DO76: 0 | DP76: 1 | DQ76: 1 | DU76: 1003 | DV76: м | DW76: м | DX76: 1 | EE76: 72340632 | EF76: 2 | EG76: Общестроительные работы | EH76: 18 | EI76: Наружные сети водопровода, канализации, теплоснабжения, газопроводы | EJ76: 1 | EK76: 24001 | EL76: Наружные сети водопровода, канализации, теплоснабжения, газопроводы | EM76: ФЕР-24 | EQ76: 0 | ER76: 151.03 | ES76: 151.03 | ET76: 0 | EU76: 0 | EV76: 0 | EW76: 0 | EX76: 0 | FQ76: 0 | FR76: 0 | FS76: 0 | FX76: 117 | FY76: 74 | GD76: 1 | GF76: -2088083797 | GG76: 2 | GH76: 1 | GI76: 2 | GJ76: 0 | GK76: 0 | GL76: =ROUND(IF(AND(BH76=3,BI76=3,FS76<>0),P76,0),2) -> 0 | GM76: =ROUND(O76+X76+Y76,2)+GX76 -> 1196.19 | GN76: =IF(OR(BI76=0,BI76=1),GM76-GX76,0) -> 1196.19 | GO76: =IF(BI76=2,GM76-GX76,0) -> 0 | GP76: =IF(BI76=4,GM76-GX76,0) -> 0 | GR76: 0 | GS76: 3 | GT76: 0 | GV76: =ROUND((GT76),6) -> 0 | GW76: 1 | GX76: =ROUND(HC76*I76,2) -> 0 | HA76: 0 | HB76: 0 | HC76: =GV76*GW76 -> 0 | HN76: Пр/812-018.0-1 | HO76: Пр/774-018.0 | HP76: Наружные сети водопровода, канализации, теплоснабжения, газопроводы | HQ76: Наружные сети водопровода, канализации, теплоснабжения, газопроводы | HS76: 0 | IK76: 0
A77: 17 | B77: 1 | C77: =ROW(SmtRes!A53) -> 53 | D77: =ROW(EtalonRes!A54) -> 54 | E77: 11 | F77: 24-02-002-02 | G77: Сварка полиэтиленовых труб при помощи соединительных деталей с закладными электронагревателями, диаметр труб: свыше 32 до 63 мм | H77: соединение | I77: 4 | J77: 0 | K77: 4 | O77: =ROUND(CP77,2) -> 592.27 | P77: =SUMIF(SmtRes!AQ48:'SmtRes'!AQ53,"=1",SmtRes!DF48:'SmtRes'!DF53) -> 80.94 | Q77: =SUMIF(SmtRes!AQ48:'SmtRes'!AQ53,"=1",SmtRes!DG48:'SmtRes'!DG53) -> 16.23 | R77: =SUMIF(SmtRes!AQ48:'SmtRes'!AQ53,"=1",SmtRes!DH48:'SmtRes'!DH53) -> 0 | S77: =SUMIF(SmtRes!AQ48:'SmtRes'!AQ53,"=1",SmtRes!DI48:'SmtRes'!DI53) -> 495.1 | T77: =ROUND(CU77*I77,2) -> 0 | U77: =SUMIF(SmtRes!AQ48:'SmtRes'!AQ53,"=1",SmtRes!CV48:'SmtRes'!CV53) -> 1.28 | V77: =SUMIF(SmtRes!AQ48:'SmtRes'!AQ53,"=1",SmtRes!CW48:'SmtRes'!CW53) -> 0 | W77: =ROUND(CX77*I77,2) -> 0 | X77: =ROUND(CY77,2) -> 579.27 | Y77: =ROUND(CZ77,2) -> 366.37 | AA77: 73953415 | AB77: =ROUND((AC77+AD77+AF77),6) -> 138.56632 | AC77: =ROUND((SUM(SmtRes!BQ48:'SmtRes'!BQ53)),6) -> 12.04842 | AD77: =ROUND((((SUM(SmtRes!BR48:'SmtRes'!BR53))-(0))+AE77),6) -> 2.7419 | AE77: =ROUND((0),6) -> 0 | AF77: =ROUND((SUM(SmtRes!BT48:'SmtRes'!BT53)),6) -> 123.776 | AG77: =ROUND((AP77),6) -> 0 | AH77: =(SUM(SmtRes!BU48:'SmtRes'!BU53)) -> 0.32 | AI77: =(0) -> 0 | AJ77: =(AS77) -> 0 | AK77: 138.56632 | AL77: 12.04842 | AM77: 2.7419 | AN77: 0 | AO77: 123.776 | AP77: 0 | AQ77: 0.32 | AR77: 0 | AS77: 0 | AT77: 117 | AU77: 74 | AV77: 1 | AW77: 1 | AZ77: 1 | BA77: 1 | BB77: 1 | BC77: 1 | BH77: 0 | BI77: 1 | BJ77: ГЭСН-2022, 24-02-002-02, приказ Минстроя России от 18.05.2022 г. № 378/пр | BM77: 24001 | BN77: 0 | BP77: 0 | BQ77: 2 | BR77: 0 | BS77: 1 | BT77: 1 | BU77: 1 | BV77: 1 | BW77: 1 | BX77: 1 | BZ77: 117 | CA77: 74 | CE77: 0 | CF77: 0 | CG77: 0 | CM77: 0 | CO77: 0 | CP77: =(P77+Q77+S77+R77) -> 592.27 | CQ77: =SUMIF(SmtRes!AQ48:'SmtRes'!AQ53,"=1",SmtRes!AA48:'SmtRes'!AA53) -> 1094.1 | CR77: =SUMIF(SmtRes!AQ48:'SmtRes'!AQ53,"=1",SmtRes!AB48:'SmtRes'!AB53) -> 18.15 | CS77: =SUMIF(SmtRes!AQ48:'SmtRes'!AQ53,"=1",SmtRes!AC48:'SmtRes'!AC53) -> 0 | CT77: =SUMIF(SmtRes!AQ48:'SmtRes'!AQ53,"=1",SmtRes!AD48:'SmtRes'!AD53) -> 386.8 | CU77: =AG77 -> 0 | CV77: =SUMIF(SmtRes!AQ48:'SmtRes'!AQ53,"=1",SmtRes!BU48:'SmtRes'!BU53) -> 0.32 | CW77: =SUMIF(SmtRes!AQ48:'SmtRes'!AQ53,"=1",SmtRes!BV48:'SmtRes'!BV53) -> 0 | CX77: =AJ77 -> 0 | CY77: =(((S77+R77)*AT77)/100) -> 579.267 | CZ77: =(((S77+R77)*AU77)/100) -> 366.374 | DN77: 0 | DO77: 0 | DP77: 1 | DQ77: 1 | DU77: 1013 | DV77: соединение | DW77: соединение | DX77: 1 | EE77: 72340632 | EF77: 2 | EG77: Общестроительные работы | EH77: 18 | EI77: Наружные сети водопровода, канализации, теплоснабжения, газопроводы | EJ77: 1 | EK77: 24001 | EL77: Наружные сети водопровода, канализации, теплоснабжения, газопроводы | EM77: ФЕР-24 | EQ77: 0 | ER77: 0 | ES77: 0 | ET77: 0 | EU77: 0 | EV77: 0 | EW77: 0.32 | EX77: 0 | EY77: 0 | FQ77: 0 | FR77: 0 | FS77: 0 | FX77: 117 | FY77: 74 | GD77: 1 | GF77: -1363492276 | GG77: 2 | GH77: 1 | GI77: -2 | GJ77: 0 | GK77: 0 | GL77: =ROUND(IF(AND(BH77=3,BI77=3,FS77<>0),P77,0),2) -> 0 | GM77: =ROUND(O77+X77+Y77,2)+GX77 -> 1537.91 | GN77: =IF(OR(BI77=0,BI77=1),GM77-GX77,0) -> 1537.91 | GO77: =IF(BI77=2,GM77-GX77,0) -> 0 | GP77: =IF(BI77=4,GM77-GX77,0) -> 0 | GR77: 0 | GS77: 3 | GT77: 0 | GV77: =ROUND((GT77),6) -> 0 | GW77: 1 | GX77: =ROUND(HC77*I77,2) -> 0 | HA77: 0 | HB77: 0 | HC77: =GV77*GW77 -> 0 | HN77: Пр/812-018.0-1 | HO77: Пр/774-018.0 | HP77: Наружные сети водопровода, канализации, теплоснабжения, газопроводы | HQ77: Наружные сети водопровода, канализации, теплоснабжения, газопроводы | HS77: 0 | IK77: 0
A78: 18 | B78: 1 | C78: 53 | E78: 11,1 | F78: 24.3.05.07-0603 | G78: Муфта полиэтиленовая электросварная, ПЭ100, SDR11, диаметр 63 мм | H78: ШТ | I78: =I77*J78 -> 4 | J78: 1 | K78: 1 | O78: =ROUND(CP78,2) -> 1050.76 | P78: =ROUND(CQ78*I78,2) -> 1050.76 | Q78: =ROUND(CR78*I78,2) -> 0 | R78: =ROUND(CS78*I78,2) -> 0 | S78: =ROUND(CT78*I78,2) -> 0 | T78: =ROUND(CU78*I78,2) -> 0 | U78: =ROUND(CV78*I78,7) -> 0 | V78: =ROUND(CW78*I78,7) -> 0 | W78: =ROUND(CX78*I78,2) -> 0 | X78: =ROUND(CY78,2) -> 0 | Y78: =ROUND(CZ78,2) -> 0 | AA78: 73953415 | AB78: =ROUND((AC78+AD78+AF78),6) -> 206.84 | AC78: =ROUND((ES78),6) -> 206.84 | AD78: =ROUND((((ET78)-(EU78))+AE78),6) -> 0 | AE78: =ROUND((EU78),6) -> 0 | AF78: =ROUND((EV78),6) -> 0 | AG78: =ROUND((AP78),6) -> 0 | AH78: =(EW78) -> 0 | AI78: =(EX78) -> 0 | AJ78: =(AS78) -> 0 | AK78: 206.84 | AL78: 206.84 | AM78: 0 | AN78: 0 | AO78: 0 | AP78: 0 | AQ78: 0 | AR78: 0 | AS78: 0 | AT78: 117 | AU78: 74 | AV78: 1 | AW78: 1 | AZ78: 1 | BA78: 1 | BB78: 1 | BC78: 1.27 | BH78: 3 | BI78: 1 | BJ78: ФСБЦ-2022, 24.3.05.07-0603, приказ Минстроя России от 18.05.2022 г. № 378/пр | BM78: 24001 | BN78: 0 | BO78: 24.3.05.07-0603 | BP78: 1 | BQ78: 2 | BR78: 0 | BS78: 1 | BT78: 1 | BU78: 1 | BV78: 1 | BW78: 1 | BX78: 1 | BZ78: 117 | CA78: 74 | CE78: 0 | CF78: 0 | CG78: 0 | CM78: 0 | CO78: 0 | CP78: =(P78+Q78+S78+R78) -> 1050.76 | CQ78: =ROUND(AL78*BC78,2) -> 262.69 | CR78: =ROUND(AM78*BB78,2) -> 0 | CS78: =ROUND(AN78*BS78,2) -> 0 | CT78: =ROUND(AO78*BA78,2) -> 0 | CU78: =AG78 -> 0 | CV78: =AH78 -> 0 | CW78: =AI78 -> 0 | CX78: =AJ78 -> 0 | CY78: =(((S78+R78)*AT78)/100) -> 0 | CZ78: =(((S78+R78)*AU78)/100) -> 0 | DN78: 0 | DO78: 0 | DP78: 1 | DQ78: 1 | DU78: 1013 | DV78: ШТ | DW78: ШТ | DX78: 1 | EE78: 72340632 | EF78: 2 | EG78: Общестроительные работы | EH78: 18 | EI78: Наружные сети водопровода, канализации, теплоснабжения, газопроводы | EJ78: 1 | EK78: 24001 | EL78: Наружные сети водопровода, канализации, теплоснабжения, газопроводы | EM78: ФЕР-24 | EQ78: 0 | ER78: 206.84 | ES78: 206.84 | ET78: 0 | EU78: 0 | EV78: 0 | EW78: 0 | EX78: 0 | FQ78: 0 | FR78: 0 | FS78: 0 | FX78: 117 | FY78: 74 | GD78: 1 | GF78: -669902663 | GG78: 2 | GH78: 1 | GI78: 2 | GJ78: 0 | GK78: 0 | GL78: =ROUND(IF(AND(BH78=3,BI78=3,FS78<>0),P78,0),2) -> 0 | GM78: =ROUND(O78+X78+Y78,2)+GX78 -> 1050.76 | GN78: =IF(OR(BI78=0,BI78=1),GM78-GX78,0) -> 1050.76 | GO78: =IF(BI78=2,GM78-GX78,0) -> 0 | GP78: =IF(BI78=4,GM78-GX78,0) -> 0 | GR78: 0 | GS78: 3 | GT78: 0 | GV78: =ROUND((GT78),6) -> 0 | GW78: 1 | GX78: =ROUND(HC78*I78,2) -> 0 | HA78: 0 | HB78: 0 | HC78: =GV78*GW78 -> 0 | HN78: Пр/812-018.0-1 | HO78: Пр/774-018.0 | HP78: Наружные сети водопровода, канализации, теплоснабжения, газопроводы | HQ78: Наружные сети водопровода, канализации, теплоснабжения, газопроводы | HS78: 0 | IK78: 0
A79: 17 | B79: 1 | C79: =ROW(SmtRes!A63) -> 63 | D79: =ROW(EtalonRes!A70) -> 70 | E79: 12 | F79: 24-02-063-03 | G79: Устройство цокольного газового ввода на наружных сетях полиэтиленовых газопроводов с соединением "сталь-полиэтилен", диаметр газопровода: 63 мм | H79: 10 узлов | I79: =ROUND(1/10,7) -> 0.1 | J79: 0 | K79: =ROUND(1/10,7) -> 0.1 | O79: =ROUND(CP79,2) -> 2837.94 | P79: =SUMIF(SmtRes!AQ54:'SmtRes'!AQ63,"=1",SmtRes!DF54:'SmtRes'!DF63) -> 5.55 | Q79: =SUMIF(SmtRes!AQ54:'SmtRes'!AQ63,"=1",SmtRes!DG54:'SmtRes'!DG63) -> 30.65 | R79: =SUMIF(SmtRes!AQ54:'SmtRes'!AQ63,"=1",SmtRes!DH54:'SmtRes'!DH63) -> 3.6 | S79: =SUMIF(SmtRes!AQ54:'SmtRes'!AQ63,"=1",SmtRes!DI54:'SmtRes'!DI63) -> 2798.14 | T79: =ROUND(CU79*I79,2) -> 0 | U79: =SUMIF(SmtRes!AQ54:'SmtRes'!AQ63,"=1",SmtRes!CV54:'SmtRes'!CV63) -> 6.993 | V79: =SUMIF(SmtRes!AQ54:'SmtRes'!AQ63,"=1",SmtRes!CW54:'SmtRes'!CW63) -> 0.009 | W79: =ROUND(CX79*I79,2) -> 0 | X79: =ROUND(CY79,2) -> 3278.04 | Y79: =ROUND(CZ79,2) -> 2073.29 | AA79: 73953415 | AB79: =ROUND((AC79+AD79+AF79),6) -> 28301.575 | AC79: =ROUND((SUM(SmtRes!BQ54:'SmtRes'!BQ63)),6) -> 50.6927 | AD79: =ROUND((((SUM(SmtRes!BR54:'SmtRes'!BR63))-(SUM(SmtRes!BS54:'SmtRes'!BS63)))+AE79),6) -> 269.5665 | AE79: =ROUND((SUM(SmtRes!BS54:'SmtRes'!BS63)),6) -> 36.0216 | AF79: =ROUND((SUM(SmtRes!BT54:'SmtRes'!BT63)),6) -> 27981.316 | AG79: =ROUND((AP79),6) -> 0 | AH79: =(SUM(SmtRes!BU54:'SmtRes'!BU63)) -> 69.93 | AI79: =(SUM(SmtRes!BV54:'SmtRes'!BV63)) -> 0.09 | AJ79: =(AS79) -> 0 | AK79: 28337.597 | AL79: 50.6927 | AM79: 269.5665 | AN79: 36.0216 | AO79: 27981.316 | AP79: 0 | AQ79: 69.93 | AR79: 0.09 | AS79: 0 | AT79: 117 | AU79: 74 | AV79: 1 | AW79: 1 | AZ79: 1 | BA79: 1 | BB79: 1 | BC79: 1 | BH79: 0 | BI79: 1 | BJ79: ГЭСН-2022 доп.7, 24-02-063-03, приказ Минстроя России от 02.08.2023 г. № 551/пр | BM79: 24001 | BN79: 0 | BP79: 0 | BQ79: 2 | BR79: 0 | BS79: 1 | BT79: 1 | BU79: 1 | BV79: 1 | BW79: 1 | BX79: 1 | BZ79: 117 | CA79: 74 | CE79: 0 | CF79: 0 | CG79: 0 | CM79: 0 | CO79: 0 | CP79: =(P79+Q79+S79+R79) -> 2837.94 | CQ79: =SUMIF(SmtRes!AQ54:'SmtRes'!AQ63,"=1",SmtRes!AA54:'SmtRes'!AA63) -> 325.12 | CR79: =SUMIF(SmtRes!AQ54:'SmtRes'!AQ63,"=1",SmtRes!AB54:'SmtRes'!AB63) -> 717.97 | CS79: =SUMIF(SmtRes!AQ54:'SmtRes'!AQ63,"=1",SmtRes!AC54:'SmtRes'!AC63) -> 400.24 | CT79: =SUMIF(SmtRes!AQ54:'SmtRes'!AQ63,"=1",SmtRes!AD54:'SmtRes'!AD63) -> 725.81 | CU79: =AG79 -> 0 | CV79: =SUMIF(SmtRes!AQ54:'SmtRes'!AQ63,"=1",SmtRes!BU54:'SmtRes'!BU63) -> 69.93 | CW79: =SUMIF(SmtRes!AQ54:'SmtRes'!AQ63,"=1",SmtRes!BV54:'SmtRes'!BV63) -> 0.09 | CX79: =AJ79 -> 0 | CY79: =(((S79+R79)*AT79)/100) -> 3278.0358 | CZ79: =(((S79+R79)*AU79)/100) -> 2073.2876 | DN79: 0 | DO79: 0 | DP79: 1 | DQ79: 1 | DU79: 1013 | DV79: 10 узлов | DW79: 10 узлов | DX79: 1 | EE79: 72340632 | EF79: 2 | EG79: Общестроительные работы | EH79: 18 | EI79: Наружные сети водопровода, канализации, теплоснабжения, газопроводы | EJ79: 1 | EK79: 24001 | EL79: Наружные сети водопровода, канализации, теплоснабжения, газопроводы | EM79: ФЕР-24 | EQ79: 0 | ER79: 0 | ES79: 0 | ET79: 0 | EU79: 0 | EV79: 0 | EW79: 69.93 | EX79: 0.09 | EY79: 0 | FQ79: 0 | FR79: 0 | FS79: 0 | FX79: 117 | FY79: 74 | GD79: 1 | GF79: 2103600629 | GG79: 2 | GH79: 1 | GI79: -2 | GJ79: 0 | GK79: 0 | GL79: =ROUND(IF(AND(BH79=3,BI79=3,FS79<>0),P79,0),2) -> 0 | GM79: =ROUND(O79+X79+Y79,2)+GX79 -> 8189.27 | GN79: =IF(OR(BI79=0,BI79=1),GM79-GX79,0) -> 8189.27 | GO79: =IF(BI79=2,GM79-GX79,0) -> 0 | GP79: =IF(BI79=4,GM79-GX79,0) -> 0 | GR79: 0 | GS79: 3 | GT79: 0 | GV79: =ROUND((GT79),6) -> 0 | GW79: 1 | GX79: =ROUND(HC79*I79,2) -> 0 | HA79: 0 | HB79: 0 | HC79: =GV79*GW79 -> 0 | HN79: Пр/812-018.0-1 | HO79: Пр/774-018.0 | HP79: Наружные сети водопровода, канализации, теплоснабжения, газопроводы | HQ79: Наружные сети водопровода, канализации, теплоснабжения, газопроводы | HS79: 0 | IK79: 0
A80: 17 | B80: 1 | E80: 13 | F80: 18.4.01.09-0116 | G80: Ввод цокольный полиэтилен-сталь Г-образный для полиэтиленового газопровода низкого, среднего и высокого давления, ПЭ100, SDR 11, со стальным футляром и защитным ленточно-полимерным покрытием, диаметр полиэтиленового патрубка 63 мм, диаметр стального патрубка 57 мм, габаритные размеры 2000х1500 мм | H80: ШТ | I80: 1 | J80: 0 | K80: 1 | O80: =ROUND(CP80,2) -> 7636.51 | P80: =ROUND(CQ80*I80,2) -> 7636.51 | Q80: =ROUND(CR80*I80,2) -> 0 | R80: =ROUND(CS80*I80,2) -> 0 | S80: =ROUND(CT80*I80,2) -> 0 | T80: =ROUND(CU80*I80,2) -> 0 | U80: =ROUND(CV80*I80,7) -> 0 | V80: =ROUND(CW80*I80,7) -> 0 | W80: =ROUND(CX80*I80,2) -> 0 | X80: =ROUND(CY80,2) -> 0 | Y80: =ROUND(CZ80,2) -> 0 | AA80: 73953415 | AB80: =ROUND((AC80+AD80+AF80),6) -> 7414.09 | AC80: =ROUND((ES80),6) -> 7414.09 | AD80: =ROUND((((ET80)-(EU80))+AE80),6) -> 0 | AE80: =ROUND((EU80),6) -> 0 | AF80: =ROUND((EV80),6) -> 0 | AG80: =ROUND((AP80),6) -> 0 | AH80: =(EW80) -> 0 | AI80: =(EX80) -> 0 | AJ80: =(AS80) -> 0 | AK80: 7414.09 | AL80: 7414.09 | AM80: 0 | AN80: 0 | AO80: 0 | AP80: 0 | AQ80: 0 | AR80: 0 | AS80: 0 | AT80: 0 | AU80: 0 | AV80: 1 | AW80: 1 | AZ80: 1 | BA80: 1 | BB80: 1 | BC80: 1.03 | BH80: 3 | BI80: 1 | BJ80: ФСБЦ-2022 доп.17, 18.4.01.09-0116, приказ Минстроя России от 17.02.2026 г. № 91/пр | BM80: 500001 | BN80: 0 | BO80: 18.4.01.09-0116 | BP80: 1 | BQ80: 8 | BR80: 0 | BS80: 1 | BT80: 1 | BU80: 1 | BV80: 1 | BW80: 1 | BX80: 1 | BZ80: 0 | CA80: 0 | CE80: 0 | CF80: 0 | CG80: 0 | CM80: 0 | CO80: 0 | CP80: =(P80+Q80+S80+R80) -> 7636.51 | CQ80: =ROUND(AL80*BC80,2) -> 7636.51 | CR80: =ROUND(AM80*BB80,2) -> 0 | CS80: =ROUND(AN80*BS80,2) -> 0 | CT80: =ROUND(AO80*BA80,2) -> 0 | CU80: =AG80 -> 0 | CV80: =AH80 -> 0 | CW80: =AI80 -> 0 | CX80: =AJ80 -> 0 | CY80: =0 -> 0 | CZ80: =0 -> 0 | DN80: 0 | DO80: 0 | DP80: 1 | DQ80: 1 | DU80: 1013 | DV80: ШТ | DW80: ШТ | DX80: 1 | EE80: 72340530 | EF80: 8 | EG80: Материалы строительные | EH80: 0 | EJ80: 1 | EK80: 500001 | EL80: Материалы и конструкции ( строительные ) по ценникам и каталогом | EM80: ФССЦст | EQ80: 0 | ER80: 7414.09 | ES80: 7414.09 | ET80: 0 | EU80: 0 | EV80: 0 | EW80: 0 | EX80: 0 | EY80: 0 | FQ80: 0 | FR80: 0 | FS80: 0 | FX80: 0 | FY80: 0 | GD80: 1 | GF80: 521127076 | GG80: 2 | GH80: 1 | GI80: 2 | GJ80: 0 | GK80: 0 | GL80: =ROUND(IF(AND(BH80=3,BI80=3,FS80<>0),P80,0),2) -> 0 | GM80: =ROUND(O80+X80+Y80,2)+GX80 -> 7636.51 | GN80: =IF(OR(BI80=0,BI80=1),GM80-GX80,0) -> 7636.51 | GO80: =IF(BI80=2,GM80-GX80,0) -> 0 | GP80: =IF(BI80=4,GM80-GX80,0) -> 0 | GR80: 0 | GS80: 3 | GT80: 0 | GV80: =ROUND((GT80),6) -> 0 | GW80: 1 | GX80: =ROUND(HC80*I80,2) -> 0 | HA80: 0 | HB80: 0 | HC80: =GV80*GW80 -> 0 | HS80: 0 | IK80: 0
A81: 17 | B81: 1 | C81: =ROW(SmtRes!A76) -> 76 | D81: =ROW(EtalonRes!A85) -> 85 | E81: 14 | F81: 24-02-081-01 | G81: Устройство ковера для вывода провода-спутника | H81: установка | I81: 2 | J81: 0 | K81: 2 | O81: =ROUND(CP81,2) -> 3440.48 | P81: =SUMIF(SmtRes!AQ64:'SmtRes'!AQ76,"=1",SmtRes!DF64:'SmtRes'!DF76) -> 526.51 | Q81: =SUMIF(SmtRes!AQ64:'SmtRes'!AQ76,"=1",SmtRes!DG64:'SmtRes'!DG76) -> 1255.9 | R81: =SUMIF(SmtRes!AQ64:'SmtRes'!AQ76,"=1",SmtRes!DH64:'SmtRes'!DH76) -> 452.93 | S81: =SUMIF(SmtRes!AQ64:'SmtRes'!AQ76,"=1",SmtRes!DI64:'SmtRes'!DI76) -> 1205.14 | T81: =ROUND(CU81*I81,2) -> 0 | U81: =SUMIF(SmtRes!AQ64:'SmtRes'!AQ76,"=1",SmtRes!CV64:'SmtRes'!CV76) -> 3.08 | V81: =SUMIF(SmtRes!AQ64:'SmtRes'!AQ76,"=1",SmtRes!CW64:'SmtRes'!CW76) -> 0.96 | W81: =ROUND(CX81*I81,2) -> 0 | X81: =ROUND(CY81,2) -> 1939.94 | Y81: =ROUND(CZ81,2) -> 1226.97 | AA81: 73953415 | AB81: =ROUND((AC81+AD81+AF81),6) -> 1406.2312 | AC81: =ROUND((SUM(SmtRes!BQ64:'SmtRes'!BQ76)),6) -> 175.72131 | AD81: =ROUND((((SUM(SmtRes!BR64:'SmtRes'!BR76))-(SUM(SmtRes!BS64:'SmtRes'!BS76)))+AE81),6) -> 627.9387 | AE81: =ROUND((SUM(SmtRes!BS64:'SmtRes'!BS76)),6) -> 226.4652 | AF81: =ROUND((SUM(SmtRes!BT64:'SmtRes'!BT76)),6) -> 602.5712 | AG81: =ROUND((AP81),6) -> 0 | AH81: =(SUM(SmtRes!BU64:'SmtRes'!BU76)) -> 1.54 | AI81: =(SUM(SmtRes!BV64:'SmtRes'!BV76)) -> 0.48 | AJ81: =(AS81) -> 0 | AK81: 1632.6964 | AL81: 175.72131 | AM81: 627.9387 | AN81: 226.4652 | AO81: 602.5712 | AP81: 0 | AQ81: 1.54 | AR81: 0.48 | AS81: 0 | AT81: 117 | AU81: 74 | AV81: 1 | AW81: 1 | AZ81: 1 | BA81: 1 | BB81: 1 | BC81: 1 | BH81: 0 | BI81: 1 | BJ81: ГЭСН-2022 доп.14, 24-02-081-01, приказ Минстроя России от 19.05.2025 г. № 299/пр | BM81: 24001 | BN81: 0 | BP81: 0 | BQ81: 2 | BR81: 0 | BS81: 1 | BT81: 1 | BU81: 1 | BV81: 1 | BW81: 1 | BX81: 1 | BZ81: 117 | CA81: 74 | CE81: 0 | CF81: 0 | CG81: 0 | CM81: 0 | CO81: 0 | CP81: =(P81+Q81+S81+R81) -> 3440.48 | CQ81: =SUMIF(SmtRes!AQ64:'SmtRes'!AQ76,"=1",SmtRes!AA64:'SmtRes'!AA76) -> 8774.01 | CR81: =SUMIF(SmtRes!AQ64:'SmtRes'!AQ76,"=1",SmtRes!AB64:'SmtRes'!AB76) -> 2541.64 | CS81: =SUMIF(SmtRes!AQ64:'SmtRes'!AQ76,"=1",SmtRes!AC64:'SmtRes'!AC76) -> 937.88 | CT81: =SUMIF(SmtRes!AQ64:'SmtRes'!AQ76,"=1",SmtRes!AD64:'SmtRes'!AD76) -> 391.28 | CU81: =AG81 -> 0 | CV81: =SUMIF(SmtRes!AQ64:'SmtRes'!AQ76,"=1",SmtRes!BU64:'SmtRes'!BU76) -> 1.54 | CW81: =SUMIF(SmtRes!AQ64:'SmtRes'!AQ76,"=1",SmtRes!BV64:'SmtRes'!BV76) -> 0.48 | CX81: =AJ81 -> 0 | CY81: =(((S81+R81)*AT81)/100) -> 1939.9419 | CZ81: =(((S81+R81)*AU81)/100) -> 1226.9718 | DN81: 0 | DO81: 0 | DP81: 1 | DQ81: 1 | DU81: 1013 | DV81: установка | DW81: установка | DX81: 1 | EE81: 72340632 | EF81: 2 | EG81: Общестроительные работы | EH81: 18 | EI81: Наружные сети водопровода, канализации, теплоснабжения, газопроводы | EJ81: 1 | EK81: 24001 | EL81: Наружные сети водопровода, канализации, теплоснабжения, газопроводы | EM81: ФЕР-24 | EQ81: 0 | ER81: 0 | ES81: 0 | ET81: 0 | EU81: 0 | EV81: 0 | EW81: 1.54 | EX81: 0.48 | EY81: 0 | FQ81: 0 | FR81: 0 | FS81: 0 | FX81: 117 | FY81: 74 | GD81: 1 | GF81: -1389248903 | GG81: 2 | GH81: 1 | GI81: -2 | GJ81: 0 | GK81: 0 | GL81: =ROUND(IF(AND(BH81=3,BI81=3,FS81<>0),P81,0),2) -> 0 | GM81: =ROUND(O81+X81+Y81,2)+GX81 -> 6607.39 | GN81: =IF(OR(BI81=0,BI81=1),GM81-GX81,0) -> 6607.39 | GO81: =IF(BI81=2,GM81-GX81,0) -> 0 | GP81: =IF(BI81=4,GM81-GX81,0) -> 0 | GR81: 0 | GS81: 3 | GT81: 0 | GV81: =ROUND((GT81),6) -> 0 | GW81: 1 | GX81: =ROUND(HC81*I81,2) -> 0 | HA81: 0 | HB81: 0 | HC81: =GV81*GW81 -> 0 | HN81: Пр/812-018.0-1 | HO81: Пр/774-018.0 | HP81: Наружные сети водопровода, канализации, теплоснабжения, газопроводы | HQ81: Наружные сети водопровода, канализации, теплоснабжения, газопроводы | HS81: 0 | IK81: 0
A82: 18 | B82: 1 | C82: 76 | E82: 14,1 | F82: 18.5.08.04-0008 | G82: Ковер полимерный, диаметр основания 270 мм, диаметр люка 196 мм, высота 295 мм | H82: ШТ | I82: =I81*J82 -> 2 | J82: 1 | K82: 1 | O82: =ROUND(CP82,2) -> 24444.46 | P82: =ROUND(CQ82*I82,2) -> 24444.46 | Q82: =ROUND(CR82*I82,2) -> 0 | R82: =ROUND(CS82*I82,2) -> 0 | S82: =ROUND(CT82*I82,2) -> 0 | T82: =ROUND(CU82*I82,2) -> 0 | U82: =ROUND(CV82*I82,7) -> 0 | V82: =ROUND(CW82*I82,7) -> 0 | W82: =ROUND(CX82*I82,2) -> 0 | X82: =ROUND(CY82,2) -> 0 | Y82: =ROUND(CZ82,2) -> 0 | AA82: 73953415 | AB82: =ROUND((AC82+AD82+AF82),6) -> 8792.97 | AC82: =ROUND((ES82),6) -> 8792.97 | AD82: =ROUND((((ET82)-(EU82))+AE82),6) -> 0 | AE82: =ROUND((EU82),6) -> 0 | AF82: =ROUND((EV82),6) -> 0 | AG82: =ROUND((AP82),6) -> 0 | AH82: =(EW82) -> 0 | AI82: =(EX82) -> 0 | AJ82: =(AS82) -> 0 | AK82: 8792.97 | AL82: 8792.97 | AM82: 0 | AN82: 0 | AO82: 0 | AP82: 0 | AQ82: 0 | AR82: 0 | AS82: 0 | AT82: 117 | AU82: 74 | AV82: 1 | AW82: 1 | AZ82: 1 | BA82: 1 | BB82: 1 | BC82: 1.39 | BH82: 3 | BI82: 1 | BJ82: ФСБЦ-2022 доп.8, 18.5.08.04-0008, приказ Минстроя России от 14.11.2023 г. № 817/пр | BM82: 24001 | BN82: 0 | BO82: 18.5.08.04-0008 | BP82: 1 | BQ82: 2 | BR82: 0 | BS82: 1 | BT82: 1 | BU82: 1 | BV82: 1 | BW82: 1 | BX82: 1 | BZ82: 117 | CA82: 74 | CE82: 0 | CF82: 0 | CG82: 0 | CM82: 0 | CO82: 0 | CP82: =(P82+Q82+S82+R82) -> 24444.46 | CQ82: =ROUND(AL82*BC82,2) -> 12222.23 | CR82: =ROUND(AM82*BB82,2) -> 0 | CS82: =ROUND(AN82*BS82,2) -> 0 | CT82: =ROUND(AO82*BA82,2) -> 0 | CU82: =AG82 -> 0 | CV82: =AH82 -> 0 | CW82: =AI82 -> 0 | CX82: =AJ82 -> 0 | CY82: =(((S82+R82)*AT82)/100) -> 0 | CZ82: =(((S82+R82)*AU82)/100) -> 0 | DN82: 0 | DO82: 0 | DP82: 1 | DQ82: 1 | DU82: 1013 | DV82: ШТ | DW82: ШТ | DX82: 1 | EE82: 72340632 | EF82: 2 | EG82: Общестроительные работы | EH82: 18 | EI82: Наружные сети водопровода, канализации, теплоснабжения, газопроводы | EJ82: 1 | EK82: 24001 | EL82: Наружные сети водопровода, канализации, теплоснабжения, газопроводы | EM82: ФЕР-24 | EQ82: 0 | ER82: 8792.97 | ES82: 8792.97 | ET82: 0 | EU82: 0 | EV82: 0 | EW82: 0 | EX82: 0 | FQ82: 0 | FR82: 0 | FS82: 0 | FX82: 117 | FY82: 74 | GD82: 1 | GF82: -450449238 | GG82: 2 | GH82: 1 | GI82: 2 | GJ82: 0 | GK82: 0 | GL82: =ROUND(IF(AND(BH82=3,BI82=3,FS82<>0),P82,0),2) -> 0 | GM82: =ROUND(O82+X82+Y82,2)+GX82 -> 24444.46 | GN82: =IF(OR(BI82=0,BI82=1),GM82-GX82,0) -> 24444.46 | GO82: =IF(BI82=2,GM82-GX82,0) -> 0 | GP82: =IF(BI82=4,GM82-GX82,0) -> 0 | GR82: 0 | GS82: 3 | GT82: 0 | GV82: =ROUND((GT82),6) -> 0 | GW82: 1 | GX82: =ROUND(HC82*I82,2) -> 0 | HA82: 0 | HB82: 0 | HC82: =GV82*GW82 -> 0 | HN82: Пр/812-018.0-1 | HO82: Пр/774-018.0 | HP82: Наружные сети водопровода, канализации, теплоснабжения, газопроводы | HQ82: Наружные сети водопровода, канализации, теплоснабжения, газопроводы | HS82: 0 | IK82: 0
A83: 17 | B83: 1 | C83: =ROW(SmtRes!A92) -> 92 | D83: =ROW(EtalonRes!A102) -> 102 | E83: 15 | F83: 24-02-051-01 | G83: Монтаж крана стального фланцевого для надземной установки на стальных газопроводах диаметром: 50 мм | H83: ШТ | I83: 1 | J83: 0 | K83: 1 | O83: =ROUND(CP83,2) -> 4478.76 | P83: =SUMIF(SmtRes!AQ77:'SmtRes'!AQ92,"=1",SmtRes!DF77:'SmtRes'!DF92) -> 1676.94 | Q83: =SUMIF(SmtRes!AQ77:'SmtRes'!AQ92,"=1",SmtRes!DG77:'SmtRes'!DG92) -> 203.84 | R83: =SUMIF(SmtRes!AQ77:'SmtRes'!AQ92,"=1",SmtRes!DH77:'SmtRes'!DH92) -> 56.03 | S83: =SUMIF(SmtRes!AQ77:'SmtRes'!AQ92,"=1",SmtRes!DI77:'SmtRes'!DI92) -> 2541.95 | T83: =ROUND(CU83*I83,2) -> 0 | U83: =SUMIF(SmtRes!AQ77:'SmtRes'!AQ92,"=1",SmtRes!CV77:'SmtRes'!CV92) -> 5.91 | V83: =SUMIF(SmtRes!AQ77:'SmtRes'!AQ92,"=1",SmtRes!CW77:'SmtRes'!CW92) -> 0.14 | W83: =ROUND(CX83*I83,2) -> 0 | X83: =ROUND(CY83,2) -> 3039.64 | Y83: =ROUND(CZ83,2) -> 1922.51 | AA83: 73953415 | AB83: =ROUND((AC83+AD83+AF83),6) -> 4370.5256 | AC83: =ROUND((SUM(SmtRes!BQ77:'SmtRes'!BQ92)),6) -> 1625.781 | AD83: =ROUND((((SUM(SmtRes!BR77:'SmtRes'!BR92))-(SUM(SmtRes!BS77:'SmtRes'!BS92)))+AE83),6) -> 202.7945 | AE83: =ROUND((SUM(SmtRes!BS77:'SmtRes'!BS92)),6) -> 56.0336 | AF83: =ROUND((SUM(SmtRes!BT77:'SmtRes'!BT92)),6) -> 2541.9501 | AG83: =ROUND((AP83),6) -> 0 | AH83: =(SUM(SmtRes!BU77:'SmtRes'!BU92)) -> 5.91 | AI83: =(SUM(SmtRes!BV77:'SmtRes'!BV92)) -> 0.14 | AJ83: =(AS83) -> 0 | AK83: 4426.5592 | AL83: 1625.781 | AM83: 202.7945 | AN83: 56.0336 | AO83: 2541.9501 | AP83: 0 | AQ83: 5.91 | AR83: 0.14 | AS83: 0 | AT83: 117 | AU83: 74 | AV83: 1 | AW83: 1 | AZ83: 1 | BA83: 1 | BB83: 1 | BC83: 1 | BH83: 0 | BI83: 1 | BJ83: ГЭСН-2022 доп.12, 24-02-051-01, приказ Минстроя России от 07.11.2024 г. № 747/пр | BM83: 24001 | BN83: 0 | BP83: 0 | BQ83: 2 | BR83: 0 | BS83: 1 | BT83: 1 | BU83: 1 | BV83: 1 | BW83: 1 | BX83: 1 | BZ83: 117 | CA83: 74 | CE83: 0 | CF83: 0 | CG83: 0 | CM83: 0 | CO83: 0 | CP83: =(P83+Q83+S83+R83) -> 4478.76 | CQ83: =SUMIF(SmtRes!AQ77:'SmtRes'!AQ92,"=1",SmtRes!AA77:'SmtRes'!AA92) -> 725440.17 | CR83: =SUMIF(SmtRes!AQ77:'SmtRes'!AQ92,"=1",SmtRes!AB77:'SmtRes'!AB92) -> 705.48 | CS83: =SUMIF(SmtRes!AQ77:'SmtRes'!AQ92,"=1",SmtRes!AC77:'SmtRes'!AC92) -> 400.24 | CT83: =SUMIF(SmtRes!AQ77:'SmtRes'!AQ92,"=1",SmtRes!AD77:'SmtRes'!AD92) -> 430.11 | CU83: =AG83 -> 0 | CV83: =SUMIF(SmtRes!AQ77:'SmtRes'!AQ92,"=1",SmtRes!BU77:'SmtRes'!BU92) -> 5.91 | CW83: =SUMIF(SmtRes!AQ77:'SmtRes'!AQ92,"=1",SmtRes!BV77:'SmtRes'!BV92) -> 0.14 | CX83: =AJ83 -> 0 | CY83: =(((S83+R83)*AT83)/100) -> 3039.6366 | CZ83: =(((S83+R83)*AU83)/100) -> 1922.5052 | DN83: 0 | DO83: 0 | DP83: 1 | DQ83: 1 | DU83: 1013 | DV83: ШТ | DW83: ШТ | DX83: 1 | EE83: 72340632 | EF83: 2 | EG83: Общестроительные работы | EH83: 18 | EI83: Наружные сети водопровода, канализации, теплоснабжения, газопроводы | EJ83: 1 | EK83: 24001 | EL83: Наружные сети водопровода, канализации, теплоснабжения, газопроводы | EM83: ФЕР-24 | EQ83: 0 | ER83: 0 | ES83: 0 | ET83: 0 | EU83: 0 | EV83: 0 | EW83: 5.91 | EX83: 0.14 | EY83: 0 | FQ83: 0 | FR83: 0 | FS83: 0 | FX83: 117 | FY83: 74 | GD83: 1 | GF83: -256154684 | GG83: 2 | GH83: 1 | GI83: -2 | GJ83: 0 | GK83: 0 | GL83: =ROUND(IF(AND(BH83=3,BI83=3,FS83<>0),P83,0),2) -> 0 | GM83: =ROUND(O83+X83+Y83,2)+GX83 -> 9440.91 | GN83: =IF(OR(BI83=0,BI83=1),GM83-GX83,0) -> 9440.91 | GO83: =IF(BI83=2,GM83-GX83,0) -> 0 | GP83: =IF(BI83=4,GM83-GX83,0) -> 0 | GR83: 0 | GS83: 3 | GT83: 0 | GV83: =ROUND((GT83),6) -> 0 | GW83: 1 | GX83: =ROUND(HC83*I83,2) -> 0 | HA83: 0 | HB83: 0 | HC83: =GV83*GW83 -> 0 | HN83: Пр/812-018.0-1 | HO83: Пр/774-018.0 | HP83: Наружные сети водопровода, канализации, теплоснабжения, газопроводы | HQ83: Наружные сети водопровода, канализации, теплоснабжения, газопроводы | HS83: 0 | IK83: 0
A84: 17 | B84: 1 | E84: 16 | F84: 18.1.09.04-0001 | G84: Кран шаровой газовый стальной, присоединение к трубопроводу фланцевое, с комплектом ответных фланцев, прокладками и крепежом, номинальное давление 1,6 МПа, номинальный диаметр 50 мм | H84: ШТ | I84: 1 | J84: 0 | K84: 1 | O84: =ROUND(CP84,2) -> 10322.4 | P84: =ROUND(CQ84*I84,2) -> 10322.4 | Q84: =ROUND(CR84*I84,2) -> 0 | R84: =ROUND(CS84*I84,2) -> 0 | S84: =ROUND(CT84*I84,2) -> 0 | T84: =ROUND(CU84*I84,2) -> 0 | U84: =ROUND(CV84*I84,7) -> 0 | V84: =ROUND(CW84*I84,7) -> 0 | W84: =ROUND(CX84*I84,2) -> 0 | X84: =ROUND(CY84,2) -> 0 | Y84: =ROUND(CZ84,2) -> 0 | AA84: 73953415 | AB84: =ROUND((AC84+AD84+AF84),6) -> 8460.98 | AC84: =ROUND((ES84),6) -> 8460.98 | AD84: =ROUND((((ET84)-(EU84))+AE84),6) -> 0 | AE84: =ROUND((EU84),6) -> 0 | AF84: =ROUND((EV84),6) -> 0 | AG84: =ROUND((AP84),6) -> 0 | AH84: =(EW84) -> 0 | AI84: =(EX84) -> 0 | AJ84: =(AS84) -> 0 | AK84: 8460.98 | AL84: 8460.98 | AM84: 0 | AN84: 0 | AO84: 0 | AP84: 0 | AQ84: 0 | AR84: 0 | AS84: 0 | AT84: 0 | AU84: 0 | AV84: 1 | AW84: 1 | AZ84: 1 | BA84: 1 | BB84: 1 | BC84: 1.22 | BH84: 3 | BI84: 1 | BJ84: ФСБЦ-2022 доп.3, 18.1.09.04-0001, приказ Минстроя России от 26.10.2022 г. № 905/пр | BM84: 500001 | BN84: 0 | BO84: 18.1.09.04-0001 | BP84: 1 | BQ84: 8 | BR84: 0 | BS84: 1 | BT84: 1 | BU84: 1 | BV84: 1 | BW84: 1 | BX84: 1 | BZ84: 0 | CA84: 0 | CE84: 0 | CF84: 0 | CG84: 0 | CM84: 0 | CO84: 0 | CP84: =(P84+Q84+S84+R84) -> 10322.4 | CQ84: =ROUND(AL84*BC84,2) -> 10322.4 | CR84: =ROUND(AM84*BB84,2) -> 0 | CS84: =ROUND(AN84*BS84,2) -> 0 | CT84: =ROUND(AO84*BA84,2) -> 0 | CU84: =AG84 -> 0 | CV84: =AH84 -> 0 | CW84: =AI84 -> 0 | CX84: =AJ84 -> 0 | CY84: =0 -> 0 | CZ84: =0 -> 0 | DN84: 0 | DO84: 0 | DP84: 1 | DQ84: 1 | DU84: 1013 | DV84: ШТ | DW84: ШТ | DX84: 1 | EE84: 72340530 | EF84: 8 | EG84: Материалы строительные | EH84: 0 | EJ84: 1 | EK84: 500001 | EL84: Материалы и конструкции ( строительные ) по ценникам и каталогом | EM84: ФССЦст | EQ84: 0 | ER84: 8460.98 | ES84: 8460.98 | ET84: 0 | EU84: 0 | EV84: 0 | EW84: 0 | EX84: 0 | EY84: 0 | FQ84: 0 | FR84: 0 | FS84: 0 | FX84: 0 | FY84: 0 | GD84: 1 | GF84: -1359572944 | GG84: 2 | GH84: 1 | GI84: 2 | GJ84: 0 | GK84: 0 | GL84: =ROUND(IF(AND(BH84=3,BI84=3,FS84<>0),P84,0),2) -> 0 | GM84: =ROUND(O84+X84+Y84,2)+GX84 -> 10322.4 | GN84: =IF(OR(BI84=0,BI84=1),GM84-GX84,0) -> 10322.4 | GO84: =IF(BI84=2,GM84-GX84,0) -> 0 | GP84: =IF(BI84=4,GM84-GX84,0) -> 0 | GR84: 0 | GS84: 3 | GT84: 0 | GV84: =ROUND((GT84),6) -> 0 | GW84: 1 | GX84: =ROUND(HC84*I84,2) -> 0 | HA84: 0 | HB84: 0 | HC84: =GV84*GW84 -> 0 | HS84: 0 | IK84: 0
A85: 17 | B85: 1 | C85: =ROW(SmtRes!A97) -> 97 | D85: =ROW(EtalonRes!A107) -> 107 | E85: 17 | F85: м10-06-003-01 | G85: Прокладка ленты сигнальной желтого цвета в траншее | H85: км кабеля | I85: 0.223 | J85: 0 | K85: 0.223 | O85: =ROUND(CP85,2) -> 5360.63 | P85: =SUMIF(SmtRes!AQ93:'SmtRes'!AQ97,"=1",SmtRes!DF93:'SmtRes'!DF97) -> 0 | Q85: =SUMIF(SmtRes!AQ93:'SmtRes'!AQ97,"=1",SmtRes!DG93:'SmtRes'!DG97) -> 2324.55 | R85: =SUMIF(SmtRes!AQ93:'SmtRes'!AQ97,"=1",SmtRes!DH93:'SmtRes'!DH97) -> 761.11 | S85: =SUMIF(SmtRes!AQ93:'SmtRes'!AQ97,"=1",SmtRes!DI93:'SmtRes'!DI97) -> 2274.97 | T85: =ROUND(CU85*I85,2) -> 0 | U85: =SUMIF(SmtRes!AQ93:'SmtRes'!AQ97,"=1",SmtRes!CV93:'SmtRes'!CV97) -> 6.021 | V85: =SUMIF(SmtRes!AQ93:'SmtRes'!AQ97,"=1",SmtRes!CW93:'SmtRes'!CW97) -> 1.65466 | W85: =ROUND(CX85*I85,2) -> 0 | X85: =ROUND(CY85,2) -> 3370.05 | Y85: =ROUND(CZ85,2) -> 1578.76 | AA85: 73953415 | AB85: =ROUND((AC85+AD85+AF85),6) -> 17843.686 | AC85: =ROUND((0),6) -> 0 | AD85: =ROUND((((SUM(SmtRes!BR93:'SmtRes'!BR97))-(SUM(SmtRes!BS93:'SmtRes'!BS97)))+AE85),6) -> 7642.0064 | AE85: =ROUND((SUM(SmtRes!BS93:'SmtRes'!BS97)),6) -> 3413.0516 | AF85: =ROUND((SUM(SmtRes!BT93:'SmtRes'!BT97)),6) -> 10201.68 | AG85: =ROUND((AP85),6) -> 0 | AH85: =(SUM(SmtRes!BU93:'SmtRes'!BU97)) -> 27 | AI85: =(SUM(SmtRes!BV93:'SmtRes'!BV97)) -> 7.42 | AJ85: =(AS85) -> 0 | AK85: 21256.738 | AL85: 0 | AM85: 7642.0064 | AN85: 3413.0516 | AO85: 10201.68 | AP85: 0 | AQ85: 27 | AR85: 7.42 | AS85: 0 | AT85: 111 | AU85: 52 | AV85: 1 | AW85: 1 | AZ85: 1 | BA85: 1 | BB85: 1 | BC85: 1 | BH85: 0 | BI85: 2 | BJ85: ГЭСНм-2022, м10-06-003-01, приказ Минстроя России от 18.05.2022 г. № 378/пр | BM85: 110005 | BN85: 0 | BP85: 0 | BQ85: 3 | BR85: 0 | BS85: 1 | BT85: 1 | BU85: 1 | BV85: 1 | BW85: 1 | BX85: 1 | BZ85: 111 | CA85: 52 | CE85: 0 | CF85: 0 | CG85: 0 | CM85: 0 | CO85: 0 | CP85: =(P85+Q85+S85+R85) -> 5360.63 | CQ85: =SUMIF(SmtRes!AQ93:'SmtRes'!AQ97,"=1",SmtRes!AA93:'SmtRes'!AA97) -> 0 | CR85: =SUMIF(SmtRes!AQ93:'SmtRes'!AQ97,"=1",SmtRes!AB93:'SmtRes'!AB97) -> 1404.85 | CS85: =SUMIF(SmtRes!AQ93:'SmtRes'!AQ97,"=1",SmtRes!AC93:'SmtRes'!AC97) -> 459.98 | CT85: =SUMIF(SmtRes!AQ93:'SmtRes'!AQ97,"=1",SmtRes!AD93:'SmtRes'!AD97) -> 377.84 | CU85: =AG85 -> 0 | CV85: =SUMIF(SmtRes!AQ93:'SmtRes'!AQ97,"=1",SmtRes!BU93:'SmtRes'!BU97) -> 27 | CW85: =SUMIF(SmtRes!AQ93:'SmtRes'!AQ97,"=1",SmtRes!BV93:'SmtRes'!BV97) -> 7.42 | CX85: =AJ85 -> 0 | CY85: =(((S85+R85)*AT85)/100) -> 3370.0488 | CZ85: =(((S85+R85)*AU85)/100) -> 1578.7616 | DN85: 0 | DO85: 0 | DP85: 1 | DQ85: 1 | DU85: 30717392 | DV85: км кабеля | DW85: км кабеля | DX85: 1 | EE85: 72340517 | EF85: 3 | EG85: Монтажные работы | EH85: 0 | EJ85: 2 | EK85: 110005 | EL85: Оборудование связи: прокладка и монтаж междугородных линий связи | EM85: мФЕР-10 | EQ85: 0 | ER85: 0 | ES85: 0 | ET85: 0 | EU85: 0 | EV85: 0 | EW85: 27 | EX85: 7.42 | EY85: 0 | FQ85: 0 | FR85: 0 | FS85: 0 | FX85: 111 | FY85: 52 | GD85: 1 | GF85: -359692194 | GG85: 2 | GH85: 1 | GI85: -2 | GJ85: 0 | GK85: 0 | GL85: =ROUND(IF(AND(BH85=3,BI85=3,FS85<>0),P85,0),2) -> 0 | GM85: =ROUND(O85+X85+Y85,2)+GX85 -> 10309.44 | GN85: =IF(OR(BI85=0,BI85=1),GM85-GX85,0) -> 0 | GO85: =IF(BI85=2,GM85-GX85,0) -> 10309.44 | GP85: =IF(BI85=4,GM85-GX85,0) -> 0 | GR85: 0 | GS85: 3 | GT85: 0 | GV85: =ROUND((GT85),6) -> 0 | GW85: 1 | GX85: =ROUND(HC85*I85,2) -> 0 | HA85: 0 | HB85: 0 | HC85: =GV85*GW85 -> 0 | HN85: Пр/812-051.3-1 | HO85: Пр/774-051.3 | HP85: Оборудование связи: прокладка и монтаж междугородных линий связи | HQ85: Оборудование связи: прокладка и монтаж междугородных линий связи | HS85: 0 | IK85: 0
A86: 18 | B86: 1 | C86: 97 | E86: 17,1 | F86: 421/пр_2020_п.75_пп.а | G86: Сметная стоимость вспомогательных ненормируемых материальных ресурсов, не учтенная в сметной норме, 2% | H86: % | I86: =J86 -> 2 | J86: 2 | K86: 2 | O86: =ROUND(P86,2) -> 45.5 | P86: =ROUND(ROUND(ROUND(SUMIF(SmtRes!AQ93:'SmtRes'!AQ97,"=1",SmtRes!CU93:'SmtRes'!CU97),2),2)*I86/100,2) -> 45.5 | Q86: =ROUND(CR86*I86,2) -> 0 | R86: =ROUND(CS86*I86,2) -> 0 | S86: =ROUND(CT86*I86,2) -> 0 | T86: =ROUND(CU86*I86,2) -> 0 | U86: =ROUND(CV86*I86,7) -> 0 | V86: =ROUND(CW86*I86,7) -> 0 | W86: =ROUND(CX86*I86,2) -> 0 | X86: =ROUND(CY86,2) -> 0 | Y86: =ROUND(CZ86,2) -> 0 | AA86: 73953415 | AB86: =ROUND((AC86+AD86+AF86),6) -> 0 | AC86: =ROUND((ES86),6) -> 0 | AD86: =ROUND((((ET86)-(EU86))+AE86),6) -> 0 | AE86: =ROUND((EU86),6) -> 0 | AF86: =ROUND((EV86),6) -> 0 | AG86: =ROUND((AP86),6) -> 0 | AH86: =(EW86) -> 0 | AI86: =(EX86) -> 0 | AJ86: =(AS86) -> 0 | AK86: 0 | AL86: 0 | AM86: 0 | AN86: 0 | AO86: 0 | AP86: 0 | AQ86: 0 | AR86: 0 | AS86: 0 | AT86: 111 | AU86: 52 | AV86: 1 | AW86: 1 | AZ86: 1 | BA86: 1 | BB86: 1 | BC86: 1 | BH86: 3 | BI86: 2 | BM86: 110005 | BN86: 0 | BP86: 0 | BQ86: 3 | BR86: 0 | BS86: 1 | BT86: 1 | BU86: 1 | BV86: 1 | BW86: 1 | BX86: 1 | BZ86: 111 | CA86: 52 | CE86: 0 | CF86: 0 | CG86: 0 | CM86: 0 | CO86: 0 | CP86: =0 -> 0 | CQ86: =0 -> 0 | CR86: =0 -> 0 | CS86: =0 -> 0 | CT86: =0 -> 0 | CU86: =0 -> 0 | CV86: =0 -> 0 | CW86: =0 -> 0 | ... CZ86: =0 -> 0 | DN86: 0 | DO86: 0 | DP86: 1 | DQ86: 1 | DU86: 1013 | DV86: % | DW86: % | DX86: 1 | EE86: 72340517 | EF86: 3 | EG86: Монтажные работы | EH86: 0 | EJ86: 2 | EK86: 110005 | EL86: Оборудование связи: прокладка и монтаж междугородных линий связи | EM86: мФЕР-10 | EQ86: 0 | ER86: 0 | ES86: 0 | ET86: 0 | EU86: 0 | EV86: 0 | EW86: 0 | EX86: 0 | FQ86: 0 | FR86: 0 | FS86: 0 | FX86: 111 | FY86: 52 | GD86: 1 | GF86: 274903907 | GG86: 2 | GH86: 1 | GI86: -2 | GJ86: 0 | GK86: 0 | GL86: =ROUND(IF(AND(BH86=3,BI86=3,FS86<>0),P86,0),2) -> 0 | GM86: =ROUND(O86+X86+Y86,2)+GX86 -> 45.5 | GN86: =IF(OR(BI86=0,BI86=1),GM86-GX86,0) -> 0 | GO86: =IF(BI86=2,GM86-GX86,0) -> 45.5 | GP86: =IF(BI86=4,GM86-GX86,0) -> 0 | GR86: 0 | GS86: 3 | GT86: 0 | GV86: =ROUND((GT86),6) -> 0 | GW86: 1 | GX86: =ROUND(HC86*I86,2) -> 0 | HA86: 0 | HB86: 0 | HC86: =0 -> 0 | HN86: Пр/812-051.3-1 | HO86: Пр/774-051.3 | HP86: Оборудование связи: прокладка и монтаж междугородных линий связи | HQ86: Оборудование связи: прокладка и монтаж междугородных линий связи | HS86: 0 | IK86: 0
A87: 17 | B87: 1 | E87: 18 | F87: 01.7.06.08-0007 | G87: Ленты сигнальные из полиэтилена высокого давления «ГАЗ», фон желтый, надпись красная, ширина 200 мм, толщина 0,05 мм | H87: 100 м | I87: =ROUND(223/100,7) -> 2.23 | J87: 0 | K87: =ROUND(223/100,7) -> 2.23 | O87: =ROUND(CP87,2) -> 520.33 | P87: =ROUND(CQ87*I87,2) -> 520.33 | Q87: =ROUND(CR87*I87,2) -> 0 | R87: =ROUND(CS87*I87,2) -> 0 | S87: =ROUND(CT87*I87,2) -> 0 | T87: =ROUND(CU87*I87,2) -> 0 | U87: =ROUND(CV87*I87,7) -> 0 | V87: =ROUND(CW87*I87,7) -> 0 | W87: =ROUND(CX87*I87,2) -> 0 | X87: =ROUND(CY87,2) -> 0 | Y87: =ROUND(CZ87,2) -> 0 | AA87: 73953415 | AB87: =ROUND((AC87+AD87+AF87),6) -> 151.51 | AC87: =ROUND((ES87),6) -> 151.51 | AD87: =ROUND((((ET87)-(EU87))+AE87),6) -> 0 | AE87: =ROUND((EU87),6) -> 0 | AF87: =ROUND((EV87),6) -> 0 | AG87: =ROUND((AP87),6) -> 0 | AH87: =(EW87) -> 0 | AI87: =(EX87) -> 0 | AJ87: =(AS87) -> 0 | AK87: 151.51 | AL87: 151.51 | AM87: 0 | AN87: 0 | AO87: 0 | AP87: 0 | AQ87: 0 | AR87: 0 | AS87: 0 | AT87: 0 | AU87: 0 | AV87: 1 | AW87: 1 | AZ87: 1 | BA87: 1 | BB87: 1 | BC87: 1.54 | BH87: 3 | BI87: 1 | BJ87: ФСБЦ-2022, 01.7.06.08-0007, приказ Минстроя России от 18.05.2022 г. № 378/пр | BM87: 500001 | BN87: 0 | BO87: 01.7.06.08-0007 | BP87: 1 | BQ87: 8 | BR87: 0 | BS87: 1 | BT87: 1 | BU87: 1 | BV87: 1 | BW87: 1 | BX87: 1 | BZ87: 0 | CA87: 0 | CE87: 0 | CF87: 0 | CG87: 0 | CM87: 0 | CO87: 0 | CP87: =(P87+Q87+S87+R87) -> 520.33 | CQ87: =ROUND(AL87*BC87,2) -> 233.33 | CR87: =ROUND(AM87*BB87,2) -> 0 | CS87: =ROUND(AN87*BS87,2) -> 0 | CT87: =ROUND(AO87*BA87,2) -> 0 | CU87: =AG87 -> 0 | CV87: =AH87 -> 0 | CW87: =AI87 -> 0 | CX87: =AJ87 -> 0 | CY87: =0 -> 0 | CZ87: =0 -> 0 | DN87: 0 | DO87: 0 | DP87: 1 | DQ87: 1 | DU87: 1003 | DV87: 100 м | DW87: 100 м | DX87: 100 | EE87: 72340530 | EF87: 8 | EG87: Материалы строительные | EH87: 0 | EJ87: 1 | EK87: 500001 | EL87: Материалы и конструкции ( строительные ) по ценникам и каталогом | EM87: ФССЦст | EQ87: 0 | ER87: 151.51 | ES87: 151.51 | ET87: 0 | EU87: 0 | EV87: 0 | EW87: 0 | EX87: 0 | EY87: 0 | FQ87: 0 | FR87: 0 | FS87: 0 | FX87: 0 | FY87: 0 | GD87: 1 | GF87: 465333347 | GG87: 2 | GH87: 1 | GI87: 2 | GJ87: 0 | GK87: 0 | GL87: =ROUND(IF(AND(BH87=3,BI87=3,FS87<>0),P87,0),2) -> 0 | GM87: =ROUND(O87+X87+Y87,2)+GX87 -> 520.33 | GN87: =IF(OR(BI87=0,BI87=1),GM87-GX87,0) -> 520.33 | GO87: =IF(BI87=2,GM87-GX87,0) -> 0 | GP87: =IF(BI87=4,GM87-GX87,0) -> 0 | GR87: 0 | GS87: 3 | GT87: 0 | GV87: =ROUND((GT87),6) -> 0 | GW87: 1 | GX87: =ROUND(HC87*I87,2) -> 0 | HA87: 0 | HB87: 0 | HC87: =GV87*GW87 -> 0 | HS87: 0 | IK87: 0
A88: 17 | B88: 1 | C88: =ROW(SmtRes!A102) -> 102 | D88: =ROW(EtalonRes!A112) -> 112 | E88: 19 | F88: м10-06-003-01 | G88: Кабель, прокладываемый в траншее, масса 1м кабеля: до 0,6 кг | H88: км кабеля | I88: 0.223 | J88: 0 | K88: 0.223 | O88: =ROUND(CP88,2) -> 5360.63 | P88: =SUMIF(SmtRes!AQ98:'SmtRes'!AQ102,"=1",SmtRes!DF98:'SmtRes'!DF102) -> 0 | Q88: =SUMIF(SmtRes!AQ98:'SmtRes'!AQ102,"=1",SmtRes!DG98:'SmtRes'!DG102) -> 2324.55 | R88: =SUMIF(SmtRes!AQ98:'SmtRes'!AQ102,"=1",SmtRes!DH98:'SmtRes'!DH102) -> 761.11 | S88: =SUMIF(SmtRes!AQ98:'SmtRes'!AQ102,"=1",SmtRes!DI98:'SmtRes'!DI102) -> 2274.97 | T88: =ROUND(CU88*I88,2) -> 0 | U88: =SUMIF(SmtRes!AQ98:'SmtRes'!AQ102,"=1",SmtRes!CV98:'SmtRes'!CV102) -> 6.021 | V88: =SUMIF(SmtRes!AQ98:'SmtRes'!AQ102,"=1",SmtRes!CW98:'SmtRes'!CW102) -> 1.65466 | W88: =ROUND(CX88*I88,2) -> 0 | X88: =ROUND(CY88,2) -> 3370.05 | Y88: =ROUND(CZ88,2) -> 1578.76 | AA88: 73953415 | AB88: =ROUND((AC88+AD88+AF88),6) -> 17843.686 | AC88: =ROUND((0),6) -> 0 | AD88: =ROUND((((SUM(SmtRes!BR98:'SmtRes'!BR102))-(SUM(SmtRes!BS98:'SmtRes'!BS102)))+AE88),6) -> 7642.0064 | AE88: =ROUND((SUM(SmtRes!BS98:'SmtRes'!BS102)),6) -> 3413.0516 | AF88: =ROUND((SUM(SmtRes!BT98:'SmtRes'!BT102)),6) -> 10201.68 | AG88: =ROUND((AP88),6) -> 0 | AH88: =(SUM(SmtRes!BU98:'SmtRes'!BU102)) -> 27 | AI88: =(SUM(SmtRes!BV98:'SmtRes'!BV102)) -> 7.42 | AJ88: =(AS88) -> 0 | AK88: 21256.738 | AL88: 0 | AM88: 7642.0064 | AN88: 3413.0516 | AO88: 10201.68 | AP88: 0 | AQ88: 27 | AR88: 7.42 | AS88: 0 | AT88: 111 | AU88: 52 | AV88: 1 | AW88: 1 | AZ88: 1 | BA88: 1 | BB88: 1 | BC88: 1 | BH88: 0 | BI88: 2 | BJ88: ГЭСНм-2022, м10-06-003-01, приказ Минстроя России от 18.05.2022 г. № 378/пр | BM88: 110005 | BN88: 0 | BP88: 0 | BQ88: 3 | BR88: 0 | BS88: 1 | BT88: 1 | BU88: 1 | BV88: 1 | BW88: 1 | BX88: 1 | BZ88: 111 | CA88: 52 | CE88: 0 | CF88: 0 | CG88: 0 | CM88: 0 | CO88: 0 | CP88: =(P88+Q88+S88+R88) -> 5360.63 | CQ88: =SUMIF(SmtRes!AQ98:'SmtRes'!AQ102,"=1",SmtRes!AA98:'SmtRes'!AA102) -> 0 | CR88: =SUMIF(SmtRes!AQ98:'SmtRes'!AQ102,"=1",SmtRes!AB98:'SmtRes'!AB102) -> 1404.85 | CS88: =SUMIF(SmtRes!AQ98:'SmtRes'!AQ102,"=1",SmtRes!AC98:'SmtRes'!AC102) -> 459.98 | CT88: =SUMIF(SmtRes!AQ98:'SmtRes'!AQ102,"=1",SmtRes!AD98:'SmtRes'!AD102) -> 377.84 | CU88: =AG88 -> 0 | CV88: =SUMIF(SmtRes!AQ98:'SmtRes'!AQ102,"=1",SmtRes!BU98:'SmtRes'!BU102) -> 27 | CW88: =SUMIF(SmtRes!AQ98:'SmtRes'!AQ102,"=1",SmtRes!BV98:'SmtRes'!BV102) -> 7.42 | CX88: =AJ88 -> 0 | CY88: =(((S88+R88)*AT88)/100) -> 3370.0488 | CZ88: =(((S88+R88)*AU88)/100) -> 1578.7616 | DN88: 0 | DO88: 0 | DP88: 1 | DQ88: 1 | DU88: 30717392 | DV88: км кабеля | DW88: км кабеля | DX88: 1 | EE88: 72340517 | EF88: 3 | EG88: Монтажные работы | EH88: 0 | EJ88: 2 | EK88: 110005 | EL88: Оборудование связи: прокладка и монтаж междугородных линий связи | EM88: мФЕР-10 | EQ88: 0 | ER88: 0 | ES88: 0 | ET88: 0 | EU88: 0 | EV88: 0 | EW88: 27 | EX88: 7.42 | EY88: 0 | FQ88: 0 | FR88: 0 | FS88: 0 | FX88: 111 | FY88: 52 | GD88: 1 | GF88: 1356055473 | GG88: 2 | GH88: 1 | GI88: -2 | GJ88: 0 | GK88: 0 | GL88: =ROUND(IF(AND(BH88=3,BI88=3,FS88<>0),P88,0),2) -> 0 | GM88: =ROUND(O88+X88+Y88,2)+GX88 -> 10309.44 | GN88: =IF(OR(BI88=0,BI88=1),GM88-GX88,0) -> 0 | GO88: =IF(BI88=2,GM88-GX88,0) -> 10309.44 | GP88: =IF(BI88=4,GM88-GX88,0) -> 0 | GR88: 0 | GS88: 3 | GT88: 0 | GV88: =ROUND((GT88),6) -> 0 | GW88: 1 | GX88: =ROUND(HC88*I88,2) -> 0 | HA88: 0 | HB88: 0 | HC88: =GV88*GW88 -> 0 | HN88: Пр/812-051.3-1 | HO88: Пр/774-051.3 | HP88: Оборудование связи: прокладка и монтаж междугородных линий связи | HQ88: Оборудование связи: прокладка и монтаж междугородных линий связи | HS88: 0 | IK88: 0
A89: 18 | B89: 1 | C89: 102 | E89: 19,1 | F89: 421/пр_2020_п.75_пп.а | G89: Сметная стоимость вспомогательных ненормируемых материальных ресурсов, не учтенная в сметной норме, 2% | H89: % | I89: =J89 -> 2 | J89: 2 | K89: 2 | O89: =ROUND(P89,2) -> 45.5 | P89: =ROUND(ROUND(ROUND(SUMIF(SmtRes!AQ98:'SmtRes'!AQ102,"=1",SmtRes!CU98:'SmtRes'!CU102),2),2)*I89/100,2) -> 45.5 | Q89: =ROUND(CR89*I89,2) -> 0 | R89: =ROUND(CS89*I89,2) -> 0 | S89: =ROUND(CT89*I89,2) -> 0 | T89: =ROUND(CU89*I89,2) -> 0 | U89: =ROUND(CV89*I89,7) -> 0 | V89: =ROUND(CW89*I89,7) -> 0 | W89: =ROUND(CX89*I89,2) -> 0 | X89: =ROUND(CY89,2) -> 0 | Y89: =ROUND(CZ89,2) -> 0 | AA89: 73953415 | AB89: =ROUND((AC89+AD89+AF89),6) -> 0 | AC89: =ROUND((ES89),6) -> 0 | AD89: =ROUND((((ET89)-(EU89))+AE89),6) -> 0 | AE89: =ROUND((EU89),6) -> 0 | AF89: =ROUND((EV89),6) -> 0 | AG89: =ROUND((AP89),6) -> 0 | AH89: =(EW89) -> 0 | AI89: =(EX89) -> 0 | AJ89: =(AS89) -> 0 | AK89: 0 | AL89: 0 | AM89: 0 | AN89: 0 | AO89: 0 | AP89: 0 | AQ89: 0 | AR89: 0 | AS89: 0 | AT89: 111 | AU89: 52 | AV89: 1 | AW89: 1 | AZ89: 1 | BA89: 1 | BB89: 1 | BC89: 1 | BH89: 3 | BI89: 2 | BM89: 110005 | BN89: 0 | BP89: 0 | BQ89: 3 | BR89: 0 | BS89: 1 | BT89: 1 | BU89: 1 | BV89: 1 | BW89: 1 | BX89: 1 | BZ89: 111 | CA89: 52 | CE89: 0 | CF89: 0 | CG89: 0 | CM89: 0 | CO89: 0 | CP89: =0 -> 0 | CQ89: =0 -> 0 | CR89: =0 -> 0 | CS89: =0 -> 0 | CT89: =0 -> 0 | CU89: =0 -> 0 | CV89: =0 -> 0 | CW89: =0 -> 0 | ... CZ89: =0 -> 0 | DN89: 0 | DO89: 0 | DP89: 1 | DQ89: 1 | DU89: 1013 | DV89: % | DW89: % | DX89: 1 | EE89: 72340517 | EF89: 3 | EG89: Монтажные работы | EH89: 0 | EJ89: 2 | EK89: 110005 | EL89: Оборудование связи: прокладка и монтаж междугородных линий связи | EM89: мФЕР-10 | EQ89: 0 | ER89: 0 | ES89: 0 | ET89: 0 | EU89: 0 | EV89: 0 | EW89: 0 | EX89: 0 | FQ89: 0 | FR89: 0 | FS89: 0 | FX89: 111 | FY89: 52 | GD89: 1 | GF89: 274903907 | GG89: 2 | GH89: 1 | GI89: -2 | GJ89: 0 | GK89: 0 | GL89: =ROUND(IF(AND(BH89=3,BI89=3,FS89<>0),P89,0),2) -> 0 | GM89: =ROUND(O89+X89+Y89,2)+GX89 -> 45.5 | GN89: =IF(OR(BI89=0,BI89=1),GM89-GX89,0) -> 0 | GO89: =IF(BI89=2,GM89-GX89,0) -> 45.5 | GP89: =IF(BI89=4,GM89-GX89,0) -> 0 | GR89: 0 | GS89: 3 | GT89: 0 | GV89: =ROUND((GT89),6) -> 0 | GW89: 1 | GX89: =ROUND(HC89*I89,2) -> 0 | HA89: 0 | HB89: 0 | HC89: =0 -> 0 | HN89: Пр/812-051.3-1 | HO89: Пр/774-051.3 | HP89: Оборудование связи: прокладка и монтаж междугородных линий связи | HQ89: Оборудование связи: прокладка и монтаж междугородных линий связи | HS89: 0 | IK89: 0
A90: 17 | B90: 1 | E90: 20 | F90: 21.2.03.05-0002 | G90: Провод АПВ 1х2,5-450/750 | H90: 1000 м | I90: =ROUND(223/1000,7) -> 0.223 | J90: 0 | K90: =ROUND(223/1000,7) -> 0.223 | O90: =ROUND(CP90,2) -> 865.58 | P90: =ROUND(CQ90*I90,2) -> 865.58 | Q90: =ROUND(CR90*I90,2) -> 0 | R90: =ROUND(CS90*I90,2) -> 0 | S90: =ROUND(CT90*I90,2) -> 0 | T90: =ROUND(CU90*I90,2) -> 0 | U90: =ROUND(CV90*I90,7) -> 0 | V90: =ROUND(CW90*I90,7) -> 0 | W90: =ROUND(CX90*I90,2) -> 0 | X90: =ROUND(CY90,2) -> 0 | Y90: =ROUND(CZ90,2) -> 0 | AA90: 73953415 | AB90: =ROUND((AC90+AD90+AF90),6) -> 3080.58 | AC90: =ROUND((ES90),6) -> 3080.58 | AD90: =ROUND((((ET90)-(EU90))+AE90),6) -> 0 | AE90: =ROUND((EU90),6) -> 0 | AF90: =ROUND((EV90),6) -> 0 | AG90: =ROUND((AP90),6) -> 0 | AH90: =(EW90) -> 0 | AI90: =(EX90) -> 0 | AJ90: =(AS90) -> 0 | AK90: 3080.58 | AL90: 3080.58 | AM90: 0 | AN90: 0 | AO90: 0 | AP90: 0 | AQ90: 0 | AR90: 0 | AS90: 0 | AT90: 0 | AU90: 0 | AV90: 1 | AW90: 1 | AZ90: 1 | BA90: 1 | BB90: 1 | BC90: 1.26 | BH90: 3 | BI90: 2 | BJ90: ФСБЦ-2022 доп.18, 21.2.03.05-0002, приказ Минстроя России от 15.05.2026 г. № 301/пр | BM90: 500002 | BN90: 0 | BO90: 21.2.03.05-0002 | BP90: 1 | BQ90: 12 | BR90: 0 | BS90: 1 | BT90: 1 | BU90: 1 | BV90: 1 | BW90: 1 | BX90: 1 | BZ90: 0 | CA90: 0 | CE90: 0 | CF90: 0 | CG90: 0 | CM90: 0 | CO90: 0 | CP90: =(P90+Q90+S90+R90) -> 865.58 | CQ90: =ROUND(AL90*BC90,2) -> 3881.53 | CR90: =ROUND(AM90*BB90,2) -> 0 | CS90: =ROUND(AN90*BS90,2) -> 0 | CT90: =ROUND(AO90*BA90,2) -> 0 | CU90: =AG90 -> 0 | CV90: =AH90 -> 0 | CW90: =AI90 -> 0 | CX90: =AJ90 -> 0 | CY90: =0 -> 0 | CZ90: =0 -> 0 | DN90: 0 | DO90: 0 | DP90: 1 | DQ90: 1 | DU90: 1013 | DV90: 1000 м | DW90: 1000 М | DX90: 1 | EE90: 72340531 | EF90: 12 | EG90: Материалы монтажные | EH90: 0 | EJ90: 2 | EK90: 500002 | EL90: Материалы и конструкции ( монтажные ) по ценникам и каталогам | EM90: ФССЦм | EQ90: 0 | ER90: 3080.58 | ES90: 3080.58 | ET90: 0 | EU90: 0 | EV90: 0 | EW90: 0 | EX90: 0 | EY90: 0 | FQ90: 0 | FR90: 0 | FS90: 0 | FX90: 0 | FY90: 0 | GD90: 1 | GF90: -1564319187 | GG90: 2 | GH90: 1 | GI90: 2 | GJ90: 0 | GK90: 0 | GL90: =ROUND(IF(AND(BH90=3,BI90=3,FS90<>0),P90,0),2) -> 0 | GM90: =ROUND(O90+X90+Y90,2)+GX90 -> 865.58 | GN90: =IF(OR(BI90=0,BI90=1),GM90-GX90,0) -> 0 | GO90: =IF(BI90=2,GM90-GX90,0) -> 865.58 | GP90: =IF(BI90=4,GM90-GX90,0) -> 0 | GR90: 0 | GS90: 3 | GT90: 0 | GV90: =ROUND((GT90),6) -> 0 | GW90: 1 | GX90: =ROUND(HC90*I90,2) -> 0 | HA90: 0 | HB90: 0 | HC90: =GV90*GW90 -> 0 | HS90: 0 | IK90: 0
A91: 17 | B91: 1 | C91: =ROW(SmtRes!A106) -> 106 | D91: =ROW(EtalonRes!A117) -> 117 | E91: 21 | F91: 27-09-004-02 | G91: Установка столбиков сигнальных: пластиковых | H91: 100 ШТ | I91: =ROUND(5/100,7) -> 0.05 | J91: 0 | K91: =ROUND(5/100,7) -> 0.05 | O91: =ROUND(CP91,2) -> 273.33 | P91: =SUMIF(SmtRes!AQ103:'SmtRes'!AQ106,"=1",SmtRes!DF103:'SmtRes'!DF106) -> 0 | Q91: =SUMIF(SmtRes!AQ103:'SmtRes'!AQ106,"=1",SmtRes!DG103:'SmtRes'!DG106) -> 62.98 | R91: =SUMIF(SmtRes!AQ103:'SmtRes'!AQ106,"=1",SmtRes!DH103:'SmtRes'!DH106) -> 18.81 | S91: =SUMIF(SmtRes!AQ103:'SmtRes'!AQ106,"=1",SmtRes!DI103:'SmtRes'!DI106) -> 191.54 | T91: =ROUND(CU91*I91,2) -> 0 | U91: =SUMIF(SmtRes!AQ103:'SmtRes'!AQ106,"=1",SmtRes!CV103:'SmtRes'!CV106) -> 0.5675 | V91: =SUMIF(SmtRes!AQ103:'SmtRes'!AQ106,"=1",SmtRes!CW103:'SmtRes'!CW106) -> 0.047 | W91: =ROUND(CX91*I91,2) -> 0 | X91: =ROUND(CY91,2) -> 309.21 | Y91: =ROUND(CZ91,2) -> 281.87 | AA91: 73953415 | AB91: =ROUND((AC91+AD91+AF91),6) -> 4773.1532 | AC91: =ROUND((0),6) -> 0 | AD91: =ROUND((((SUM(SmtRes!BR103:'SmtRes'!BR106))-(SUM(SmtRes!BS103:'SmtRes'!BS106)))+AE91),6) -> 942.3012 | AE91: =ROUND((SUM(SmtRes!BS103:'SmtRes'!BS106)),6) -> 376.2256 | AF91: =ROUND((SUM(SmtRes!BT103:'SmtRes'!BT106)),6) -> 3830.852 | AG91: =ROUND((AP91),6) -> 0 | AH91: =(SUM(SmtRes!BU103:'SmtRes'!BU106)) -> 11.35 | AI91: =(SUM(SmtRes!BV103:'SmtRes'!BV106)) -> 0.94 | AJ91: =(AS91) -> 0 | AK91: 5149.3788 | AL91: 0 | AM91: 942.3012 | AN91: 376.2256 | AO91: 3830.852 | AP91: 0 | AQ91: 11.35 | AR91: 0.94 | AS91: 0 | AT91: 147 | AU91: 134 | AV91: 1 | AW91: 1 | AZ91: 1 | BA91: 1 | BB91: 1 | BC91: 1 | BH91: 0 | BI91: 1 | BJ91: ГЭСН-2022 доп.19, 27-09-004-02, приказ Минстроя России от 12.08.2026 г. № 527/пр | BM91: 27001 | BN91: 0 | BP91: 0 | BQ91: 2 | BR91: 0 | BS91: 1 | BT91: 1 | BU91: 1 | BV91: 1 | BW91: 1 | BX91: 1 | BZ91: 147 | CA91: 134 | CE91: 0 | CF91: 0 | CG91: 0 | CM91: 0 | CO91: 0 | CP91: =(P91+Q91+S91+R91) -> 273.33 | CQ91: =SUMIF(SmtRes!AQ103:'SmtRes'!AQ106,"=1",SmtRes!AA103:'SmtRes'!AA106) -> 0 | CR91: =SUMIF(SmtRes!AQ103:'SmtRes'!AQ106,"=1",SmtRes!AB103:'SmtRes'!AB106) -> 1233.36 | CS91: =SUMIF(SmtRes!AQ103:'SmtRes'!AQ106,"=1",SmtRes!AC103:'SmtRes'!AC106) -> 400.24 | CT91: =SUMIF(SmtRes!AQ103:'SmtRes'!AQ106,"=1",SmtRes!AD103:'SmtRes'!AD106) -> 337.52 | CU91: =AG91 -> 0 | CV91: =SUMIF(SmtRes!AQ103:'SmtRes'!AQ106,"=1",SmtRes!BU103:'SmtRes'!BU106) -> 11.35 | CW91: =SUMIF(SmtRes!AQ103:'SmtRes'!AQ106,"=1",SmtRes!BV103:'SmtRes'!BV106) -> 0.94 | CX91: =AJ91 -> 0 | CY91: =(((S91+R91)*AT91)/100) -> 309.2145 | CZ91: =(((S91+R91)*AU91)/100) -> 281.869 | DN91: 0 | DO91: 0 | DP91: 1 | DQ91: 1 | DU91: 1013 | DV91: 100 ШТ | DW91: 100 ШТ | DX91: 1 | EE91: 72340638 | EF91: 2 | EG91: Общестроительные работы | EH91: 21 | EI91: Автомобильные дороги | EJ91: 1 | EK91: 27001 | EL91: Автомобильные дороги | EM91: ФЕР-27 | EQ91: 0 | ER91: 0 | ES91: 0 | ET91: 0 | EU91: 0 | EV91: 0 | EW91: 11.35 | EX91: 0.94 | EY91: 0 | FQ91: 0 | FR91: 0 | FS91: 0 | FX91: 147 | FY91: 134 | GD91: 1 | GF91: 2100829410 | GG91: 2 | GH91: 1 | GI91: -2 | GJ91: 0 | GK91: 0 | GL91: =ROUND(IF(AND(BH91=3,BI91=3,FS91<>0),P91,0),2) -> 0 | GM91: =ROUND(O91+X91+Y91,2)+GX91 -> 864.41 | GN91: =IF(OR(BI91=0,BI91=1),GM91-GX91,0) -> 864.41 | GO91: =IF(BI91=2,GM91-GX91,0) -> 0 | GP91: =IF(BI91=4,GM91-GX91,0) -> 0 | GR91: 0 | GS91: 3 | GT91: 0 | GV91: =ROUND((GT91),6) -> 0 | GW91: 1 | GX91: =ROUND(HC91*I91,2) -> 0 | HA91: 0 | HB91: 0 | HC91: =GV91*GW91 -> 0 | HN91: Пр/812-021.0-1 | HO91: Пр/774-021.0 | HP91: Автомобильные дороги | HQ91: Автомобильные дороги | HS91: 0 | IK91: 0
A92: 17 | B92: 1 | E92: 22 | F92: 22.2.02.23-0302 | G92: Таблички-указатели кабельных трасс пластиковые односторонние, размеры 300х400х5 мм | H92: 100 ШТ | I92: =ROUND(5/100,7) -> 0.05 | J92: 0 | K92: =ROUND(5/100,7) -> 0.05 | O92: =ROUND(CP92,2) -> 4811.17 | P92: =ROUND(CQ92*I92,2) -> 4811.17 | Q92: =ROUND(CR92*I92,2) -> 0 | R92: =ROUND(CS92*I92,2) -> 0 | S92: =ROUND(CT92*I92,2) -> 0 | T92: =ROUND(CU92*I92,2) -> 0 | U92: =ROUND(CV92*I92,7) -> 0 | V92: =ROUND(CW92*I92,7) -> 0 | W92: =ROUND(CX92*I92,2) -> 0 | X92: =ROUND(CY92,2) -> 0 | Y92: =ROUND(CZ92,2) -> 0 | AA92: 73953415 | AB92: =ROUND((AC92+AD92+AF92),6) -> 69225.4 | AC92: =ROUND((ES92),6) -> 69225.4 | AD92: =ROUND((((ET92)-(EU92))+AE92),6) -> 0 | AE92: =ROUND((EU92),6) -> 0 | AF92: =ROUND((EV92),6) -> 0 | AG92: =ROUND((AP92),6) -> 0 | AH92: =(EW92) -> 0 | AI92: =(EX92) -> 0 | AJ92: =(AS92) -> 0 | AK92: 69225.4 | AL92: 69225.4 | AM92: 0 | AN92: 0 | AO92: 0 | AP92: 0 | AQ92: 0 | AR92: 0 | AS92: 0 | AT92: 0 | AU92: 0 | AV92: 1 | AW92: 1 | AZ92: 1 | BA92: 1 | BB92: 1 | BC92: 1.39 | BH92: 3 | BI92: 2 | BJ92: ФСБЦ-2022, 22.2.02.23-0302, приказ Минстроя России от 18.05.2022 г. № 378/пр | BM92: 500002 | BN92: 0 | BO92: 22.2.02.23-0302 | BP92: 1 | BQ92: 12 | BR92: 0 | BS92: 1 | BT92: 1 | BU92: 1 | BV92: 1 | BW92: 1 | BX92: 1 | BZ92: 0 | CA92: 0 | CE92: 0 | CF92: 0 | CG92: 0 | CM92: 0 | CO92: 0 | CP92: =(P92+Q92+S92+R92) -> 4811.17 | CQ92: =ROUND(AL92*BC92,2) -> 96223.31 | CR92: =ROUND(AM92*BB92,2) -> 0 | CS92: =ROUND(AN92*BS92,2) -> 0 | CT92: =ROUND(AO92*BA92,2) -> 0 | CU92: =AG92 -> 0 | CV92: =AH92 -> 0 | CW92: =AI92 -> 0 | CX92: =AJ92 -> 0 | CY92: =0 -> 0 | CZ92: =0 -> 0 | DN92: 0 | DO92: 0 | DP92: 1 | DQ92: 1 | DU92: 1013 | DV92: 100 ШТ | DW92: 100 ШТ | DX92: 1 | EE92: 72340531 | EF92: 12 | EG92: Материалы монтажные | EH92: 0 | EJ92: 2 | EK92: 500002 | EL92: Материалы и конструкции ( монтажные ) по ценникам и каталогам | EM92: ФССЦм | EQ92: 0 | ER92: 69225.4 | ES92: 69225.4 | ET92: 0 | EU92: 0 | EV92: 0 | EW92: 0 | EX92: 0 | EY92: 0 | FQ92: 0 | FR92: 0 | FS92: 0 | FX92: 0 | FY92: 0 | GD92: 1 | GF92: 1134049418 | GG92: 2 | GH92: 1 | GI92: 2 | GJ92: 0 | GK92: 0 | GL92: =ROUND(IF(AND(BH92=3,BI92=3,FS92<>0),P92,0),2) -> 0 | GM92: =ROUND(O92+X92+Y92,2)+GX92 -> 4811.17 | GN92: =IF(OR(BI92=0,BI92=1),GM92-GX92,0) -> 0 | GO92: =IF(BI92=2,GM92-GX92,0) -> 4811.17 | GP92: =IF(BI92=4,GM92-GX92,0) -> 0 | GR92: 0 | GS92: 3 | GT92: 0 | GV92: =ROUND((GT92),6) -> 0 | GW92: 1 | GX92: =ROUND(HC92*I92,2) -> 0 | HA92: 0 | HB92: 0 | HC92: =GV92*GW92 -> 0 | HS92: 0 | IK92: 0
A93: 17 | B93: 1 | E93: 23 | F93: 20.1.02.23-0174 | G93: Столбик замерный, опознавательный, пластиковый для подземных кабельных линий связи, диаметр 83 мм, высота 2200 мм | H93: ШТ | I93: 5 | J93: 0 | K93: 5 | O93: =ROUND(CP93,2) -> 4957.1 | P93: =ROUND(CQ93*I93,2) -> 4957.1 | Q93: =ROUND(CR93*I93,2) -> 0 | R93: =ROUND(CS93*I93,2) -> 0 | S93: =ROUND(CT93*I93,2) -> 0 | T93: =ROUND(CU93*I93,2) -> 0 | U93: =ROUND(CV93*I93,7) -> 0 | V93: =ROUND(CW93*I93,7) -> 0 | W93: =ROUND(CX93*I93,2) -> 0 | X93: =ROUND(CY93,2) -> 0 | Y93: =ROUND(CZ93,2) -> 0 | AA93: 73953415 | AB93: =ROUND((AC93+AD93+AF93),6) -> 713.25 | AC93: =ROUND((ES93),6) -> 713.25 | AD93: =ROUND((((ET93)-(EU93))+AE93),6) -> 0 | AE93: =ROUND((EU93),6) -> 0 | AF93: =ROUND((EV93),6) -> 0 | AG93: =ROUND((AP93),6) -> 0 | AH93: =(EW93) -> 0 | AI93: =(EX93) -> 0 | AJ93: =(AS93) -> 0 | AK93: 713.25 | AL93: 713.25 | AM93: 0 | AN93: 0 | AO93: 0 | AP93: 0 | AQ93: 0 | AR93: 0 | AS93: 0 | AT93: 0 | AU93: 0 | AV93: 1 | AW93: 1 | AZ93: 1 | BA93: 1 | BB93: 1 | BC93: 1.39 | BH93: 3 | BI93: 2 | BJ93: ФСБЦ-2022, 20.1.02.23-0174, приказ Минстроя России от 18.05.2022 г. № 378/пр | BM93: 500002 | BN93: 0 | BO93: 20.1.02.23-0174 | BP93: 1 | BQ93: 12 | BR93: 0 | BS93: 1 | BT93: 1 | BU93: 1 | BV93: 1 | BW93: 1 | BX93: 1 | BZ93: 0 | CA93: 0 | CE93: 0 | CF93: 0 | CG93: 0 | CM93: 0 | CO93: 0 | CP93: =(P93+Q93+S93+R93) -> 4957.1 | CQ93: =ROUND(AL93*BC93,2) -> 991.42 | CR93: =ROUND(AM93*BB93,2) -> 0 | CS93: =ROUND(AN93*BS93,2) -> 0 | CT93: =ROUND(AO93*BA93,2) -> 0 | CU93: =AG93 -> 0 | CV93: =AH93 -> 0 | CW93: =AI93 -> 0 | CX93: =AJ93 -> 0 | CY93: =0 -> 0 | CZ93: =0 -> 0 | DN93: 0 | DO93: 0 | DP93: 1 | DQ93: 1 | DU93: 1013 | DV93: ШТ | DW93: ШТ | DX93: 1 | EE93: 72340531 | EF93: 12 | EG93: Материалы монтажные | EH93: 0 | EJ93: 2 | EK93: 500002 | EL93: Материалы и конструкции ( монтажные ) по ценникам и каталогам | EM93: ФССЦм | EQ93: 0 | ER93: 713.25 | ES93: 713.25 | ET93: 0 | EU93: 0 | EV93: 0 | EW93: 0 | EX93: 0 | EY93: 0 | FQ93: 0 | FR93: 0 | FS93: 0 | FX93: 0 | FY93: 0 | GD93: 1 | GF93: -10111022 | GG93: 2 | GH93: 1 | GI93: 2 | GJ93: 0 | GK93: 0 | GL93: =ROUND(IF(AND(BH93=3,BI93=3,FS93<>0),P93,0),2) -> 0 | GM93: =ROUND(O93+X93+Y93,2)+GX93 -> 4957.1 | GN93: =IF(OR(BI93=0,BI93=1),GM93-GX93,0) -> 0 | GO93: =IF(BI93=2,GM93-GX93,0) -> 4957.1 | GP93: =IF(BI93=4,GM93-GX93,0) -> 0 | GR93: 0 | GS93: 3 | GT93: 0 | GV93: =ROUND((GT93),6) -> 0 | GW93: 1 | GX93: =ROUND(HC93*I93,2) -> 0 | HA93: 0 | HB93: 0 | HC93: =GV93*GW93 -> 0 | HS93: 0 | IK93: 0
A94: 17 | B94: 1 | C94: =ROW(SmtRes!A114) -> 114 | D94: =ROW(EtalonRes!A125) -> 125 | E94: 24 | F94: 06-01-001-01 | G94: Устройство бетонной подготовки | H94: 100 м3 | I94: =ROUND(0.052/100,7) -> 0.00052 | J94: 0 | K94: =ROUND(0.052/100,7) -> 0.00052 | O94: =ROUND(CP94,2) -> 39.17 | P94: =SUMIF(SmtRes!AQ107:'SmtRes'!AQ114,"=1",SmtRes!DF107:'SmtRes'!DF114) -> 1.85 | Q94: =SUMIF(SmtRes!AQ107:'SmtRes'!AQ114,"=1",SmtRes!DG107:'SmtRes'!DG114) -> 9.41 | R94: =SUMIF(SmtRes!AQ107:'SmtRes'!AQ114,"=1",SmtRes!DH107:'SmtRes'!DH114) -> 5.05 | S94: =SUMIF(SmtRes!AQ107:'SmtRes'!AQ114,"=1",SmtRes!DI107:'SmtRes'!DI114) -> 22.86 | T94: =ROUND(CU94*I94,2) -> 0 | U94: =SUMIF(SmtRes!AQ107:'SmtRes'!AQ114,"=1",SmtRes!CV107:'SmtRes'!CV114) -> 0.0702 | V94: =SUMIF(SmtRes!AQ107:'SmtRes'!AQ114,"=1",SmtRes!CW107:'SmtRes'!CW114) -> 0.0094224 | W94: =ROUND(CX94*I94,2) -> 0 | X94: =ROUND(CY94,2) -> 28.47 | Y94: =ROUND(CZ94,2) -> 16.19 | AA94: 73953415 | AB94: =ROUND((AC94+AD94+AF94),6) -> 58558.459 | AC94: =ROUND((SUM(SmtRes!BQ107:'SmtRes'!BQ114)),6) -> 3269.9925 | AD94: =ROUND((((SUM(SmtRes!BR107:'SmtRes'!BR114))-(SUM(SmtRes!BS107:'SmtRes'!BS114)))+AE94),6) -> 11336.516 | AE94: =ROUND((SUM(SmtRes!BS107:'SmtRes'!BS114)),6) -> 9725.5488 | AF94: =ROUND((SUM(SmtRes!BT107:'SmtRes'!BT114)),6) -> 43951.95 | AG94: =ROUND((AP94),6) -> 0 | AH94: =(SUM(SmtRes!BU107:'SmtRes'!BU114)) -> 135 | AI94: =(SUM(SmtRes!BV107:'SmtRes'!BV114)) -> 18.12 | AJ94: =(AS94) -> 0 | AK94: 68284.007 | AL94: 3269.9925 | AM94: 11336.516 | AN94: 9725.5488 | AO94: 43951.95 | AP94: 0 | AQ94: 135 | AR94: 18.12 | AS94: 0 | AT94: 102 | AU94: 58 | AV94: 1 | AW94: 1 | AZ94: 1 | BA94: 1 | BB94: 1 | BC94: 1 | BH94: 0 | BI94: 1 | BJ94: ГЭСН-2022 доп.18, 06-01-001-01, приказ Минстроя России от 15.05.2026 г. № 301/пр | BM94: 6001 | BN94: 0 | BP94: 0 | BQ94: 2 | BR94: 0 | BS94: 1 | BT94: 1 | BU94: 1 | BV94: 1 | BW94: 1 | BX94: 1 | BZ94: 102 | CA94: 58 | CE94: 0 | CF94: 0 | CG94: 0 | CM94: 0 | CO94: 0 | CP94: =(P94+Q94+S94+R94) -> 39.17 | CQ94: =SUMIF(SmtRes!AQ107:'SmtRes'!AQ114,"=1",SmtRes!AA107:'SmtRes'!AA114) -> 45.4 | CR94: =SUMIF(SmtRes!AQ107:'SmtRes'!AQ114,"=1",SmtRes!AB107:'SmtRes'!AB114) -> 1668.45 | CS94: =SUMIF(SmtRes!AQ107:'SmtRes'!AQ114,"=1",SmtRes!AC107:'SmtRes'!AC114) -> 937.88 | CT94: =SUMIF(SmtRes!AQ107:'SmtRes'!AQ114,"=1",SmtRes!AD107:'SmtRes'!AD114) -> 325.57 | CU94: =AG94 -> 0 | CV94: =SUMIF(SmtRes!AQ107:'SmtRes'!AQ114,"=1",SmtRes!BU107:'SmtRes'!BU114) -> 135 | CW94: =SUMIF(SmtRes!AQ107:'SmtRes'!AQ114,"=1",SmtRes!BV107:'SmtRes'!BV114) -> 18.12 | CX94: =AJ94 -> 0 | CY94: =(((S94+R94)*AT94)/100) -> 28.4682 | CZ94: =(((S94+R94)*AU94)/100) -> 16.1878 | DN94: 0 | DO94: 0 | DP94: 1 | DQ94: 1 | DU94: 1007 | DV94: 100 м3 | DW94: 100 м3 | DX94: 100 | EE94: 72340584 | EF94: 2 | EG94: Общестроительные работы | EH94: 6 | EI94: Бетонные и железобетонные монолитные конструкции и работы в строительстве | EJ94: 1 | EK94: 6001 | EL94: Бетонные и железобетонные монолитные конструкции и работы в строительстве | EM94: ФЕР-06 | EQ94: 0 | ER94: 0 | ES94: 0 | ET94: 0 | EU94: 0 | EV94: 0 | EW94: 135 | EX94: 18.12 | EY94: 0 | FQ94: 0 | FR94: 0 | FS94: 0 | FX94: 102 | FY94: 58 | GD94: 1 | GF94: -1561135117 | GG94: 2 | GH94: 1 | GI94: -2 | GJ94: 0 | GK94: 0 | GL94: =ROUND(IF(AND(BH94=3,BI94=3,FS94<>0),P94,0),2) -> 0 | GM94: =ROUND(O94+X94+Y94,2)+GX94 -> 83.83 | GN94: =IF(OR(BI94=0,BI94=1),GM94-GX94,0) -> 83.83 | GO94: =IF(BI94=2,GM94-GX94,0) -> 0 | GP94: =IF(BI94=4,GM94-GX94,0) -> 0 | GR94: 0 | GS94: 3 | GT94: 0 | GV94: =ROUND((GT94),6) -> 0 | GW94: 1 | GX94: =ROUND(HC94*I94,2) -> 0 | HA94: 0 | HB94: 0 | HC94: =GV94*GW94 -> 0 | HN94: Пр/812-006.0-1 | HO94: Пр/774-006.0 | HP94: Бетонные и железобетонные монолитные конструкции и работы в строительстве | HQ94: Бетонные и железобетонные монолитные конструкции и работы в строительстве | HS94: 0 | IK94: 0
A95: 18 | B95: 1 | C95: 114 | E95: 24,1 | F95: 04.1.02.05-0110 | G95: Смеси бетонные тяжелого бетона (БСТ) на щебне из гравия, класс В7,5, F(1)50, W2 | H95: м3 | I95: =I94*J95 -> 0.05304 | J95: 102 | K95: 102 | O95: =ROUND(CP95,2) -> 311.06 | P95: =ROUND(CQ95*I95,2) -> 311.06 | Q95: =ROUND(CR95*I95,2) -> 0 | R95: =ROUND(CS95*I95,2) -> 0 | S95: =ROUND(CT95*I95,2) -> 0 | T95: =ROUND(CU95*I95,2) -> 0 | U95: =ROUND(CV95*I95,7) -> 0 | V95: =ROUND(CW95*I95,7) -> 0 | W95: =ROUND(CX95*I95,2) -> 0 | X95: =ROUND(CY95,2) -> 0 | Y95: =ROUND(CZ95,2) -> 0 | AA95: 73953415 | AB95: =ROUND((AC95+AD95+AF95),6) -> 4044.61 | AC95: =ROUND((ES95),6) -> 4044.61 | AD95: =ROUND((((ET95)-(EU95))+AE95),6) -> 0 | AE95: =ROUND((EU95),6) -> 0 | AF95: =ROUND((EV95),6) -> 0 | AG95: =ROUND((AP95),6) -> 0 | AH95: =(EW95) -> 0 | AI95: =(EX95) -> 0 | AJ95: =(AS95) -> 0 | AK95: 4044.61 | AL95: 4044.61 | AM95: 0 | AN95: 0 | AO95: 0 | AP95: 0 | AQ95: 0 | AR95: 0 | AS95: 0 | AT95: 102 | AU95: 58 | AV95: 1 | AW95: 1 | AZ95: 1 | BA95: 1 | BB95: 1 | BC95: 1.45 | BH95: 3 | BI95: 1 | BJ95: ФСБЦ-2022 доп.14, 04.1.02.05-0110, приказ Минстроя России от 19.05.2025 г. № 299/пр | BM95: 6001 | BN95: 0 | BO95: 04.1.02.05-0110 | BP95: 1 | BQ95: 2 | BR95: 0 | BS95: 1 | BT95: 1 | BU95: 1 | BV95: 1 | BW95: 1 | BX95: 1 | BZ95: 102 | CA95: 58 | CE95: 0 | CF95: 0 | CG95: 0 | CM95: 0 | CO95: 0 | CP95: =(P95+Q95+S95+R95) -> 311.06 | CQ95: =ROUND(AL95*BC95,2) -> 5864.68 | CR95: =ROUND(AM95*BB95,2) -> 0 | CS95: =ROUND(AN95*BS95,2) -> 0 | CT95: =ROUND(AO95*BA95,2) -> 0 | CU95: =AG95 -> 0 | CV95: =AH95 -> 0 | CW95: =AI95 -> 0 | CX95: =AJ95 -> 0 | CY95: =(((S95+R95)*AT95)/100) -> 0 | CZ95: =(((S95+R95)*AU95)/100) -> 0 | DN95: 0 | DO95: 0 | DP95: 1 | DQ95: 1 | DU95: 1007 | DV95: м3 | DW95: м3 | DX95: 1 | EE95: 72340584 | EF95: 2 | EG95: Общестроительные работы | EH95: 6 | EI95: Бетонные и железобетонные монолитные конструкции и работы в строительстве | EJ95: 1 | EK95: 6001 | EL95: Бетонные и железобетонные монолитные конструкции и работы в строительстве | EM95: ФЕР-06 | EQ95: 0 | ER95: 4044.61 | ES95: 4044.61 | ET95: 0 | EU95: 0 | EV95: 0 | EW95: 0 | EX95: 0 | FQ95: 0 | FR95: 0 | FS95: 0 | FX95: 102 | FY95: 58 | GD95: 1 | GF95: -993322229 | GG95: 2 | GH95: 1 | GI95: 2 | GJ95: 0 | GK95: 0 | GL95: =ROUND(IF(AND(BH95=3,BI95=3,FS95<>0),P95,0),2) -> 0 | GM95: =ROUND(O95+X95+Y95,2)+GX95 -> 311.06 | GN95: =IF(OR(BI95=0,BI95=1),GM95-GX95,0) -> 311.06 | GO95: =IF(BI95=2,GM95-GX95,0) -> 0 | GP95: =IF(BI95=4,GM95-GX95,0) -> 0 | GR95: 0 | GS95: 3 | GT95: 0 | GV95: =ROUND((GT95),6) -> 0 | GW95: 1 | GX95: =ROUND(HC95*I95,2) -> 0 | HA95: 0 | HB95: 0 | HC95: =GV95*GW95 -> 0 | HN95: Пр/812-006.0-1 | HO95: Пр/774-006.0 | HP95: Бетонные и железобетонные монолитные конструкции и работы в строительстве | HQ95: Бетонные и железобетонные монолитные конструкции и работы в строительстве | HS95: 0 | IK95: 0
A96: 17 | B96: 1 | C96: =ROW(SmtRes!A120) -> 120 | D96: =ROW(EtalonRes!A131) -> 131 | E96: 25 | F96: 06-03-004-01 | G96: Установка анкерных болтов: в готовые гнезда с заделкой длиной до 1 м | H96: т | I96: 0.001 | J96: 0 | K96: 0.001 | O96: =ROUND(CP96,2) -> 108.38 | P96: =SUMIF(SmtRes!AQ115:'SmtRes'!AQ120,"=1",SmtRes!DF115:'SmtRes'!DF120) -> 0.82 | Q96: =SUMIF(SmtRes!AQ115:'SmtRes'!AQ120,"=1",SmtRes!DG115:'SmtRes'!DG120) -> 0.68 | R96: =SUMIF(SmtRes!AQ115:'SmtRes'!AQ120,"=1",SmtRes!DH115:'SmtRes'!DH120) -> 0.27 | S96: =SUMIF(SmtRes!AQ115:'SmtRes'!AQ120,"=1",SmtRes!DI115:'SmtRes'!DI120) -> 106.61 | T96: =ROUND(CU96*I96,2) -> 0 | U96: =SUMIF(SmtRes!AQ115:'SmtRes'!AQ120,"=1",SmtRes!CV115:'SmtRes'!CV120) -> 0.289 | V96: =SUMIF(SmtRes!AQ115:'SmtRes'!AQ120,"=1",SmtRes!CW115:'SmtRes'!CW120) -> 0.00059 | W96: =ROUND(CX96*I96,2) -> 0 | X96: =ROUND(CY96,2) -> 109.02 | Y96: =ROUND(CZ96,2) -> 61.99 | AA96: 73953415 | AB96: =ROUND((AC96+AD96+AF96),6) -> 107898.54 | AC96: =ROUND((SUM(SmtRes!BQ115:'SmtRes'!BQ120)),6) -> 610.1576 | AD96: =ROUND((((SUM(SmtRes!BR115:'SmtRes'!BR120))-(SUM(SmtRes!BS115:'SmtRes'!BS120)))+AE96),6) -> 682.063 | AE96: =ROUND((SUM(SmtRes!BS115:'SmtRes'!BS120)),6) -> 270.4916 | AF96: =ROUND((SUM(SmtRes!BT115:'SmtRes'!BT120)),6) -> 106606.32 | AG96: =ROUND((AP96),6) -> 0 | AH96: =(SUM(SmtRes!BU115:'SmtRes'!BU120)) -> 289 | AI96: =(SUM(SmtRes!BV115:'SmtRes'!BV120)) -> 0.59 | AJ96: =(AS96) -> 0 | AK96: 108169.03 | AL96: 610.1576 | AM96: 682.063 | AN96: 270.4916 | AO96: 106606.32 | AP96: 0 | AQ96: 289 | AR96: 0.59 | AS96: 0 | AT96: 102 | AU96: 58 | AV96: 1 | AW96: 1 | AZ96: 1 | BA96: 1 | BB96: 1 | BC96: 1 | BH96: 0 | BI96: 1 | BJ96: ГЭСН-2022 доп.16, 06-03-004-01, приказ Минстроя России от 12.11.2025 г. № 696/пр | BM96: 6001 | BN96: 0 | BP96: 0 | BQ96: 2 | BR96: 0 | BS96: 1 | BT96: 1 | BU96: 1 | BV96: 1 | BW96: 1 | BX96: 1 | BZ96: 102 | CA96: 58 | CE96: 0 | CF96: 0 | CG96: 0 | CM96: 0 | CO96: 0 | CP96: =(P96+Q96+S96+R96) -> 108.38 | CQ96: =SUMIF(SmtRes!AQ115:'SmtRes'!AQ120,"=1",SmtRes!AA115:'SmtRes'!AA120) -> 82371.28 | CR96: =SUMIF(SmtRes!AQ115:'SmtRes'!AQ120,"=1",SmtRes!AB115:'SmtRes'!AB120) -> 2492.11 | CS96: =SUMIF(SmtRes!AQ115:'SmtRes'!AQ120,"=1",SmtRes!AC115:'SmtRes'!AC120) -> 937.88 | CT96: =SUMIF(SmtRes!AQ115:'SmtRes'!AQ120,"=1",SmtRes!AD115:'SmtRes'!AD120) -> 368.88 | CU96: =AG96 -> 0 | CV96: =SUMIF(SmtRes!AQ115:'SmtRes'!AQ120,"=1",SmtRes!BU115:'SmtRes'!BU120) -> 289 | CW96: =SUMIF(SmtRes!AQ115:'SmtRes'!AQ120,"=1",SmtRes!BV115:'SmtRes'!BV120) -> 0.59 | CX96: =AJ96 -> 0 | CY96: =(((S96+R96)*AT96)/100) -> 109.0176 | CZ96: =(((S96+R96)*AU96)/100) -> 61.9904 | DN96: 0 | DO96: 0 | DP96: 1 | DQ96: 1 | DU96: 1009 | DV96: т | DW96: т | DX96: 1000 | EE96: 72340584 | EF96: 2 | EG96: Общестроительные работы | EH96: 6 | EI96: Бетонные и железобетонные монолитные конструкции и работы в строительстве | EJ96: 1 | EK96: 6001 | EL96: Бетонные и железобетонные монолитные конструкции и работы в строительстве | EM96: ФЕР-06 | EQ96: 0 | ER96: 0 | ES96: 0 | ET96: 0 | EU96: 0 | EV96: 0 | EW96: 289 | EX96: 0.59 | EY96: 0 | FQ96: 0 | FR96: 0 | FS96: 0 | FX96: 102 | FY96: 58 | GD96: 1 | GF96: -1181679143 | GG96: 2 | GH96: 1 | GI96: -2 | GJ96: 0 | GK96: 0 | GL96: =ROUND(IF(AND(BH96=3,BI96=3,FS96<>0),P96,0),2) -> 0 | GM96: =ROUND(O96+X96+Y96,2)+GX96 -> 279.39 | GN96: =IF(OR(BI96=0,BI96=1),GM96-GX96,0) -> 279.39 | GO96: =IF(BI96=2,GM96-GX96,0) -> 0 | GP96: =IF(BI96=4,GM96-GX96,0) -> 0 | GR96: 0 | GS96: 3 | GT96: 0 | GV96: =ROUND((GT96),6) -> 0 | GW96: 1 | GX96: =ROUND(HC96*I96,2) -> 0 | HA96: 0 | HB96: 0 | HC96: =GV96*GW96 -> 0 | HN96: Пр/812-006.0-1 | HO96: Пр/774-006.0 | HP96: Бетонные и железобетонные монолитные конструкции и работы в строительстве | HQ96: Бетонные и железобетонные монолитные конструкции и работы в строительстве | HS96: 0 | IK96: 0
A97: 18 | B97: 1 | C97: 120 | E97: 25,1 | F97: 08.4.01.01-0025 | G97: Болты анкерные фундаментные стальные в комплекте с двумя гайками М12 и шайбами М12, тип 1, диаметр М12 | H97: т | I97: =I96*J97 -> 0.001 | J97: 1 | K97: 1 | O97: =ROUND(CP97,2) -> 214.72 | P97: =ROUND(CQ97*I97,2) -> 214.72 | Q97: =ROUND(CR97*I97,2) -> 0 | R97: =ROUND(CS97*I97,2) -> 0 | S97: =ROUND(CT97*I97,2) -> 0 | T97: =ROUND(CU97*I97,2) -> 0 | U97: =ROUND(CV97*I97,7) -> 0 | V97: =ROUND(CW97*I97,7) -> 0 | W97: =ROUND(CX97*I97,2) -> 0 | X97: =ROUND(CY97,2) -> 0 | Y97: =ROUND(CZ97,2) -> 0 | AA97: 73953415 | AB97: =ROUND((AC97+AD97+AF97),6) -> 191710.91 | AC97: =ROUND((ES97),6) -> 191710.91 | AD97: =ROUND((((ET97)-(EU97))+AE97),6) -> 0 | AE97: =ROUND((EU97),6) -> 0 | AF97: =ROUND((EV97),6) -> 0 | AG97: =ROUND((AP97),6) -> 0 | AH97: =(EW97) -> 0 | AI97: =(EX97) -> 0 | AJ97: =(AS97) -> 0 | AK97: 191710.91 | AL97: 191710.91 | AM97: 0 | AN97: 0 | AO97: 0 | AP97: 0 | AQ97: 0 | AR97: 0 | AS97: 0 | AT97: 102 | AU97: 58 | AV97: 1 | AW97: 1 | AZ97: 1 | BA97: 1 | BB97: 1 | BC97: 1.12 | BH97: 3 | BI97: 1 | BJ97: ФСБЦ-2022 доп.2, 08.4.01.01-0025, приказ Минстроя России от 26.08.2022 г. № 703/пр | BM97: 6001 | BN97: 0 | BO97: 08.4.01.01-0025 | BP97: 1 | BQ97: 2 | BR97: 0 | BS97: 1 | BT97: 1 | BU97: 1 | BV97: 1 | BW97: 1 | BX97: 1 | BZ97: 102 | CA97: 58 | CE97: 0 | CF97: 0 | CG97: 0 | CM97: 0 | CO97: 0 | CP97: =(P97+Q97+S97+R97) -> 214.72 | CQ97: =ROUND(AL97*BC97,2) -> 214716.22 | CR97: =ROUND(AM97*BB97,2) -> 0 | CS97: =ROUND(AN97*BS97,2) -> 0 | CT97: =ROUND(AO97*BA97,2) -> 0 | CU97: =AG97 -> 0 | CV97: =AH97 -> 0 | CW97: =AI97 -> 0 | CX97: =AJ97 -> 0 | CY97: =(((S97+R97)*AT97)/100) -> 0 | CZ97: =(((S97+R97)*AU97)/100) -> 0 | DN97: 0 | DO97: 0 | DP97: 1 | DQ97: 1 | DU97: 1009 | DV97: т | DW97: т | DX97: 1000 | EE97: 72340584 | EF97: 2 | EG97: Общестроительные работы | EH97: 6 | EI97: Бетонные и железобетонные монолитные конструкции и работы в строительстве | EJ97: 1 | EK97: 6001 | EL97: Бетонные и железобетонные монолитные конструкции и работы в строительстве | EM97: ФЕР-06 | EQ97: 0 | ER97: 191710.91 | ES97: 191710.91 | ET97: 0 | EU97: 0 | EV97: 0 | EW97: 0 | EX97: 0 | FQ97: 0 | FR97: 0 | FS97: 0 | FX97: 102 | FY97: 58 | GD97: 1 | GF97: -853630379 | GG97: 2 | GH97: 1 | GI97: 2 | GJ97: 0 | GK97: 0 | GL97: =ROUND(IF(AND(BH97=3,BI97=3,FS97<>0),P97,0),2) -> 0 | GM97: =ROUND(O97+X97+Y97,2)+GX97 -> 214.72 | GN97: =IF(OR(BI97=0,BI97=1),GM97-GX97,0) -> 214.72 | GO97: =IF(BI97=2,GM97-GX97,0) -> 0 | GP97: =IF(BI97=4,GM97-GX97,0) -> 0 | GR97: 0 | GS97: 3 | GT97: 0 | GV97: =ROUND((GT97),6) -> 0 | GW97: 1 | GX97: =ROUND(HC97*I97,2) -> 0 | HA97: 0 | HB97: 0 | HC97: =GV97*GW97 -> 0 | HN97: Пр/812-006.0-1 | HO97: Пр/774-006.0 | HP97: Бетонные и железобетонные монолитные конструкции и работы в строительстве | HQ97: Бетонные и железобетонные монолитные конструкции и работы в строительстве | HS97: 0 | IK97: 0
A98: 17 | B98: 1 | C98: =ROW(SmtRes!A123) -> 123 | D98: =ROW(EtalonRes!A134) -> 134 | E98: 26 | F98: 24-02-120-01 | G98: Очистка полости трубопровода продувкой воздухом, номинальный диаметр газопровода: 50 мм | H98: 100 м | I98: =ROUND(17/100,7) -> 0.17 | J98: 0 | K98: =ROUND(17/100,7) -> 0.17 | O98: =ROUND(CP98,2) -> 55.69 | P98: =SUMIF(SmtRes!AQ121:'SmtRes'!AQ123,"=1",SmtRes!DF121:'SmtRes'!DF123) -> 0 | Q98: =SUMIF(SmtRes!AQ121:'SmtRes'!AQ123,"=1",SmtRes!DG121:'SmtRes'!DG123) -> 14.18 | R98: =SUMIF(SmtRes!AQ121:'SmtRes'!AQ123,"=1",SmtRes!DH121:'SmtRes'!DH123) -> 13.61 | S98: =SUMIF(SmtRes!AQ121:'SmtRes'!AQ123,"=1",SmtRes!DI121:'SmtRes'!DI123) -> 27.9 | T98: =ROUND(CU98*I98,2) -> 0 | U98: =SUMIF(SmtRes!AQ121:'SmtRes'!AQ123,"=1",SmtRes!CV121:'SmtRes'!CV123) -> 0.0697 | V98: =SUMIF(SmtRes!AQ121:'SmtRes'!AQ123,"=1",SmtRes!CW121:'SmtRes'!CW123) -> 0.034 | W98: =ROUND(CX98*I98,2) -> 0 | X98: =ROUND(CY98,2) -> 48.57 | Y98: =ROUND(CZ98,2) -> 30.72 | AA98: 73953415 | AB98: =ROUND((AC98+AD98+AF98),6) -> 247.5224 | AC98: =ROUND((0),6) -> 0 | AD98: =ROUND((((SUM(SmtRes!BR121:'SmtRes'!BR123))-(SUM(SmtRes!BS121:'SmtRes'!BS123)))+AE98),6) -> 83.424 | AE98: =ROUND((SUM(SmtRes!BS121:'SmtRes'!BS123)),6) -> 80.048 | AF98: =ROUND((SUM(SmtRes!BT121:'SmtRes'!BT123)),6) -> 164.0984 | AG98: =ROUND((AP98),6) -> 0 | AH98: =(SUM(SmtRes!BU121:'SmtRes'!BU123)) -> 0.41 | AI98: =(SUM(SmtRes!BV121:'SmtRes'!BV123)) -> 0.2 | AJ98: =(AS98) -> 0 | AK98: 327.5704 | AL98: 0 | AM98: 83.424 | AN98: 80.048 | AO98: 164.0984 | AP98: 0 | AQ98: 0.41 | AR98: 0.2 | AS98: 0 | AT98: 117 | AU98: 74 | AV98: 1 | AW98: 1 | AZ98: 1 | BA98: 1 | BB98: 1 | BC98: 1 | BH98: 0 | BI98: 1 | BJ98: ГЭСН-2022, 24-02-120-01, приказ Минстроя России от 18.05.2022 г. № 378/пр | BM98: 24001 | BN98: 0 | BP98: 0 | BQ98: 2 | BR98: 0 | BS98: 1 | BT98: 1 | BU98: 1 | BV98: 1 | BW98: 1 | BX98: 1 | BZ98: 117 | CA98: 74 | CE98: 0 | CF98: 0 | CG98: 0 | CM98: 0 | CO98: 0 | CP98: =(P98+Q98+S98+R98) -> 55.69 | CQ98: =SUMIF(SmtRes!AQ121:'SmtRes'!AQ123,"=1",SmtRes!AA121:'SmtRes'!AA123) -> 0 | CR98: =SUMIF(SmtRes!AQ121:'SmtRes'!AQ123,"=1",SmtRes!AB121:'SmtRes'!AB123) -> 417.12 | CS98: =SUMIF(SmtRes!AQ121:'SmtRes'!AQ123,"=1",SmtRes!AC121:'SmtRes'!AC123) -> 400.24 | CT98: =SUMIF(SmtRes!AQ121:'SmtRes'!AQ123,"=1",SmtRes!AD121:'SmtRes'!AD123) -> 400.24 | CU98: =AG98 -> 0 | CV98: =SUMIF(SmtRes!AQ121:'SmtRes'!AQ123,"=1",SmtRes!BU121:'SmtRes'!BU123) -> 0.41 | CW98: =SUMIF(SmtRes!AQ121:'SmtRes'!AQ123,"=1",SmtRes!BV121:'SmtRes'!BV123) -> 0.2 | CX98: =AJ98 -> 0 | CY98: =(((S98+R98)*AT98)/100) -> 48.5667 | CZ98: =(((S98+R98)*AU98)/100) -> 30.7174 | DN98: 0 | DO98: 0 | DP98: 1 | DQ98: 1 | DU98: 1003 | DV98: 100 м | DW98: 100 м | DX98: 100 | EE98: 72340632 | EF98: 2 | EG98: Общестроительные работы | EH98: 18 | EI98: Наружные сети водопровода, канализации, теплоснабжения, газопроводы | EJ98: 1 | EK98: 24001 | EL98: Наружные сети водопровода, канализации, теплоснабжения, газопроводы | EM98: ФЕР-24 | EQ98: 0 | ER98: 0 | ES98: 0 | ET98: 0 | EU98: 0 | EV98: 0 | EW98: 0.41 | EX98: 0.2 | EY98: 0 | FQ98: 0 | FR98: 0 | FS98: 0 | FX98: 117 | FY98: 74 | GD98: 1 | GF98: -414317655 | GG98: 2 | GH98: 1 | GI98: -2 | GJ98: 0 | GK98: 0 | GL98: =ROUND(IF(AND(BH98=3,BI98=3,FS98<>0),P98,0),2) -> 0 | GM98: =ROUND(O98+X98+Y98,2)+GX98 -> 134.98 | GN98: =IF(OR(BI98=0,BI98=1),GM98-GX98,0) -> 134.98 | GO98: =IF(BI98=2,GM98-GX98,0) -> 0 | GP98: =IF(BI98=4,GM98-GX98,0) -> 0 | GR98: 0 | GS98: 3 | GT98: 0 | GV98: =ROUND((GT98),6) -> 0 | GW98: 1 | GX98: =ROUND(HC98*I98,2) -> 0 | HA98: 0 | HB98: 0 | HC98: =GV98*GW98 -> 0 | HN98: Пр/812-018.0-1 | HO98: Пр/774-018.0 | HP98: Наружные сети водопровода, канализации, теплоснабжения, газопроводы | HQ98: Наружные сети водопровода, канализации, теплоснабжения, газопроводы | HS98: 0 | IK98: 0
A99: 17 | B99: 1 | C99: =ROW(SmtRes!A129) -> 129 | D99: =ROW(EtalonRes!A141) -> 141 | E99: 27 | F99: 24-02-035-03 | G99: Опрессовка газопровода из полиэтиленовых труб, диаметром: 63 мм | H99: км | I99: 0.22 | J99: 0 | K99: 0.22 | O99: =ROUND(CP99,2) -> 3777.38 | P99: =SUMIF(SmtRes!AQ124:'SmtRes'!AQ129,"=1",SmtRes!DF124:'SmtRes'!DF129) -> 0.94 | Q99: =SUMIF(SmtRes!AQ124:'SmtRes'!AQ129,"=1",SmtRes!DG124:'SmtRes'!DG129) -> 9.52 | R99: =SUMIF(SmtRes!AQ124:'SmtRes'!AQ129,"=1",SmtRes!DH124:'SmtRes'!DH129) -> 0.88 | S99: =SUMIF(SmtRes!AQ124:'SmtRes'!AQ129,"=1",SmtRes!DI124:'SmtRes'!DI129) -> 3766.04 | T99: =ROUND(CU99*I99,2) -> 0 | U99: =SUMIF(SmtRes!AQ124:'SmtRes'!AQ129,"=1",SmtRes!CV124:'SmtRes'!CV129) -> 8.756 | V99: =SUMIF(SmtRes!AQ124:'SmtRes'!AQ129,"=1",SmtRes!CW124:'SmtRes'!CW129) -> 0.0022 | W99: =ROUND(CX99*I99,2) -> 0 | X99: =ROUND(CY99,2) -> 4407.3 | Y99: =ROUND(CZ99,2) -> 2787.52 | AA99: 73953415 | AB99: =ROUND((AC99+AD99+AF99),6) -> 17147.542 | AC99: =ROUND((SUM(SmtRes!BQ124:'SmtRes'!BQ129)),6) -> 4.7135 | AD99: =ROUND((((SUM(SmtRes!BR124:'SmtRes'!BR129))-(SUM(SmtRes!BS124:'SmtRes'!BS129)))+AE99),6) -> 24.4505 | AE99: =ROUND((SUM(SmtRes!BS124:'SmtRes'!BS129)),6) -> 4.0024 | AF99: =ROUND((SUM(SmtRes!BT124:'SmtRes'!BT129)),6) -> 17118.378 | AG99: =ROUND((AP99),6) -> 0 | AH99: =(SUM(SmtRes!BU124:'SmtRes'!BU129)) -> 39.8 | AI99: =(SUM(SmtRes!BV124:'SmtRes'!BV129)) -> 0.01 | AJ99: =(AS99) -> 0 | AK99: 17151.544 | AL99: 4.7135 | AM99: 24.4505 | AN99: 4.0024 | AO99: 17118.378 | AP99: 0 | AQ99: 39.8 | AR99: 0.01 | AS99: 0 | AT99: 117 | AU99: 74 | AV99: 1 | AW99: 1 | AZ99: 1 | BA99: 1 | BB99: 1 | BC99: 1 | BH99: 0 | BI99: 1 | BJ99: ГЭСН-2022 доп.7, 24-02-035-03, приказ Минстроя России от 02.08.2023 г. № 551/пр | BM99: 24001 | BN99: 0 | BP99: 0 | BQ99: 2 | BR99: 0 | BS99: 1 | BT99: 1 | BU99: 1 | BV99: 1 | BW99: 1 | BX99: 1 | BZ99: 117 | CA99: 74 | CE99: 0 | CF99: 0 | CG99: 0 | CM99: 0 | CO99: 0 | CP99: =(P99+Q99+S99+R99) -> 3777.38 | CQ99: =SUMIF(SmtRes!AQ124:'SmtRes'!AQ129,"=1",SmtRes!AA124:'SmtRes'!AA129) -> 145.67 | CR99: =SUMIF(SmtRes!AQ124:'SmtRes'!AQ129,"=1",SmtRes!AB124:'SmtRes'!AB129) -> 4327.74 | CS99: =SUMIF(SmtRes!AQ124:'SmtRes'!AQ129,"=1",SmtRes!AC124:'SmtRes'!AC129) -> 400.24 | CT99: =SUMIF(SmtRes!AQ124:'SmtRes'!AQ129,"=1",SmtRes!AD124:'SmtRes'!AD129) -> 860.22 | CU99: =AG99 -> 0 | CV99: =SUMIF(SmtRes!AQ124:'SmtRes'!AQ129,"=1",SmtRes!BU124:'SmtRes'!BU129) -> 39.8 | CW99: =SUMIF(SmtRes!AQ124:'SmtRes'!AQ129,"=1",SmtRes!BV124:'SmtRes'!BV129) -> 0.01 | CX99: =AJ99 -> 0 | CY99: =(((S99+R99)*AT99)/100) -> 4407.2964 | CZ99: =(((S99+R99)*AU99)/100) -> 2787.5208 | DN99: 0 | DO99: 0 | DP99: 1 | DQ99: 1 | DU99: 1003 | DV99: км | DW99: км | DX99: 1000 | EE99: 72340632 | EF99: 2 | EG99: Общестроительные работы | EH99: 18 | EI99: Наружные сети водопровода, канализации, теплоснабжения, газопроводы | EJ99: 1 | EK99: 24001 | EL99: Наружные сети водопровода, канализации, теплоснабжения, газопроводы | EM99: ФЕР-24 | EQ99: 0 | ER99: 0 | ES99: 0 | ET99: 0 | EU99: 0 | EV99: 0 | EW99: 39.8 | EX99: 0.01 | EY99: 0 | FQ99: 0 | FR99: 0 | FS99: 0 | FX99: 117 | FY99: 74 | GD99: 1 | GF99: -714333159 | GG99: 2 | GH99: 1 | GI99: -2 | GJ99: 0 | GK99: 0 | GL99: =ROUND(IF(AND(BH99=3,BI99=3,FS99<>0),P99,0),2) -> 0 | GM99: =ROUND(O99+X99+Y99,2)+GX99 -> 10972.2 | GN99: =IF(OR(BI99=0,BI99=1),GM99-GX99,0) -> 10972.2 | GO99: =IF(BI99=2,GM99-GX99,0) -> 0 | GP99: =IF(BI99=4,GM99-GX99,0) -> 0 | GR99: 0 | GS99: 3 | GT99: 0 | GV99: =ROUND((GT99),6) -> 0 | GW99: 1 | GX99: =ROUND(HC99*I99,2) -> 0 | HA99: 0 | HB99: 0 | HC99: =GV99*GW99 -> 0 | HN99: Пр/812-018.0-1 | HO99: Пр/774-018.0 | HP99: Наружные сети водопровода, канализации, теплоснабжения, газопроводы | HQ99: Наружные сети водопровода, канализации, теплоснабжения, газопроводы | HS99: 0 | IK99: 0
A100: 17 | B100: 1 | C100: =ROW(SmtRes!A133) -> 133 | D100: =ROW(EtalonRes!A145) -> 145 | E100: 28 | F100: 24-02-124-01 | G100: Выдержка под давлением до 0,6 МПа при испытании на прочность и герметичность участка газопровода номинальным диаметром: 50-300 мм | H100: участок | I100: 1 | J100: 0 | K100: 1 | O100: =ROUND(CP100,2) -> 17298.45 | P100: =SUMIF(SmtRes!AQ130:'SmtRes'!AQ133,"=1",SmtRes!DF130:'SmtRes'!DF133) -> 0 | Q100: =SUMIF(SmtRes!AQ130:'SmtRes'!AQ133,"=1",SmtRes!DG130:'SmtRes'!DG133) -> 7388.02 | R100: =SUMIF(SmtRes!AQ130:'SmtRes'!AQ133,"=1",SmtRes!DH130:'SmtRes'!DH133) -> 4307.07 | S100: =SUMIF(SmtRes!AQ130:'SmtRes'!AQ133,"=1",SmtRes!DI130:'SmtRes'!DI133) -> 5603.36 | T100: =ROUND(CU100*I100,2) -> 0 | U100: =SUMIF(SmtRes!AQ130:'SmtRes'!AQ133,"=1",SmtRes!CV130:'SmtRes'!CV133) -> 14 | V100: =SUMIF(SmtRes!AQ130:'SmtRes'!AQ133,"=1",SmtRes!CW130:'SmtRes'!CW133) -> 9.8 | W100: =ROUND(CX100*I100,2) -> 0 | X100: =ROUND(CY100,2) -> 11595.2 | Y100: =ROUND(CZ100,2) -> 7333.72 | AA100: 73953415 | AB100: =ROUND((AC100+AD100+AF100),6) -> 11521.972 | AC100: =ROUND((0),6) -> 0 | AD100: =ROUND((((SUM(SmtRes!BR130:'SmtRes'!BR133))-(SUM(SmtRes!BS130:'SmtRes'!BS133)))+AE100),6) -> 5918.612 | AE100: =ROUND((SUM(SmtRes!BS130:'SmtRes'!BS133)),6) -> 4307.072 | AF100: =ROUND((SUM(SmtRes!BT130:'SmtRes'!BT133)),6) -> 5603.36 | AG100: =ROUND((AP100),6) -> 0 | AH100: =(SUM(SmtRes!BU130:'SmtRes'!BU133)) -> 14 | AI100: =(SUM(SmtRes!BV130:'SmtRes'!BV133)) -> 9.8 | AJ100: =(AS100) -> 0 | AK100: 15829.044 | AL100: 0 | AM100: 5918.612 | AN100: 4307.072 | AO100: 5603.36 | AP100: 0 | AQ100: 14 | AR100: 9.8 | AS100: 0 | AT100: 117 | AU100: 74 | AV100: 1 | AW100: 1 | AZ100: 1 | BA100: 1 | BB100: 1 | BC100: 1 | BH100: 0 | BI100: 1 | BJ100: ГЭСН-2022, 24-02-124-01, приказ Минстроя России от 18.05.2022 г. № 378/пр | BM100: 24001 | BN100: 0 | BP100: 0 | BQ100: 2 | BR100: 0 | BS100: 1 | BT100: 1 | BU100: 1 | BV100: 1 | BW100: 1 | BX100: 1 | BZ100: 117 | CA100: 74 | CE100: 0 | CF100: 0 | CG100: 0 | CM100: 0 | CO100: 0 | CP100: =(P100+Q100+S100+R100) -> 17298.45 | CQ100: =SUMIF(SmtRes!AQ130:'SmtRes'!AQ133,"=1",SmtRes!AA130:'SmtRes'!AA133) -> 0 | CR100: =SUMIF(SmtRes!AQ130:'SmtRes'!AQ133,"=1",SmtRes!AB130:'SmtRes'!AB133) -> 2012.9 | CS100: =SUMIF(SmtRes!AQ130:'SmtRes'!AQ133,"=1",SmtRes!AC130:'SmtRes'!AC133) -> 937.88 | CT100: =SUMIF(SmtRes!AQ130:'SmtRes'!AQ133,"=1",SmtRes!AD130:'SmtRes'!AD133) -> 400.24 | CU100: =AG100 -> 0 | CV100: =SUMIF(SmtRes!AQ130:'SmtRes'!AQ133,"=1",SmtRes!BU130:'SmtRes'!BU133) -> 14 | CW100: =SUMIF(SmtRes!AQ130:'SmtRes'!AQ133,"=1",SmtRes!BV130:'SmtRes'!BV133) -> 9.8 | CX100: =AJ100 -> 0 | CY100: =(((S100+R100)*AT100)/100) -> 11595.203 | CZ100: =(((S100+R100)*AU100)/100) -> 7333.7182 | DN100: 0 | DO100: 0 | DP100: 1 | DQ100: 1 | DU100: 1013 | DV100: участок | DW100: участок | DX100: 1 | EE100: 72340632 | EF100: 2 | EG100: Общестроительные работы | EH100: 18 | EI100: Наружные сети водопровода, канализации, теплоснабжения, газопроводы | EJ100: 1 | EK100: 24001 | EL100: Наружные сети водопровода, канализации, теплоснабжения, газопроводы | EM100: ФЕР-24 | EQ100: 0 | ER100: 0 | ES100: 0 | ET100: 0 | EU100: 0 | EV100: 0 | EW100: 14 | EX100: 9.8 | EY100: 0 | FQ100: 0 | FR100: 0 | FS100: 0 | FX100: 117 | FY100: 74 | GD100: 1 | GF100: -884602627 | GG100: 2 | GH100: 1 | GI100: -2 | GJ100: 0 | GK100: 0 | GL100: =ROUND(IF(AND(BH100=3,BI100=3,FS100<>0),P100,0),2) -> 0 | GM100: =ROUND(O100+X100+Y100,2)+GX100 -> 36227.37 | GN100: =IF(OR(BI100=0,BI100=1),GM100-GX100,0) -> 36227.37 | GO100: =IF(BI100=2,GM100-GX100,0) -> 0 | GP100: =IF(BI100=4,GM100-GX100,0) -> 0 | GR100: 0 | GS100: 0 | GT100: 0 | GV100: =ROUND((GT100),6) -> 0 | GW100: 1 | GX100: =ROUND(HC100*I100,2) -> 0 | HA100: 0 | HB100: 0 | HC100: =GV100*GW100 -> 0 | HN100: Пр/812-018.0-1 | HO100: Пр/774-018.0 | HP100: Наружные сети водопровода, канализации, теплоснабжения, газопроводы | HQ100: Наружные сети водопровода, канализации, теплоснабжения, газопроводы | HS100: 0 | IK100: 0
A102: 51 | B102: =B65 -> 1 | C102: =A65 -> 4 | D102: =ROW(A65) -> 65 | F102: =IF(F65<>"",F65,"") -> Новый раздел | G102: =IF(G65<>"",G65,"") -> Укладка трубы | H102: 0 | O102: =ROUND(AB102,2) -> 218236.65 | P102: =ROUND(AC102,2) -> 162585.27 | Q102: =ROUND(AD102,2) -> 18701.68 | R102: =ROUND(AE102,2) -> 7704.35 | S102: =ROUND(AF102,2) -> 29245.35 | T102: =ROUND(AG102,2) -> 0 | U102: =AH102 -> 71.8738 | V102: =AI102 -> 17.130132 | W102: =ROUND(AJ102,2) -> 0 | X102: =ROUND(AK102,2) -> 42909.72 | Y102: =ROUND(AL102,2) -> 26111.56 | AB102: =ROUND(SUMIF(AA69:AA100,"=73953415",O69:O100),2) -> 218236.65 | AC102: =ROUND(SUMIF(AA69:AA100,"=73953415",P69:P100),2) -> 162585.27 | AD102: =ROUND(SUMIF(AA69:AA100,"=73953415",Q69:Q100),2) -> 18701.68 | AE102: =ROUND(SUMIF(AA69:AA100,"=73953415",R69:R100),2) -> 7704.35 | AF102: =ROUND(SUMIF(AA69:AA100,"=73953415",S69:S100),2) -> 29245.35 | AG102: =ROUND(SUMIF(AA69:AA100,"=73953415",T69:T100),2) -> 0 | AH102: =SUMIF(AA69:AA100,"=73953415",U69:U100) -> 71.8738 | AI102: =SUMIF(AA69:AA100,"=73953415",V69:V100) -> 17.130132 | AJ102: =ROUND(SUMIF(AA69:AA100,"=73953415",W69:W100),2) -> 0 | AK102: =ROUND(SUMIF(AA69:AA100,"=73953415",X69:X100),2) -> 42909.72 | AL102: =ROUND(SUMIF(AA69:AA100,"=73953415",Y69:Y100),2) -> 26111.56 | AO102: =ROUND(BX102,2) -> 0 | AP102: =ROUND(BY102,2) -> 0 | AQ102: =ROUND(BZ102,2) -> 0 | AR102: =ROUND(CA102,2) -> 287257.93 | AS102: =ROUND(CB102,2) -> 255914.2 | AT102: =ROUND(CC102,2) -> 31343.73 | AU102: =ROUND(CD102,2) -> 0 | AV102: =ROUND(CE102,2) -> 162585.27 | ... BD102: =ROUND(CM102,2) -> 0 | BX102: =ROUND(SUMIF(AA69:AA100,"=73953415",FQ69:FQ100),2) -> 0 | BY102: =ROUND(SUMIF(AA69:AA100,"=73953415",FR69:FR100),2) -> 0 | BZ102: =ROUND(SUMIF(AA69:AA100,"=73953415",GL69:GL100),2) -> 0 | CA102: =ROUND(SUMIF(AA69:AA100,"=73953415",GM69:GM100),2) -> 287257.93 | CB102: =ROUND(SUMIF(AA69:AA100,"=73953415",GN69:GN100),2) -> 255914.2 | CC102: =ROUND(SUMIF(AA69:AA100,"=73953415",GO69:GO100),2) -> 31343.73 | CD102: =ROUND(SUMIF(AA69:AA100,"=73953415",GP69:GP100),2) -> 0 | CE102: =AC102-BX102 -> 162585.27 | CF102: =AC102-BY102 -> 162585.27 | CG102: =BX102-BZ102 -> 0 | CH102: =AC102-BX102-BY102+BZ102 -> 162585.27 | CI102: =BY102-BZ102 -> 0 | CJ102: =ROUND(SUMIF(AA69:AA100,"=73953415",GX69:GX100),2) -> 0 | CK102: =ROUND(SUMIF(AA69:AA100,"=73953415",GY69:GY100),2) -> 0 | CL102: =ROUND(SUMIF(AA69:AA100,"=73953415",GZ69:GZ100),2) -> 0 | CM102: =ROUND(SUMIF(AA69:AA100,"=73953415",HD69:HD100),2) -> 0 | GX102: 0
A104: 50 | B104: 0 | C104: 0 | D104: 1 | E104: 201 | F104: =ROUND(Source!O102,O104) -> 218236.65 | G104: ПЗ | H104: Прямые затраты | K104: 201 | L104: 1 | M104: 3 | O104: 2 | W104: 218236.65 | X104: 1 | Y104: 218236.65
A105: 50 | B105: 0 | C105: 0 | D105: 1 | E105: 202 | F105: =ROUND(Source!P102,O105) -> 162585.27 | G105: СтМатОб | H105: Стоимость материальных ресурсов (всего) | K105: 202 | L105: 2 | M105: 3 | O105: 2 | W105: 162585.27 | X105: 1 | Y105: 162585.27
A106: 50 | B106: 0 | C106: 0 | D106: 1 | E106: 222 | F106: =ROUND(Source!AO102,O106) -> 0 | G106: СтМатОбЗак | H106: Стоимость материалов и оборудования заказчика | K106: 222 | L106: 3 | M106: 3 | O106: 2 | W106: 0 | X106: 1 | Y106: 0
A107: 50 | B107: 0 | C107: 0 | D107: 1 | E107: 225 | F107: =ROUND(Source!AV102,O107) -> 162585.27 | G107: СтМатОбПод | H107: Стоимость материалов и оборудования подрядчика | K107: 225 | L107: 4 | M107: 3 | O107: 2 | W107: 162585.27 | X107: 1 | Y107: 162585.27
A108: 50 | B108: 0 | C108: 0 | D108: 1 | E108: 226 | F108: =ROUND(Source!AW102,O108) -> 162585.27 | G108: СтМат | H108: Стоимость материалов (всего) | K108: 226 | L108: 5 | M108: 3 | O108: 2 | W108: 162585.27 | X108: 1 | Y108: 162585.27
A109: 50 | B109: 0 | C109: 0 | D109: 1 | E109: 227 | F109: =ROUND(Source!AX102,O109) -> 0 | G109: СтМатЗак | H109: Стоимость материалов заказчика | K109: 227 | L109: 6 | M109: 3 | O109: 2 | W109: 0 | X109: 1 | Y109: 0
A110: 50 | B110: 0 | C110: 0 | D110: 1 | E110: 228 | F110: =ROUND(Source!AY102,O110) -> 162585.27 | G110: СтМатПод | H110: Стоимость материалов подрядчика | K110: 228 | L110: 7 | M110: 3 | O110: 2 | W110: 162585.27 | X110: 1 | Y110: 162585.27
A111: 50 | B111: 0 | C111: 0 | D111: 1 | E111: 216 | F111: =ROUND(Source!AP102,O111) -> 0 | G111: Оборуд | H111: Стоимость оборудования (всего) | K111: 216 | L111: 8 | M111: 3 | O111: 2 | W111: 0 | X111: 1 | Y111: 0
A112: 50 | B112: 0 | C112: 0 | D112: 1 | E112: 223 | F112: =ROUND(Source!AQ102,O112) -> 0 | G112: ОборудЗак | H112: Стоимость оборудования заказчика | K112: 223 | L112: 9 | M112: 3 | O112: 2 | W112: 0 | X112: 1 | Y112: 0
A113: 50 | B113: 0 | C113: 0 | D113: 1 | E113: 229 | F113: =ROUND(Source!AZ102,O113) -> 0 | G113: ОборудПод | H113: Стоимость оборудования подрядчика | K113: 229 | L113: 10 | M113: 3 | O113: 2 | W113: 0 | X113: 1 | Y113: 0
A114: 50 | B114: 0 | C114: 0 | D114: 1 | E114: 203 | F114: =ROUND(Source!Q102,O114) -> 18701.68 | G114: ЭММ | H114: Эксплуатация машин | K114: 203 | L114: 11 | M114: 3 | O114: 2 | W114: 18701.68 | X114: 1 | Y114: 18701.68
A115: 50 | B115: 0 | C115: 0 | D115: 1 | E115: 231 | F115: =ROUND(Source!BB102,O115) -> 0 | G115: ЭММсНРиСП | H115: Эксплуатация машин по ТСН-2001.16 | K115: 231 | L115: 12 | M115: 3 | O115: 2 | W115: 0 | X115: 1 | Y115: 0
A116: 50 | B116: 0 | C116: 0 | D116: 1 | E116: 204 | F116: =ROUND(Source!R102,O116) -> 7704.35 | G116: ЗПМ | H116: ЗП машинистов | K116: 204 | L116: 13 | M116: 3 | O116: 2 | W116: 7704.35 | X116: 1 | Y116: 7704.35
A117: 50 | B117: 0 | C117: 0 | D117: 1 | E117: 205 | F117: =ROUND(Source!S102,O117) -> 29245.35 | G117: ОЗП | H117: Основная ЗП рабочих | K117: 205 | L117: 14 | M117: 3 | O117: 2 | W117: 29245.35 | X117: 1 | Y117: 29245.35
A118: 50 | B118: 0 | C118: 0 | D118: 1 | E118: 232 | F118: =ROUND(Source!BC102,O118) -> 0 | G118: ОЗПсНРиСП | H118: Основная ЗП рабочих по ТСН-2001.16 | K118: 232 | L118: 15 | M118: 3 | O118: 2 | W118: 0 | X118: 1 | Y118: 0
A119: 50 | B119: 0 | C119: 0 | D119: 1 | E119: 214 | F119: =ROUND(Source!AS102,O119) -> 255914.2 | G119: Строит | H119: Строительные работы с НР и СП | K119: 214 | L119: 16 | M119: 3 | O119: 2 | W119: 255914.2 | X119: 1 | Y119: 255914.2
A120: 50 | B120: 0 | C120: 0 | D120: 1 | E120: 215 | F120: =ROUND(Source!AT102,O120) -> 31343.73 | G120: Монтаж | H120: Монтажные работы с НР и СП | K120: 215 | L120: 17 | M120: 3 | O120: 2 | W120: 31343.73 | X120: 1 | Y120: 31343.73
A121: 50 | B121: 0 | C121: 0 | D121: 1 | E121: 217 | F121: =ROUND(Source!AU102,O121) -> 0 | G121: Прочие | H121: Прочие работы с НР и СП | K121: 217 | L121: 18 | M121: 3 | O121: 2 | W121: 0 | X121: 1 | Y121: 0
A122: 50 | B122: 0 | C122: 0 | D122: 1 | E122: 230 | F122: =ROUND(Source!BA102,O122) -> 0 | G122: ПрочиеЗатр | H122: Прочие затраты по ТСН-2001.16 | K122: 230 | L122: 19 | M122: 3 | O122: 2 | W122: 0 | X122: 1 | Y122: 0
A123: 50 | B123: 0 | C123: 0 | D123: 1 | E123: 206 | F123: =ROUND(Source!T102,O123) -> 0 | G123: ВозврМат | H123: Возврат материалов | K123: 206 | L123: 20 | M123: 3 | O123: 2 | W123: 0 | X123: 1 | Y123: 0
A124: 50 | B124: 0 | C124: 0 | D124: 1 | E124: 207 | F124: =ROUND(Source!U102,O124) -> 71.8738 | G124: ТрудСтр | H124: Трудозатраты строителей | K124: 207 | L124: 21 | M124: 3 | O124: 7 | W124: 71.8738 | X124: 1 | Y124: 71.8738
A125: 50 | B125: 0 | C125: 0 | D125: 1 | E125: 208 | F125: =ROUND(Source!V102,O125) -> 17.130132 | G125: ТрудМаш | H125: Трудозатраты машинистов | K125: 208 | L125: 22 | M125: 3 | O125: 7 | W125: 17.130132 | X125: 1 | Y125: 17.130132
A126: 50 | B126: 0 | C126: 0 | D126: 1 | E126: 209 | F126: =ROUND(Source!W102,O126) -> 0 | G126: ТранспМат | H126: Транспорт материалов | K126: 209 | L126: 23 | M126: 3 | O126: 2 | W126: 0 | X126: 1 | Y126: 0
...

Sheet SourceObSm
A1: 0 | B1: Smeta.RU (495) 974-1589 | D1: _OBSM_ | F1: 0 | G1: 0 | H1: 0 | I1: Smeta.RU | K1: 1 | L1: 28180 | M1: 10 | N1: 12 | O1: 1 | P1: 0 | Q1: 5
A12: 1 | B12: 59 | C12: 0 | E12: 0 | F12: Новый объект_(Копия)_(Копия)_(Копия)_(Копия)_(Копия)_(Копия) | G12: Газопровод низкого давления к жилому дому,расположенному по адресу: Пензенская область,Лопатинский район,Старовершаутский сельсовет | I12: 0 | K12: 0 | L12: 0 | M12: 523 | O12: 0 | P12: 0 | Q12: 7 | R12: 0 | T12: 4 | V12: 0 | BB12: 0 | BH12: Сметные нормы списания | BI12: Коды ценников | BJ12: 1 | BK12: 1 | BL12: 0 | BM12: 0 | BN12: 1 | BO12: 0 | BP12: 6 | BQ12: 2 | BR12: 1 | BS12: 1 | BT12: 0 | BU12: 0 | BV12: 0 | BW12: 0 | BX12: 0 | BY12: ФСНБ-2022_И19 | BZ12: Версия 1.19.0 для ФСНБ-2022 И19 | CA12: ФСНБ-2022 - Изменения И19 | CB12: ФСНБ-2022 - Изменения И19 | CC12: ФСНБ-2022 - Изменения И19 | CD12: ФСНБ-2022 - Изменения И19 | CE12: Поправки для ФСНБ-2022 от 21.08.2026 г И19 (55/пр) Строительство | CF12: 0 | CG12: 0 | CH12: 487096328 | CK12: 19 | CQ12: Приказ Минстроя России от 30.12.2021 г. № 1046/пр; Приказ Минстроя России от 04.08.2020 г. № 421/пр; Приказ Минстроя России от 21.12.2020 г. № 812/пр; Приказ Минстроя России от 11.12.2020 г. № 774/пр | CR12: ГСН | CS12: 46248 | CT12: 570 | CU12: 19 | CV12: Приказ Минстроя России от 18.05.2022 г. № 378/пр; Приказ Минстроя России от 26.08.2022 г. № 703/пр; Приказ Минстроя России от 26.10.2022 г. № 905/пр; Приказ Минстроя России от 27.12.2022 г. № 1133/пр; Приказ Минстроя России от 10.02.2023 г. № 84/пр; Приказ Минстроя России от 11.05.2023 г. № 335/пр; Приказ Минстроя России от 02.08.2023 г. № 551/пр; Приказ Минстроя России от 14.11.2023 г. № 817/пр; Приказ Минстроя России от 16.02.2024 г. № 102/пр; Приказ Минстроя России от 13.05.2024 г. № 323/пр; Приказ Минстроя России от 09.08.2024 г. № 524/пр; Приказ Минстроя России от 07.11.2024 г. № 747/пр; Приказ Минстроя России от 07.02.2025 г. № 69/пр; Приказ Минстроя России от 19.05.2025 г. № 299/пр; Приказ Минстроя России от 14.08.2025 г. № 490/пр; Приказ Минстроя России от 12.11.2025 г. № 696/пр; Приказ Минстроя России от 17.02.2026 г. № 91/пр; Приказ Минстроя России от 15.05.2026 г. № 301/пр; Приказ Минстроя России от 12.08.2026 г. № 527/пр; Приказ Минстроя России от 07.07.2022 г. № 557/пр; Приказ Минстроя России от 30.01.2024 г. № 55/пр; Приказ Минстроя России от 23.01.2025 г. № 30/пр; Приказ Минстроя России от 02.09.2021 г. № 636/пр; Приказ Минстроя России от 26.07.2022 г. № 611/пр; Приказ Минстроя России от 22.04.2022 г. № 317/пр | CY12: 0 | EC12: 0
A14: 22 | B14: 1 | C14: 0 | D14: 73953415 | E14: 0 | F14: 2 | G14: 1
A16: 3 | B16: 1 | C16: Новая локальная смета | D16: Газопровод низкого давленияя | E16: =ROUND((Source!F149)/1000,2) -> 394.08 | F16: =ROUND((Source!F150)/1000,2) -> 31.34 | G16: =ROUND((Source!F141)/1000,2) -> 0 | H16: =ROUND((Source!F151)/1000+(Source!F152)/1000,2) -> 0 | I16: =E16+F16+G16+H16 -> 425.42 | J16: =ROUND((Source!F147+Source!F146)/1000,2) -> 59.2 | K16: 548.79 | L16: 0 | M16: 0 | N16: =I16+L16+M16 -> 425.42 | AI16: 0 | AJ16: -1 | AN16: 0 | AT16: 320052.19 | AU16: 228739.22 | AV16: 0 | AW16: 0 | AX16: 0 | AY16: 32115.91 | AZ16: 12598.52 | BA16: 46598.54 | BB16: 394076.73 | BC16: 31343.73 | BD16: 0 | BE16: 0 | BF16: 123.9438 | BG16: 26.642112 | BH16: 0 | BI16: 66116.72 | BJ16: 39251.55 | BK16: 425420.46
A18: 51 | E18: 394.08 | F18: 31.34 | G18: 0 | H18: 0 | I18: 425.42 | J18: 59.2 | K18: 548.79 | L18: 0 | M18: 0 | N18: 425.42
A20: 50 | B20: 0 | C20: 0 | D20: 1 | E20: 0 | F20: 320052.19 | G20: ПЗ | H20: Прямые затраты | K20: 201 | L20: 1 | M20: 3 | O20: 2
A21: 50 | B21: 0 | C21: 0 | D21: 1 | E21: 202 | F21: 228739.22 | G21: СтМатОб | H21: Стоимость материальных ресурсов (всего) | K21: 202 | L21: 2 | M21: 3 | O21: 2
A22: 50 | B22: 0 | C22: 0 | D22: 1 | E22: 222 | F22: 0 | G22: СтМатОбЗак | H22: Стоимость материалов и оборудования заказчика | K22: 222 | L22: 3 | M22: 3 | O22: 2
A23: 50 | B23: 0 | C23: 0 | D23: 1 | E23: 225 | F23: 228739.22 | G23: СтМатОбПод | H23: Стоимость материалов и оборудования подрядчика | K23: 225 | L23: 4 | M23: 3 | O23: 2
A24: 50 | B24: 0 | C24: 0 | D24: 1 | E24: 226 | F24: 228739.22 | G24: СтМат | H24: Стоимость материалов (всего) | K24: 226 | L24: 5 | M24: 3 | O24: 2
A25: 50 | B25: 0 | C25: 0 | D25: 1 | E25: 227 | F25: 0 | G25: СтМатЗак | H25: Стоимость материалов заказчика | K25: 227 | L25: 6 | M25: 3 | O25: 2
A26: 50 | B26: 0 | C26: 0 | D26: 1 | E26: 228 | F26: 228739.22 | G26: СтМатПод | H26: Стоимость материалов подрядчика | K26: 228 | L26: 7 | M26: 3 | O26: 2
A27: 50 | B27: 0 | C27: 0 | D27: 1 | E27: 216 | F27: 0 | G27: Оборуд | H27: Стоимость оборудования (всего) | K27: 216 | L27: 8 | M27: 3 | O27: 2
A28: 50 | B28: 0 | C28: 0 | D28: 1 | E28: 223 | F28: 0 | G28: ОборудЗак | H28: Стоимость оборудования заказчика | K28: 223 | L28: 9 | M28: 3 | O28: 2
A29: 50 | B29: 0 | C29: 0 | D29: 1 | E29: 229 | F29: 0 | G29: ОборудПод | H29: Стоимость оборудования подрядчика | K29: 229 | L29: 10 | M29: 3 | O29: 2
A30: 50 | B30: 0 | C30: 0 | D30: 1 | E30: 203 | F30: 32115.91 | G30: ЭММ | H30: Эксплуатация машин | K30: 203 | L30: 11 | M30: 3 | O30: 2
A31: 50 | B31: 0 | C31: 0 | D31: 1 | E31: 231 | F31: 0 | G31: ЭММсНРиСП | H31: Эксплуатация машин по ТСН-2001.16 | K31: 231 | L31: 12 | M31: 3 | O31: 2
... A54: 50 | B54: 1 | C54: 0 | D54: 2 | E54: 213 | F54: 518162 | G54: Итог8 | H54: Всего | K54: 212 | L54: 35 | M54: 0 | O54: 2
A56: -1
A59: 75 | B59: Уровень цен | C59: 2026 | D59: 0 | E59: 9 | F59: 1 | G59: 0 | H59: 1 | I59: 0 | J59: 3 | K59: 0 | L59: 0 | M59: 0 | N59: 73953415 | O59: 1
A60: 2 | B60: Вид цен | C60: Пензенская область, КТЦ к ФСНБ-2022, 3 квартал 2026 г | D60: 0 | E60: 0 | F60: 0 | AN60: 73953416
A61: 1 | B61: Сборник индексов | C61: Пензенская область к ФСНБ-2022 ФГИС ЦС | D61: 2026 | E61: 9 | F61: 1 | G61: 1 | H61: 0 | I61: 2 | J61: 1 | K61: 1 | L61: 1 | M61: 1 | N61: 1 | O61: 1 | P61: 1 | Q61: 1 | AN61: 73953417 | AO61: Письмо Минстроя России «О размещении индексов изменения сметной стоимости строительства по группам однородных строительных ресурсов на III квартал 2026 года» | AP61: Справочная информация | AQ61: 46258 | AR61: 423 | AS61: Письмо Минстроя России от 24.08.2026 № 52419-ИФ/09 | AT61: Приказ Министерства градостроительства и архитектуры Пензенской области | AU61: Справочная информация | AV61: 46087 | AW61: 250 | AX61: Приказ Министерства градостроительства и архитектуры Пензенской области от 06.03.2026 г. № 250/оп

Sheet SmtRes
A1: =ROW(Source!A28) -> 28 | B1: 73953415 | C1: 73953712 | D1: 72518826 | E1: 119 | F1: 1 | G1: 1 | H1: 1 | I1: 4-100-00 | K1: Затраты труда машинистов | L1: 1191 | N1: 1013 | O1: чел.-ч. | P1: чел.-ч. | Q1: 1 | W1: 0 | X1: -1417349443 | Y1: =AT1 -> 25.5 | AA1: 0 | AB1: 0 | AC1: 0 | AD1: 0 | AE1: 0 | AF1: 0 | AG1: 0 | AH1: 0 | AI1: 1 | AJ1: 1 | AK1: 1 | AL1: 1 | AM1: -2 | AN1: 0 | AO1: 0 | AP1: 1 | AQ1: 1 | AR1: 0 | AT1: 25.5 | AV1: 2 | AW1: 2 | AX1: 73953715 | AY1: 1 | AZ1: 0 | BA1: 1 | BB1: 1 | BC1: 0 | BD1: 0 | BE1: 0 | BF1: 0 | BG1: 0 | BH1: 0 | BI1: 0 | BJ1: 0 | BK1: 0 | BL1: 0 | BM1: 0 | BN1: 0 | BO1: 0 | BP1: 0 | BQ1: 0 | BR1: 0 | BS1: 0 | BT1: 0 | BU1: 0 | BV1: 0 | BW1: 0 | CV1: 0 | CW1: 0 | CX1: =ROUND(Y1*Source!I28,7) -> 6.681 | CY1: =AD1 -> 0 | CZ1: =AH1 -> 0 | DA1: =AL1 -> 1 | DB1: =ROUND(ROUND(AT1*CZ1,2),6) -> 0 | DC1: =ROUND(ROUND(AT1*AG1,2),6) -> 0 | DF1: =ROUND(ROUND(AE1,2)*CX1,2) -> 0 | DG1: =ROUND(ROUND(AF1,2)*CX1,2) -> 0 | DH1: =ROUND(ROUND(AG1,2)*CX1,2) -> 0 | DI1: =ROUND(ROUND(AH1,2)*CX1,2) -> 0 | DJ1: =DI1 -> 0 | DK1: 0 | DM1: 0 | DO1: 0
A2: =ROW(Source!A28) -> 28 | B2: 73953415 | C2: 73953712 | D2: 72645652 | E2: 1 | F2: 1 | G2: 1 | H2: 2 | I2: 91.01.05-085 | J2: ФСЭМ-2022, 91.01.05-085, приказ Минстроя России от 18.05.2022 г. № 378/пр | K2: Экскаваторы одноковшовые дизельные на гусеничном ходу, объем ковша 0,5 м3 | L2: 1368 | N2: 1011 | O2: маш.-ч | P2: маш.-ч | Q2: 1 | W2: 0 | X2: -1780628978 | Y2: =AT2 -> 25.5 | AA2: 0 | AB2: 1433.48 | AC2: 537.64 | AD2: 0 | AE2: 0 | AF2: 1054.03 | AG2: 537.64 | AH2: 0 | AI2: 1 | AJ2: 1.36 | AK2: 1 | AL2: 1 | AM2: 2 | AN2: 0 | AO2: 0 | AP2: 1 | AQ2: 1 | AR2: 0 | AT2: 25.5 | AV2: 1 | AW2: 2 | AX2: 73953716 | AY2: 1 | AZ2: 0 | BA2: 2 | BB2: 1 | BC2: 0 | BD2: 0 | BE2: 0 | BF2: 0 | BG2: 0 | BH2: 0 | BI2: 0 | BJ2: 0 | BK2: 26877.765 | BL2: 13709.82 | BM2: 0 | BN2: 0 | BO2: 25.5 | BP2: 1 | BQ2: 0 | BR2: 26877.765 | BS2: 13709.82 | BT2: 0 | BU2: 0 | BV2: 25.5 | BW2: 1 | CV2: 0 | CW2: =ROUND(Y2*Source!I28*DO2,7) -> 6.681 | CX2: =ROUND(Y2*Source!I28,7) -> 6.681 | CY2: =AB2 -> 1433.48 | CZ2: =AF2 -> 1054.03 | DA2: =AJ2 -> 1.36 | DB2: =ROUND(ROUND(AT2*CZ2,2),6) -> 26877.77 | DC2: =ROUND(ROUND(AT2*AG2,2),6) -> 13709.82 | DF2: =ROUND(ROUND(AE2,2)*CX2,2) -> 0 | DG2: =ROUND(ROUND(AF2*AJ2,2)*CX2,2) -> 9577.08 | DH2: =ROUND(ROUND(AG2,2)*CX2,2) -> 3591.97 | DI2: =ROUND(ROUND(AH2,2)*CX2,2) -> 0 | DJ2: =DG2+DH2 -> 13169.05 | DK2: 0 | DL2: 4-100-060 | DM2: 6 | DN2: чел.-ч. | DO2: 1
A3: =ROW(Source!A29) -> 29 | B3: 73953415 | C3: 73953717 | D3: 72518592 | E3: 119 | F3: 1 | G3: 1 | H3: 1 | I3: 1-100-20 | K3: Средний разряд работы 2,0 | L3: 1191 | N3: 1013 | O3: чел.-ч. | P3: чел.-ч. | Q3: 1 | W3: 0 | X3: 370475345 | Y3: =AT3 -> 154 | AA3: 0 | AB3: 0 | AC3: 0 | AD3: 325.57 | AE3: 0 | AF3: 0 | AG3: 0 | AH3: 325.57 | AI3: 1 | AJ3: 1 | AK3: 1 | AL3: 1 | AM3: -2 | AN3: 0 | AO3: 0 | AP3: 1 | AQ3: 1 | AR3: 0 | AT3: 154 | AV3: 1 | AW3: 2 | AX3: 73953719 | AY3: 1 | AZ3: 0 | BA3: 3 | BB3: 1 | BC3: 0 | BD3: 0 | BE3: 0 | BF3: 0 | BG3: 0 | BH3: 0 | BI3: 0 | BJ3: 0 | BK3: 0 | BL3: 0 | BM3: 50137.78 | BN3: 154 | BO3: 0 | BP3: 1 | BQ3: 0 | BR3: 0 | BS3: 0 | BT3: 50137.78 | BU3: 154 | BV3: 0 | BW3: 1 | CU3: =ROUND(AT3*Source!I29*AH3*AL3,2) -> 4011.02 | CV3: =ROUND(Y3*Source!I29,7) -> 12.32 | CW3: 0 | CX3: =ROUND(Y3*Source!I29,7) -> 12.32 | CY3: =AD3 -> 325.57 | CZ3: =AH3 -> 325.57 | DA3: =AL3 -> 1 | DB3: =ROUND(ROUND(AT3*CZ3,2),6) -> 50137.78 | DC3: =ROUND(ROUND(AT3*AG3,2),6) -> 0 | DF3: =ROUND(ROUND(AE3,2)*CX3,2) -> 0 | DG3: =ROUND(ROUND(AF3,2)*CX3,2) -> 0 | DH3: =ROUND(ROUND(AG3,2)*CX3,2) -> 0 | DI3: =ROUND(ROUND(AH3,2)*CX3,2) -> 4011.02 | DJ3: =DI3 -> 4011.02 | DK3: 1 | DM3: 0 | DO3: 0
A4: =ROW(Source!A30) -> 30 | B4: 73953415 | C4: 73953720 | D4: 72518612 | E4: 119 | F4: 1 | G4: 1 | H4: 1 | I4: 1-100-25 | K4: Средний разряд работы 2,5 | L4: 1191 | N4: 1013 | O4: чел.-ч. | P4: чел.-ч. | Q4: 1 | W4: 0 | X4: -1991603921 | Y4: =AT4 -> 10.2 | AA4: 0 | AB4: 0 | AC4: 0 | AD4: 340.51 | AE4: 0 | AF4: 0 | AG4: 0 | AH4: 340.51 | AI4: 1 | AJ4: 1 | AK4: 1 | AL4: 1 | AM4: -2 | AN4: 0 | AO4: 0 | AP4: 1 | AQ4: 1 | AR4: 0 | AT4: 10.2 | AV4: 1 | AW4: 2 | AX4: 73954659 | AY4: 1 | AZ4: 0 | BA4: 4 | BB4: 1 | BC4: 0 | BD4: 0 | BE4: 0 | BF4: 0 | BG4: 0 | BH4: 0 | BI4: 0 | BJ4: 0 | BK4: 0 | BL4: 0 | BM4: 3473.202 | BN4: 10.2 | BO4: 0 | BP4: 1 | BQ4: 0 | BR4: 0 | BS4: 0 | BT4: 3473.202 | BU4: 10.2 | BV4: 0 | BW4: 1 | CU4: =ROUND(AT4*Source!I30*AH4*AL4,2) -> 11218.44 | CV4: =ROUND(Y4*Source!I30,7) -> 32.946 | CW4: 0 | CX4: =ROUND(Y4*Source!I30,7) -> 32.946 | CY4: =AD4 -> 340.51 | CZ4: =AH4 -> 340.51 | DA4: =AL4 -> 1 | DB4: =ROUND(ROUND(AT4*CZ4,2),6) -> 3473.2 | DC4: =ROUND(ROUND(AT4*AG4,2),6) -> 0 | DF4: =ROUND(ROUND(AE4,2)*CX4,2) -> 0 | DG4: =ROUND(ROUND(AF4,2)*CX4,2) -> 0 | DH4: =ROUND(ROUND(AG4,2)*CX4,2) -> 0 | DI4: =ROUND(ROUND(AH4,2)*CX4,2) -> 11218.44 | DJ4: =DI4 -> 11218.44 | DK4: 1 | DM4: 0 | DO4: 0
A5: =ROW(Source!A30) -> 30 | B5: 73953415 | C5: 73953720 | D5: 72518826 | E5: 119 | F5: 1 | G5: 1 | H5: 1 | I5: 4-100-00 | K5: Затраты труда машинистов | L5: 1191 | N5: 1013 | O5: чел.-ч. | P5: чел.-ч. | Q5: 1 | W5: 0 | X5: -1417349443 | Y5: =AT5 -> 0.32 | AA5: 0 | AB5: 0 | AC5: 0 | AD5: 0 | AE5: 0 | AF5: 0 | AG5: 0 | AH5: 0 | AI5: 1 | AJ5: 1 | AK5: 1 | AL5: 1 | AM5: -2 | AN5: 0 | AO5: 0 | AP5: 1 | AQ5: 1 | AR5: 0 | AT5: 0.32 | AV5: 2 | AW5: 2 | AX5: 73954660 | AY5: 1 | AZ5: 0 | BA5: 5 | BB5: 1 | BC5: 0 | BD5: 0 | BE5: 0 | BF5: 0 | BG5: 0 | BH5: 0 | BI5: 0 | BJ5: 0 | BK5: 0 | BL5: 0 | BM5: 0 | BN5: 0 | BO5: 0 | BP5: 0 | BQ5: 0 | BR5: 0 | BS5: 0 | BT5: 0 | BU5: 0 | BV5: 0 | BW5: 0 | CV5: 0 | CW5: 0 | CX5: =ROUND(Y5*Source!I30,7) -> 1.0336 | CY5: =AD5 -> 0 | CZ5: =AH5 -> 0 | DA5: =AL5 -> 1 | DB5: =ROUND(ROUND(AT5*CZ5,2),6) -> 0 | DC5: =ROUND(ROUND(AT5*AG5,2),6) -> 0 | DF5: =ROUND(ROUND(AE5,2)*CX5,2) -> 0 | DG5: =ROUND(ROUND(AF5,2)*CX5,2) -> 0 | DH5: =ROUND(ROUND(AG5,2)*CX5,2) -> 0 | DI5: =ROUND(ROUND(AH5,2)*CX5,2) -> 0 | DJ5: =DI5 -> 0 | DK5: 0 | DM5: 0 | DO5: 0
A6: =ROW(Source!A30) -> 30 | B6: 73953415 | C6: 73953720 | D6: 72646194 | E6: 1 | F6: 1 | G6: 1 | H6: 2 | I6: 91.06.05-011 | J6: ФСЭМ-2022, 91.06.05-011, приказ Минстроя России от 18.05.2022 г. № 378/пр | K6: Погрузчики одноковшовые универсальные фронтальные пневмоколесные, номинальная вместимость основного ковша 2,6 м3, грузоподъемность 5 т | L6: 1368 | N6: 1011 | O6: маш.-ч | P6: маш.-ч | Q6: 1 | W6: 0 | X6: -1368259184 | Y6: =AT6 -> 0.32 | AA6: 0 | AB6: 1681.82 | AC6: 459.98 | AD6: 0 | AE6: 0 | AF6: 1681.82 | AG6: 459.98 | AH6: 0 | AI6: 1 | AJ6: 1 | AK6: 1 | AL6: 1 | AM6: -2 | AN6: 0 | AO6: 0 | AP6: 1 | AQ6: 1 | AR6: 0 | AT6: 0.32 | AV6: 1 | AW6: 2 | AX6: 73954661 | AY6: 1 | AZ6: 0 | BA6: 6 | BB6: 1 | BC6: 0 | BD6: 0 | BE6: 0 | BF6: 0 | BG6: 0 | BH6: 0 | BI6: 0 | BJ6: 0 | BK6: 538.1824 | BL6: 147.1936 | BM6: 0 | BN6: 0 | BO6: 0.32 | BP6: 1 | BQ6: 0 | BR6: 538.1824 | BS6: 147.1936 | BT6: 0 | BU6: 0 | BV6: 0.32 | BW6: 1 | CV6: 0 | CW6: =ROUND(Y6*Source!I30*DO6,7) -> 1.0336 | CX6: =ROUND(Y6*Source!I30,7) -> 1.0336 | CY6: =AB6 -> 1681.82 | CZ6: =AF6 -> 1681.82 | DA6: =AJ6 -> 1 | DB6: =ROUND(ROUND(AT6*CZ6,2),6) -> 538.18 | DC6: =ROUND(ROUND(AT6*AG6,2),6) -> 147.19 | DF6: =ROUND(ROUND(AE6,2)*CX6,2) -> 0 | DG6: =ROUND(ROUND(AF6,2)*CX6,2) -> 1738.33 | DH6: =ROUND(ROUND(AG6,2)*CX6,2) -> 475.44 | DI6: =ROUND(ROUND(AH6,2)*CX6,2) -> 0 | DJ6: =DG6+DH6 -> 2213.77 | DK6: 1 | DL6: 4-100-050 | DM6: 5 | DN6: чел.-ч. | DO6: 1
A7: =ROW(Source!A30) -> 30 | B7: 73953415 | C7: 73953720 | D7: 72594453 | E7: 1 | F7: 1 | G7: 1 | H7: 3 | I7: 02.3.01.02-1104 | J7: ФСБЦ-2022, 02.3.01.02-1104, приказ Минстроя России от 18.05.2022 г. № 378/пр | K7: Песок природный для строительных работ I класс, средний | L7: 1339 | N7: 1007 | O7: м3 | P7: м3 | Q7: 1 | W7: 0 | X7: -1170073795 | Y7: =AT7 -> 10 | AA7: 2048.11 | AB7: 0 | AC7: 0 | AD7: 0 | AE7: 573.7 | AF7: 0 | AG7: 0 | AH7: 0 | AI7: 3.57 | AJ7: 1 | AK7: 1 | AL7: 1 | AM7: 0 | AN7: 0 | AO7: 0 | AP7: 1 | AQ7: 0 | AR7: 0 | AT7: 10 | AV7: 0 | AW7: 1 | AX7: -1 | AY7: 0 | AZ7: 0 | BB7: 0 | BC7: 0 | BD7: 0 | BE7: 0 | BF7: 0 | BG7: 0 | BH7: 0 | BI7: 0 | BJ7: 0 | BK7: 0 | BL7: 0 | BM7: 0 | BN7: 0 | BO7: 0 | BP7: 0 | BQ7: 0 | BR7: 0 | BS7: 0 | BT7: 0 | BU7: 0 | BV7: 0 | BW7: 0 | CV7: 0 | CW7: 0 | CX7: =ROUND(Y7*Source!I30,7) -> 32.3 | CY7: =AA7 -> 2048.11 | CZ7: =AE7 -> 573.7 | DA7: =AI7 -> 3.57 | DB7: =ROUND(ROUND(AT7*CZ7,2),6) -> 5737 | DC7: =ROUND(ROUND(AT7*AG7,2),6) -> 0 | DF7: =ROUND(ROUND(AE7*AI7,2)*CX7,2) -> 66153.95 | DG7: =ROUND(ROUND(AF7,2)*CX7,2) -> 0 | DH7: =ROUND(ROUND(AG7,2)*CX7,2) -> 0 | DI7: =ROUND(ROUND(AH7,2)*CX7,2) -> 0 | DJ7: =DF7 -> 66153.95 | DK7: 0 | DM7: 0 | DO7: 0
A8: =ROW(Source!A32) -> 32 | B8: 73953415 | C8: 73953729 | D8: 72518826 | E8: 119 | F8: 1 | G8: 1 | H8: 1 | I8: 4-100-00 | K8: Затраты труда машинистов | L8: 1191 | N8: 1013 | O8: чел.-ч. | P8: чел.-ч. | Q8: 1 | W8: 0 | X8: -1417349443 | Y8: =AT8 -> 8.06 | AA8: 0 | AB8: 0 | AC8: 0 | AD8: 0 | AE8: 0 | AF8: 0 | AG8: 0 | AH8: 0 | AI8: 1 | AJ8: 1 | AK8: 1 | AL8: 1 | AM8: -2 | AN8: 0 | AO8: 0 | AP8: 1 | AQ8: 1 | AR8: 0 | AT8: 8.06 | AV8: 2 | AW8: 2 | AX8: 73953732 | AY8: 1 | AZ8: 0 | BA8: 8 | BB8: 1 | BC8: 0 | BD8: 0 | BE8: 0 | BF8: 0 | BG8: 0 | BH8: 0 | BI8: 0 | BJ8: 0 | BK8: 0 | BL8: 0 | BM8: 0 | BN8: 0 | BO8: 0 | BP8: 0 | BQ8: 0 | BR8: 0 | BS8: 0 | BT8: 0 | BU8: 0 | BV8: 0 | BW8: 0 | CV8: 0 | CW8: 0 | CX8: =ROUND(Y8*Source!I32,7) -> 1.79738 | CY8: =AD8 -> 0 | CZ8: =AH8 -> 0 | DA8: =AL8 -> 1 | DB8: =ROUND(ROUND(AT8*CZ8,2),6) -> 0 | DC8: =ROUND(ROUND(AT8*AG8,2),6) -> 0 | DF8: =ROUND(ROUND(AE8,2)*CX8,2) -> 0 | DG8: =ROUND(ROUND(AF8,2)*CX8,2) -> 0 | DH8: =ROUND(ROUND(AG8,2)*CX8,2) -> 0 | DI8: =ROUND(ROUND(AH8,2)*CX8,2) -> 0 | DJ8: =DI8 -> 0 | DK8: 0 | DM8: 0 | DO8: 0
A9: =ROW(Source!A32) -> 32 | B9: 73953415 | C9: 73953729 | D9: 72645603 | E9: 1 | F9: 1 | G9: 1 | H9: 2 | I9: 91.01.01-034 | J9: ФСЭМ-2022, 91.01.01-034, приказ Минстроя России от 18.05.2022 г. № 378/пр | K9: Бульдозеры, мощность 59 кВт (80 л.с.) | L9: 1368 | N9: 1011 | O9: маш.-ч | P9: маш.-ч | Q9: 1 | W9: 0 | X9: 540934821 | Y9: =AT9 -> 8.06 | AA9: 0 | AB9: 1167.71 | AC9: 459.98 | AD9: 0 | AE9: 0 | AF9: 828.16 | AG9: 459.98 | AH9: 0 | AI9: 1 | AJ9: 1.41 | AK9: 1 | AL9: 1 | AM9: 2 | AN9: 0 | AO9: 0 | AP9: 1 | AQ9: 1 | AR9: 0 | AT9: 8.06 | AV9: 1 | AW9: 2 | AX9: 73953733 | AY9: 1 | AZ9: 0 | BA9: 9 | BB9: 1 | BC9: 0 | BD9: 0 | BE9: 0 | BF9: 0 | BG9: 0 | BH9: 0 | BI9: 0 | BJ9: 0 | BK9: 6674.9696 | BL9: 3707.4388 | BM9: 0 | BN9: 0 | BO9: 8.06 | BP9: 1 | BQ9: 0 | BR9: 6674.9696 | BS9: 3707.4388 | BT9: 0 | BU9: 0 | BV9: 8.06 | BW9: 1 | CV9: 0 | CW9: =ROUND(Y9*Source!I32*DO9,7) -> 1.79738 | CX9: =ROUND(Y9*Source!I32,7) -> 1.79738 | CY9: =AB9 -> 1167.71 | CZ9: =AF9 -> 828.16 | DA9: =AJ9 -> 1.41 | DB9: =ROUND(ROUND(AT9*CZ9,2),6) -> 6674.97 | DC9: =ROUND(ROUND(AT9*AG9,2),6) -> 3707.44 | DF9: =ROUND(ROUND(AE9,2)*CX9,2) -> 0 | DG9: =ROUND(ROUND(AF9*AJ9,2)*CX9,2) -> 2098.82 | DH9: =ROUND(ROUND(AG9,2)*CX9,2) -> 826.76 | DI9: =ROUND(ROUND(AH9,2)*CX9,2) -> 0 | DJ9: =DG9+DH9 -> 2925.58 | DK9: 0 | DL9: 4-100-050 | DM9: 5 | DN9: чел.-ч. | DO9: 1
A10: =ROW(Source!A33) -> 33 | B10: 73953415 | C10: 73953734 | D10: 72518582 | E10: 119 | F10: 1 | G10: 1 | H10: 1 | I10: 1-100-15 | K10: Средний разряд работы 1,5 | L10: 1191 | N10: 1013 | O10: чел.-ч. | P10: чел.-ч. | Q10: 1 | W10: 0 | X10: -267883188 | Y10: =AT10 -> 97.2 | AA10: 0 | AB10: 0 | AC10: 0 | AD10: 312.13 | AE10: 0 | AF10: 0 | AG10: 0 | AH10: 312.13 | AI10: 1 | AJ10: 1 | AK10: 1 | AL10: 1 | AM10: -2 | AN10: 0 | AO10: 0 | AP10: 1 | AQ10: 1 | AR10: 0 | AT10: 97.2 | AV10: 1 | AW10: 2 | AX10: 73953736 | AY10: 1 | AZ10: 0 | BA10: 10 | BB10: 1 | BC10: 0 | BD10: 0 | BE10: 0 | BF10: 0 | BG10: 0 | BH10: 0 | BI10: 0 | BJ10: 0 | BK10: 0 | BL10: 0 | BM10: 30339.036 | BN10: 97.2 | BO10: 0 | BP10: 1 | BQ10: 0 | BR10: 0 | BS10: 0 | BT10: 30339.036 | BU10: 97.2 | BV10: 0 | BW10: 1 | CU10: =ROUND(AT10*Source!I33*AH10*AL10,2) -> 2123.73 | CV10: =ROUND(Y10*Source!I33,7) -> 6.804 | CW10: 0 | CX10: =ROUND(Y10*Source!I33,7) -> 6.804 | CY10: =AD10 -> 312.13 | CZ10: =AH10 -> 312.13 | DA10: =AL10 -> 1 | DB10: =ROUND(ROUND(AT10*CZ10,2),6) -> 30339.04 | DC10: =ROUND(ROUND(AT10*AG10,2),6) -> 0 | DF10: =ROUND(ROUND(AE10,2)*CX10,2) -> 0 | DG10: =ROUND(ROUND(AF10,2)*CX10,2) -> 0 | DH10: =ROUND(ROUND(AG10,2)*CX10,2) -> 0 | DI10: =ROUND(ROUND(AH10,2)*CX10,2) -> 2123.73 | DJ10: =DI10 -> 2123.73 | DK10: 1 | DM10: 0 | DO10: 0
A11: =ROW(Source!A69) -> 69 | B11: 73953415 | C11: 73953737 | D11: 72518673 | E11: 119 | F11: 1 | G11: 1 | H11: 1 | I11: 1-100-47 | K11: Средний разряд работы 4,7 | L11: 1191 | N11: 1013 | O11: чел.-ч. | P11: чел.-ч. | Q11: 1 | W11: 0 | X11: 1521243167 | Y11: =AT11 -> 5.7 | AA11: 0 | AB11: 0 | AC11: 0 | AD11: 442.06 | AE11: 0 | AF11: 0 | AG11: 0 | AH11: 442.06 | AI11: 1 | AJ11: 1 | AK11: 1 | AL11: 1 | AM11: -2 | AN11: 0 | AO11: 0 | AP11: 1 | AQ11: 1 | AR11: 0 | AT11: 5.7 | AV11: 1 | AW11: 2 | AX11: 73953742 | AY11: 1 | AZ11: 0 | BA11: 11 | BB11: 1 | BC11: 0 | BD11: 0 | BE11: 0 | BF11: 0 | BG11: 0 | BH11: 0 | BI11: 0 | BJ11: 0 | BK11: 0 | BL11: 0 | BM11: 2519.742 | BN11: 5.7 | BO11: 0 | BP11: 1 | BQ11: 0 | BR11: 0 | BS11: 0 | BT11: 2519.742 | BU11: 5.7 | BV11: 0 | BW11: 1 | CU11: =ROUND(AT11*Source!I69*AH11*AL11,2) -> 5543.43 | CV11: =ROUND(Y11*Source!I69,7) -> 12.54 | CW11: 0 | CX11: =ROUND(Y11*Source!I69,7) -> 12.54 | CY11: =AD11 -> 442.06 | CZ11: =AH11 -> 442.06 | DA11: =AL11 -> 1 | DB11: =ROUND(ROUND(AT11*CZ11,2),6) -> 2519.74 | DC11: =ROUND(ROUND(AT11*AG11,2),6) -> 0 | DF11: =ROUND(ROUND(AE11,2)*CX11,2) -> 0 | DG11: =ROUND(ROUND(AF11,2)*CX11,2) -> 0 | DH11: =ROUND(ROUND(AG11,2)*CX11,2) -> 0 | DI11: =ROUND(ROUND(AH11,2)*CX11,2) -> 5543.43 | DJ11: =DI11 -> 5543.43 | DK11: 1 | DM11: 0 | DO11: 0
A12: =ROW(Source!A69) -> 69 | B12: 73953415 | C12: 73953737 | D12: 72646149 | E12: 1 | F12: 1 | G12: 1 | H12: 2 | I12: 91.06.03-001 | J12: ФСЭМ-2022, 91.06.03-001, приказ Минстроя России от 18.05.2022 г. № 378/пр | K12: Лебедки автономные гидравлические с двигателем внутреннего сгорания для бестраншейной замены трубопроводов и протяжки кабеля в комплекте с гидравлическим агрегатом, тяговое усилие 10 т | L12: 1368 | N12: 1011 | O12: маш.-ч | P12: маш.-ч | Q12: 1 | W12: 0 | X12: -322869027 | Y12: =AT12 -> 0.9 | AA12: 0 | AB12: 470.42 | AC12: 0 | AD12: 0 | AE12: 0 | AF12: 345.9 | AG12: 0 | AH12: 0 | AI12: 1 | AJ12: 1.36 | AK12: 1 | AL12: 1 | AM12: 2 | AN12: 0 | AO12: 0 | AP12: 1 | AQ12: 1 | AR12: 0 | AT12: 0.9 | AV12: 1 | AW12: 2 | AX12: 73953743 | AY12: 1 | AZ12: 0 | BA12: 12 | BB12: 1 | BC12: 0 | BD12: 0 | BE12: 0 | BF12: 0 | BG12: 0 | BH12: 0 | BI12: 0 | BJ12: 0 | BK12: 311.31 | BL12: 0 | BM12: 0 | BN12: 0 | BO12: 0 | BP12: 1 | BQ12: 0 | BR12: 311.31 | BS12: 0 | BT12: 0 | BU12: 0 | BV12: 0 | BW12: 1 | CV12: 0 | CW12: =ROUND(Y12*Source!I69*DO12,7) -> 0 | CX12: =ROUND(Y12*Source!I69,7) -> 1.98 | CY12: =AB12 -> 470.42 | CZ12: =AF12 -> 345.9 | DA12: =AJ12 -> 1.36 | DB12: =ROUND(ROUND(AT12*CZ12,2),6) -> 311.31 | DC12: =ROUND(ROUND(AT12*AG12,2),6) -> 0 | DF12: =ROUND(ROUND(AE12,2)*CX12,2) -> 0 | DG12: =ROUND(ROUND(AF12*AJ12,2)*CX12,2) -> 931.43 | DH12: =ROUND(ROUND(AG12,2)*CX12,2) -> 0 | DI12: =ROUND(ROUND(AH12,2)*CX12,2) -> 0 | DJ12: =DG12+DH12 -> 931.43 | DK12: 0 | DM12: 0 | DO12: 0
A13: =ROW(Source!A69) -> 69 | B13: 73953415 | C13: 73953737 | D13: 72646970 | E13: 1 | F13: 1 | G13: 1 | H13: 2 | I13: 91.14.05-021 | J13: ФСЭМ-2022, 91.14.05-021, приказ Минстроя России от 18.05.2022 г. № 378/пр | K13: Прицепы для барабанов полиэтиленовых труб, грузоподъемность до 4 т | L13: 1368 | N13: 1011 | O13: маш.-ч | P13: маш.-ч | Q13: 1 | W13: 0 | X13: -550484749 | Y13: =AT13 -> 0.48 | AA13: 0 | AB13: 48.02 | AC13: 0 | AD13: 0 | AE13: 0 | AF13: 27.13 | AG13: 0 | AH13: 0 | AI13: 1 | AJ13: 1.77 | AK13: 1 | AL13: 1 | AM13: 2 | AN13: 0 | AO13: 0 | AP13: 1 | AQ13: 1 | AR13: 0 | AT13: 0.48 | AV13: 1 | AW13: 2 | AX13: 73953744 | AY13: 1 | AZ13: 0 | BA13: 13 | BB13: 1 | BC13: 0 | BD13: 0 | BE13: 0 | BF13: 0 | BG13: 0 | BH13: 0 | BI13: 0 | BJ13: 0 | BK13: 13.0224 | BL13: 0 | BM13: 0 | BN13: 0 | BO13: 0 | BP13: 1 | BQ13: 0 | BR13: 13.0224 | BS13: 0 | BT13: 0 | BU13: 0 | BV13: 0 | BW13: 1 | CV13: 0 | CW13: =ROUND(Y13*Source!I69*DO13,7) -> 0 | CX13: =ROUND(Y13*Source!I69,7) -> 1.056 | CY13: =AB13 -> 48.02 | CZ13: =AF13 -> 27.13 | DA13: =AJ13 -> 1.77 | DB13: =ROUND(ROUND(AT13*CZ13,2),6) -> 13.02 | DC13: =ROUND(ROUND(AT13*AG13,2),6) -> 0 | DF13: =ROUND(ROUND(AE13,2)*CX13,2) -> 0 | DG13: =ROUND(ROUND(AF13*AJ13,2)*CX13,2) -> 50.71 | DH13: =ROUND(ROUND(AG13,2)*CX13,2) -> 0 | DI13: =ROUND(ROUND(AH13,2)*CX13,2) -> 0 | DJ13: =DG13+DH13 -> 50.71 | DK13: 0 | DM13: 0 | DO13: 0
A14: =ROW(Source!A69) -> 69 | B14: 73953415 | C14: 73953737 | D14: 72635017 | E14: 1 | F14: 1 | G14: 1 | H14: 3 | I14: 24.3.05.02-0211 | J14: ФСБЦ-2022, 24.3.05.02-0211, приказ Минстроя России от 18.05.2022 г. № 378/пр | K14: Заглушка полиэтиленовая, ПЭ100, стандартное размерное отношение SDR11, номинальный наружный диаметр 63 мм | L14: 1371 | N14: 1013 | O14: ШТ | P14: ШТ | Q14: 1 | W14: 0 | X14: -1342207248 | Y14: =AT14 -> 0 | AA14: 0 | AB14: 0 | AC14: 0 | AD14: 0 | AE14: 0 | AF14: 0 | AG14: 0 | AH14: 0 | AI14: 1 | AJ14: 1 | AK14: 1 | AL14: 1 | AM14: 3 | AN14: 0 | AO14: 0 | AP14: 1 | AQ14: 1 | AR14: 0 | AT14: 0 | AV14: 0 | AW14: 2 | AX14: 73953746 | AY14: 2 | AZ14: 22528 | BA14: 15 | BB14: 1 | BC14: 0 | BD14: 0 | BE14: 0 | BF14: 0 | BG14: 0 | BH14: 0 | BI14: 0 | BJ14: 0 | BK14: 0 | BL14: 0 | BM14: 0 | BN14: 0 | BO14: 0 | BP14: 0 | BQ14: 0 | BR14: 0 | BS14: 0 | BT14: 0 | BU14: 0 | BV14: 0 | BW14: 0 | CV14: 0 | CW14: 0 | CX14: =ROUND(Y14*Source!I69,7) -> 0 | CY14: =AA14 -> 0 | CZ14: =AE14 -> 0 | DA14: =AI14 -> 1 | DB14: =ROUND(ROUND(AT14*CZ14,2),6) -> 0 | DC14: =ROUND(ROUND(AT14*AG14,2),6) -> 0 | DF14: =ROUND(ROUND(AE14,2)*CX14,2) -> 0 | DG14: =ROUND(ROUND(AF14,2)*CX14,2) -> 0 | DH14: =ROUND(ROUND(AG14,2)*CX14,2) -> 0 | DI14: =ROUND(ROUND(AH14,2)*CX14,2) -> 0 | DJ14: =DF14 -> 0 | DK14: 2 | DM14: 0 | DO14: 0
A15: =ROW(Source!A72) -> 72 | B15: 73953415 | C15: 73953751 | D15: 72518640 | E15: 119 | F15: 1 | G15: 1 | H15: 1 | I15: 1-100-34 | K15: Средний разряд работы 3,4 | L15: 1191 | N15: 1013 | O15: чел.-ч. | P15: чел.-ч. | Q15: 1 | W15: 0 | X15: -1461236815 | Y15: =AT15 -> 20.51 | AA15: 0 | AB15: 0 | AC15: 0 | AD15: 373.36 | AE15: 0 | AF15: 0 | AG15: 0 | AH15: 373.36 | AI15: 1 | AJ15: 1 | AK15: 1 | AL15: 1 | AM15: -2 | AN15: 0 | AO15: 0 | AP15: 0 | AQ15: 1 | AR15: 0 | AT15: 20.51 | AV15: 1 | AW15: 2 | AX15: 73953767 | AY15: 1 | AZ15: 0 | BA15: 16 | BB15: 1 | BC15: 0 | BD15: 0 | BE15: 0 | BF15: 0 | BG15: 0 | BH15: 0 | BI15: 0 | BJ15: 0 | BK15: 0 | BL15: 0 | BM15: 7657.6136 | BN15: 20.51 | BO15: 0 | BP15: 1 | BQ15: 0 | BR15: 0 | BS15: 0 | BT15: 7657.6136 | BU15: 20.51 | BV15: 0 | BW15: 1 | CU15: =ROUND(AT15*Source!I72*AH15*AL15,2) -> 1301.79 | CV15: =ROUND(Y15*Source!I72,7) -> 3.4867 | CW15: 0 | CX15: =ROUND(Y15*Source!I72,7) -> 3.4867 | CY15: =AD15 -> 373.36 | CZ15: =AH15 -> 373.36 | DA15: =AL15 -> 1 | DB15: =ROUND(ROUND(AT15*CZ15,2),6) -> 7657.61 | DC15: =ROUND(ROUND(AT15*AG15,2),6) -> 0 | DF15: =ROUND(ROUND(AE15,2)*CX15,2) -> 0 | DG15: =ROUND(ROUND(AF15,2)*CX15,2) -> 0 | DH15: =ROUND(ROUND(AG15,2)*CX15,2) -> 0 | DI15: =ROUND(ROUND(AH15,2)*CX15,2) -> 1301.79 | DJ15: =DI15 -> 1301.79 | DK15: 1 | DM15: 0 | DO15: 0
A16: =ROW(Source!A72) -> 72 | B16: 73953415 | C16: 73953751 | D16: 72518826 | E16: 119 | F16: 1 | G16: 1 | H16: 1 | I16: 4-100-00 | K16: Затраты труда машинистов | L16: 1191 | N16: 1013 | O16: чел.-ч. | P16: чел.-ч. | Q16: 1 | W16: 0 | X16: -1417349443 | Y16: =AT16 -> 11.96 | AA16: 0 | AB16: 0 | AC16: 0 | AD16: 0 | AE16: 0 | AF16: 0 | AG16: 0 | AH16: 0 | AI16: 1 | AJ16: 1 | AK16: 1 | AL16: 1 | AM16: -2 | AN16: 0 | AO16: 0 | AP16: 0 | AQ16: 1 | AR16: 0 | AT16: 11.96 | AV16: 2 | AW16: 2 | AX16: 73953768 | AY16: 1 | AZ16: 0 | BA16: 17 | BB16: 1 | BC16: 0 | BD16: 0 | BE16: 0 | BF16: 0 | BG16: 0 | BH16: 0 | BI16: 0 | BJ16: 0 | BK16: 0 | BL16: 0 | BM16: 0 | BN16: 0 | BO16: 0 | BP16: 0 | BQ16: 0 | BR16: 0 | BS16: 0 | BT16: 0 | BU16: 0 | BV16: 0 | BW16: 0 | CV16: 0 | CW16: 0 | CX16: =ROUND(Y16*Source!I72,7) -> 2.0332 | CY16: =AD16 -> 0 | CZ16: =AH16 -> 0 | DA16: =AL16 -> 1 | DB16: =ROUND(ROUND(AT16*CZ16,2),6) -> 0 | DC16: =ROUND(ROUND(AT16*AG16,2),6) -> 0 | DF16: =ROUND(ROUND(AE16,2)*CX16,2) -> 0 | DG16: =ROUND(ROUND(AF16,2)*CX16,2) -> 0 | DH16: =ROUND(ROUND(AG16,2)*CX16,2) -> 0 | DI16: =ROUND(ROUND(AH16,2)*CX16,2) -> 0 | DJ16: =DI16 -> 0 | DK16: 0 | DM16: 0 | DO16: 0
A17: =ROW(Source!A72) -> 72 | B17: 73953415 | C17: 73953751 | D17: 72646682 | E17: 1 | F17: 1 | G17: 1 | H17: 2 | I17: 91.10.05-004 | J17: ФСЭМ-2022, 91.10.05-004, приказ Минстроя России от 18.05.2022 г. № 378/пр | K17: Трубоукладчики, номинальная грузоподъемность 6,3 т | L17: 1368 | N17: 1011 | O17: маш.-ч | P17: маш.-ч | Q17: 1 | W17: 0 | X17: -733090258 | Y17: =AT17 -> 11.44 | AA17: 0 | AB17: 1172.93 | AC17: 459.98 | AD17: 0 | AE17: 0 | AF17: 994.01 | AG17: 459.98 | AH17: 0 | AI17: 1 | AJ17: 1.18 | AK17: 1 | AL17: 1 | AM17: 2 | AN17: 0 | AO17: 0 | AP17: 0 | AQ17: 1 | AR17: 0 | AT17: 11.44 | AV17: 1 | AW17: 2 | AX17: 73953769 | AY17: 1 | AZ17: 0 | BA17: 18 | BB17: 1 | BC17: 0 | BD17: 0 | BE17: 0 | BF17: 0 | BG17: 0 | BH17: 0 | BI17: 0 | BJ17: 0 | BK17: 11371.474 | BL17: 5262.1712 | BM17: 0 | BN17: 0 | BO17: 11.44 | BP17: 1 | BQ17: 0 | BR17: 11371.474 | BS17: 5262.1712 | BT17: 0 | BU17: 0 | BV17: 11.44 | BW17: 1 | CV17: 0 | CW17: =ROUND(Y17*Source!I72*DO17,7) -> 1.9448 | CX17: =ROUND(Y17*Source!I72,7) -> 1.9448 | CY17: =AB17 -> 1172.93 | CZ17: =AF17 -> 994.01 | DA17: =AJ17 -> 1.18 | DB17: =ROUND(ROUND(AT17*CZ17,2),6) -> 11371.47 | DC17: =ROUND(ROUND(AT17*AG17,2),6) -> 5262.17 | DF17: =ROUND(ROUND(AE17,2)*CX17,2) -> 0 | DG17: =ROUND(ROUND(AF17*AJ17,2)*CX17,2) -> 2281.11 | DH17: =ROUND(ROUND(AG17,2)*CX17,2) -> 894.57 | DI17: =ROUND(ROUND(AH17,2)*CX17,2) -> 0 | DJ17: =DG17+DH17 -> 3175.68 | DK17: 0 | DL17: 4-100-050 | DM17: 5 | DN17: чел.-ч. | DO17: 1
A18: =ROW(Source!A72) -> 72 | B18: 73953415 | C18: 73953751 | D18: 72647129 | E18: 1 | F18: 1 | G18: 1 | H18: 2 | I18: 91.17.04-233 | J18: ФСЭМ-2022, 91.17.04-233, приказ Минстроя России от 18.05.2022 г. № 378/пр | K18: Аппараты сварочные для ручной дуговой сварки, сварочный ток до 350 А | L18: 1368 | N18: 1011 | O18: маш.-ч | P18: маш.-ч | Q18: 1 | W18: 0 | X18: 1678177714 | Y18: =AT18 -> 2.07 | AA18: 0 | AB18: 43.87 | AC18: 0 | AD18: 0 | AE18: 0 | AF18: 43.87 | AG18: 0 | AH18: 0 | AI18: 1 | AJ18: 1 | AK18: 1 | AL18: 1 | AM18: -2 | AN18: 0 | AO18: 0 | AP18: 0 | AQ18: 1 | AR18: 0 | AT18: 2.07 | AV18: 1 | AW18: 2 | AX18: 73953770 | AY18: 1 | AZ18: 0 | BA18: 19 | BB18: 1 | BC18: 0 | BD18: 0 | BE18: 0 | BF18: 0 | BG18: 0 | BH18: 0 | BI18: 0 | BJ18: 0 | BK18: 90.8109 | BL18: 0 | BM18: 0 | BN18: 0 | BO18: 0 | BP18: 1 | BQ18: 0 | BR18: 90.8109 | BS18: 0 | BT18: 0 | BU18: 0 | BV18: 0 | BW18: 1 | CV18: 0 | CW18: =ROUND(Y18*Source!I72*DO18,7) -> 0 | CX18: =ROUND(Y18*Source!I72,7) -> 0.3519 | CY18: =AB18 -> 43.87 | CZ18: =AF18 -> 43.87 | DA18: =AJ18 -> 1 | DB18: =ROUND(ROUND(AT18*CZ18,2),6) -> 90.81 | DC18: =ROUND(ROUND(AT18*AG18,2),6) -> 0 | DF18: =ROUND(ROUND(AE18,2)*CX18,2) -> 0 | DG18: =ROUND(ROUND(AF18,2)*CX18,2) -> 15.44 | DH18: =ROUND(ROUND(AG18,2)*CX18,2) -> 0 | DI18: =ROUND(ROUND(AH18,2)*CX18,2) -> 0 | DJ18: =DG18+DH18 -> 15.44 | DK18: 1 | DM18: 0 | DO18: 0
A19: =ROW(Source!A72) -> 72 | B19: 73953415 | C19: 73953751 | D19: 72647141 | E19: 1 | F19: 1 | G19: 1 | H19: 2 | I19: 91.18.01-007 | J19: ФСЭМ-2022 доп.13, 91.18.01-007, приказ Минстроя России от 07.02.2025 г. № 69/пр | K19: Компрессоры винтовые передвижные с двигателем внутреннего сгорания, давление до 0,7 МПа (7 атм), производительность до 5,4 м3/мин | L19: 1368 | N19: 1011 | O19: маш.-ч | P19: маш.-ч | Q19: 1 | W19: 0 | X19: -2130331961 | Y19: =AT19 -> 0.52 | AA19: 0 | AB19: 417.12 | AC19: 400.24 | AD19: 0 | AE19: 0 | AF19: 417.12 | AG19: 400.24 | AH19: 0 | AI19: 1 | AJ19: 1 | AK19: 1 | AL19: 1 | AM19: -2 | AN19: 0 | AO19: 0 | AP19: 0 | AQ19: 1 | AR19: 0 | AT19: 0.52 | AV19: 1 | AW19: 2 | AX19: 73953771 | AY19: 1 | AZ19: 0 | BA19: 20 | BB19: 1 | BC19: 0 | BD19: 0 | BE19: 0 | BF19: 0 | BG19: 0 | BH19: 0 | BI19: 0 | BJ19: 0 | BK19: 216.9024 | BL19: 208.1248 | BM19: 0 | BN19: 0 | BO19: 0.52 | BP19: 1 | BQ19: 0 | BR19: 216.9024 | BS19: 208.1248 | BT19: 0 | BU19: 0 | BV19: 0.52 | BW19: 1 | CV19: 0 | CW19: =ROUND(Y19*Source!I72*DO19,7) -> 0.0884 | CX19: =ROUND(Y19*Source!I72,7) -> 0.0884 | CY19: =AB19 -> 417.12 | CZ19: =AF19 -> 417.12 | DA19: =AJ19 -> 1 | DB19: =ROUND(ROUND(AT19*CZ19,2),6) -> 216.9 | DC19: =ROUND(ROUND(AT19*AG19,2),6) -> 208.12 | DF19: =ROUND(ROUND(AE19,2)*CX19,2) -> 0 | DG19: =ROUND(ROUND(AF19,2)*CX19,2) -> 36.87 | DH19: =ROUND(ROUND(AG19,2)*CX19,2) -> 35.38 | DI19: =ROUND(ROUND(AH19,2)*CX19,2) -> 0 | DJ19: =DG19+DH19 -> 72.25 | DK19: 1 | DL19: 4-100-040 | DM19: 4 | DN19: чел.-ч. | DO19: 1
A20: =ROW(Source!A72) -> 72 | B20: 73953415 | C20: 73953751 | D20: 72647493 | E20: 1 | F20: 1 | G20: 1 | H20: 2 | I20: 91.21.01-012 | J20: ФСЭМ-2022 доп.11, 91.21.01-012, приказ Минстроя России от 09.08.2024 г. № 524/пр | K20: Агрегаты окрасочные высокого давления для окраски поверхностей конструкций, мощность 1 кВт | L20: 1368 | N20: 1011 | O20: маш.-ч | P20: маш.-ч | Q20: 1 | W20: 0 | X20: 571220797 | Y20: =AT20 -> 0.52 | AA20: 0 | AB20: 6.69 | AC20: 0 | AD20: 0 | AE20: 0 | AF20: 4.52 | AG20: 0 | AH20: 0 | AI20: 1 | AJ20: 1.48 | AK20: 1 | AL20: 1 | AM20: 2 | AN20: 0 | AO20: 0 | AP20: 0 | AQ20: 1 | AR20: 0 | AT20: 0.52 | AV20: 1 | AW20: 2 | AX20: 73953772 | AY20: 1 | AZ20: 0 | BA20: 21 | BB20: 1 | BC20: 0 | BD20: 0 | BE20: 0 | BF20: 0 | BG20: 0 | BH20: 0 | BI20: 0 | BJ20: 0 | BK20: 2.3504 | BL20: 0 | BM20: 0 | BN20: 0 | BO20: 0 | BP20: 1 | BQ20: 0 | BR20: 2.3504 | BS20: 0 | BT20: 0 | BU20: 0 | BV20: 0 | BW20: 1 | CV20: 0 | CW20: =ROUND(Y20*Source!I72*DO20,7) -> 0 | CX20: =ROUND(Y20*Source!I72,7) -> 0.0884 | CY20: =AB20 -> 6.69 | CZ20: =AF20 -> 4.52 | DA20: =AJ20 -> 1.48 | DB20: =ROUND(ROUND(AT20*CZ20,2),6) -> 2.35 | DC20: =ROUND(ROUND(AT20*AG20,2),6) -> 0 | DF20: =ROUND(ROUND(AE20,2)*CX20,2) -> 0 | DG20: =ROUND(ROUND(AF20*AJ20,2)*CX20,2) -> 0.59 | DH20: =ROUND(ROUND(AG20,2)*CX20,2) -> 0 | DI20: =ROUND(ROUND(AH20,2)*CX20,2) -> 0 | DJ20: =DG20+DH20 -> 0.59 | DK20: 0 | DM20: 0 | DO20: 0
A21: =ROW(Source!A72) -> 72 | B21: 73953415 | C21: 73953751 | D21: 72591353 | E21: 1 | F21: 1 | G21: 1 | H21: 3 | I21: 01.7.03.04-0001 | J21: ФСБЦ-2022, 01.7.03.04-0001, приказ Минстроя России от 18.05.2022 г. № 378/пр | K21: Электроэнергия | L21: 1383 | N21: 1013 | O21: КВТ-Ч | P21: КВТ-Ч | Q21: 1 | W21: 0 | X21: 86017057 | Y21: =AT21 -> 1.386 | AA21: 9.55 | AB21: 0 | AC21: 0 | AD21: 0 | AE21: 9.55 | AF21: 0 | AG21: 0 | AH21: 0 | AI21: 1 | AJ21: 1 | AK21: 1 | AL21: 1 | AM21: -2 | AN21: 0 | AO21: 0 | AP21: 0 | AQ21: 1 | AR21: 0 | AT21: 1.386 | AV21: 0 | AW21: 2 | AX21: 73953773 | AY21: 1 | AZ21: 0 | BA21: 22 | BB21: 1 | BC21: 0 | BD21: 0 | BE21: 0 | BF21: 0 | BG21: 0 | BH21: 0 | BI21: 0 | BJ21: 13.2363 | BK21: 0 | BL21: 0 | BM21: 0 | BN21: 0 | BO21: 0 | BP21: 1 | BQ21: 13.2363 | BR21: 0 | BS21: 0 | BT21: 0 | BU21: 0 | BV21: 0 | BW21: 1 | CV21: 0 | CW21: 0 | CX21: =ROUND(Y21*Source!I72,7) -> 0.23562 | CY21: =AA21 -> 9.55 | CZ21: =AE21 -> 9.55 | DA21: =AI21 -> 1 | DB21: =ROUND(ROUND(AT21*CZ21,2),6) -> 13.24 | DC21: =ROUND(ROUND(AT21*AG21,2),6) -> 0 | DF21: =ROUND(ROUND(AE21,2)*CX21,2) -> 2.25 | DG21: =ROUND(ROUND(AF21,2)*CX21,2) -> 0 | DH21: =ROUND(ROUND(AG21,2)*CX21,2) -> 0 | DI21: =ROUND(ROUND(AH21,2)*CX21,2) -> 0 | DJ21: =DF21 -> 2.25 | DK21: 1 | DM21: 0 | DO21: 0
A22: =ROW(Source!A72) -> 72 | B22: 73953415 | C22: 73953751 | D22: 72592092 | E22: 1 | F22: 1 | G22: 1 | H22: 3 | I22: 01.7.11.07-0227 | J22: ФСБЦ-2022, 01.7.11.07-0227, приказ Минстроя России от 18.05.2022 г. № 378/пр | K22: Электроды сварочные для сварки низколегированных и углеродистых сталей УОНИ 13/45, Э42А, диаметр 4-5 мм | L22: 1346 | N22: 1009 | O22: кг | P22: кг | Q22: 1 | W22: 0 | X22: 743240341 | Y22: =AT22 -> 0.7 | AA22: 131.85 | AB22: 0 | AC22: 0 | AD22: 0 | AE22: 131.85 | AF22: 0 | AG22: 0 | AH22: 0 | AI22: 1 | AJ22: 1 | AK22: 1 | AL22: 1 | AM22: -2 | AN22: 0 | AO22: 0 | AP22: 0 | AQ22: 1 | AR22: 0 | AT22: 0.7 | AV22: 0 | AW22: 2 | AX22: 73953774 | AY22: 1 | AZ22: 0 | BA22: 23 | BB22: 1 | BC22: 0 | BD22: 0 | BE22: 0 | BF22: 0 | BG22: 0 | BH22: 0 | BI22: 0 | BJ22: 92.295 | BK22: 0 | BL22: 0 | BM22: 0 | BN22: 0 | BO22: 0 | BP22: 1 | BQ22: 92.295 | BR22: 0 | BS22: 0 | BT22: 0 | BU22: 0 | BV22: 0 | BW22: 1 | CV22: 0 | CW22: 0 | CX22: =ROUND(Y22*Source!I72,7) -> 0.119 | CY22: =AA22 -> 131.85 | CZ22: =AE22 -> 131.85 | DA22: =AI22 -> 1 | DB22: =ROUND(ROUND(AT22*CZ22,2),6) -> 92.3 | DC22: =ROUND(ROUND(AT22*AG22,2),6) -> 0 | DF22: =ROUND(ROUND(AE22,2)*CX22,2) -> 15.69 | DG22: =ROUND(ROUND(AF22,2)*CX22,2) -> 0 | DH22: =ROUND(ROUND(AG22,2)*CX22,2) -> 0 | DI22: =ROUND(ROUND(AH22,2)*CX22,2) -> 0 | DJ22: =DF22 -> 15.69 | DK22: 1 | DM22: 0 | DO22: 0
A23: =ROW(Source!A72) -> 72 | B23: 73953415 | C23: 73953751 | D23: 72592880 | E23: 1 | F23: 1 | G23: 1 | H23: 3 | I23: 01.7.15.05-0012 | J23: ФСБЦ-2022, 01.7.15.05-0012, приказ Минстроя России от 18.05.2022 г. № 378/пр | K23: Гайки стальные шестигранные, диаметр резьбы М8 (М10) | L23: 1348 | N23: 1009 | O23: т | P23: т | Q23: 1000 | W23: 0 | X23: -338788761 | Y23: =AT23 -> 0.0004 | AA23: 122599.58 | AB23: 0 | AC23: 0 | AD23: 0 | AE23: 108495.2 | AF23: 0 | AG23: 0 | AH23: 0 | AI23: 1.13 | AJ23: 1 | AK23: 1 | AL23: 1 | AM23: 2 | AN23: 0 | AO23: 0 | AP23: 0 | AQ23: 1 | AR23: 0 | AT23: 0.0004 | AV23: 0 | AW23: 2 | AX23: 73953775 | AY23: 1 | AZ23: 0 | BA23: 24 | BB23: 1 | BC23: 0 | BD23: 0 | BE23: 0 | BF23: 0 | BG23: 0 | BH23: 0 | BI23: 0 | BJ23: 43.39808 | BK23: 0 | BL23: 0 | BM23: 0 | BN23: 0 | BO23: 0 | BP23: 1 | BQ23: 43.39808 | BR23: 0 | BS23: 0 | BT23: 0 | BU23: 0 | BV23: 0 | BW23: 1 | CV23: 0 | CW23: 0 | CX23: =ROUND(Y23*Source!I72,7) -> 6.8e-05 | CY23: =AA23 -> 122599.58 | CZ23: =AE23 -> 108495.2 | DA23: =AI23 -> 1.13 | DB23: =ROUND(ROUND(AT23*CZ23,2),6) -> 43.4 | DC23: =ROUND(ROUND(AT23*AG23,2),6) -> 0 | DF23: =ROUND(ROUND(AE23*AI23,2)*CX23,2) -> 8.34 | DG23: =ROUND(ROUND(AF23,2)*CX23,2) -> 0 | DH23: =ROUND(ROUND(AG23,2)*CX23,2) -> 0 | DI23: =ROUND(ROUND(AH23,2)*CX23,2) -> 0 | DJ23: =DF23 -> 8.34 | DK23: 0 | DM23: 0 | DO23: 0
A24: =ROW(Source!A72) -> 72 | B24: 73953415 | C24: 73953751 | D24: 72598246 | E24: 1 | F24: 1 | G24: 1 | H24: 3 | I24: 07.2.07.13-0221 | J24: ФСБЦ-2022, 07.2.07.13-0221, приказ Минстроя России от 18.05.2022 г. № 378/пр | K24: Хомуты стальные | L24: 1346 | N24: 1009 | O24: кг | P24: кг | Q24: 1 | W24: 0 | X24: -225116568 | Y24: =AT24 -> 1 | AA24: 63.71 | AB24: 0 | AC24: 0 | AD24: 0 | AE24: 44.55 | AF24: 0 | AG24: 0 | AH24: 0 | AI24: 1.43 | AJ24: 1 | AK24: 1 | AL24: 1 | AM24: 2 | AN24: 0 | AO24: 0 | AP24: 0 | AQ24: 1 | AR24: 0 | AT24: 1 | AV24: 0 | AW24: 2 | AX24: 73953776 | AY24: 1 | AZ24: 0 | BA24: 25 | BB24: 1 | BC24: 0 | BD24: 0 | BE24: 0 | BF24: 0 | BG24: 0 | BH24: 0 | BI24: 0 | BJ24: 44.55 | BK24: 0 | BL24: 0 | BM24: 0 | BN24: 0 | BO24: 0 | BP24: 1 | BQ24: 44.55 | BR24: 0 | BS24: 0 | BT24: 0 | BU24: 0 | BV24: 0 | BW24: 1 | CV24: 0 | CW24: 0 | CX24: =ROUND(Y24*Source!I72,7) -> 0.17 | CY24: =AA24 -> 63.71 | CZ24: =AE24 -> 44.55 | DA24: =AI24 -> 1.43 | DB24: =ROUND(ROUND(AT24*CZ24,2),6) -> 44.55 | DC24: =ROUND(ROUND(AT24*AG24,2),6) -> 0 | DF24: =ROUND(ROUND(AE24*AI24,2)*CX24,2) -> 10.83 | DG24: =ROUND(ROUND(AF24,2)*CX24,2) -> 0 | DH24: =ROUND(ROUND(AG24,2)*CX24,2) -> 0 | DI24: =ROUND(ROUND(AH24,2)*CX24,2) -> 0 | DJ24: =DF24 -> 10.83 | DK24: 0 | DM24: 0 | DO24: 0
